Workbook

Sheet Info  
A1: Finland | E1: INFO
A2: Item information profile
A3: ID | B3: Module | C3: GDSN Name | D3: Attribute name English | E3: Attribute name Finnish | F3: Format | G3: Codelist | H3: Lenght | I3: Applicability | J3: Applicable Level | K3: Consumer Unit Information | L3: Cardinality | M3: Xpath | N3: FI Repeatability on Attribute level | O3: Repeatability on Attribute group(s) level | P3: Groups | Q3: Globality Status | R3: Validation rules | S3: Dependencies | T3: Include GPC | U3: Exclude GPC | V3: Cosmetic information | W3: Packaging Unit information | X3: DW | Y3: BMS Id | Z3: GDM Food | AA3: GDM Near Food | AB3: GDM Tobacco | AC3: GDM Alcohol | AD3: Attribute name Swedish | AE3: Started | AF3: Last Changed | AG3: Last update notification
A4: Finland's own ID number. | B4: Define which module the attribute belongs to in the gdsn standard | C4: The gdd name of the attribute, this name is displayed with messages | D4: The name of the attribute that appears in the user interface | E4: Attribute name in Finnish | F4: description = free text Codelist = the given value is selected from the values in the code list. Note part of the code list is restricted so that not all values are available Numeric = the value to be given is given as integer numbers Boolean = only yes or | G4: Defines the name of the code list and acts as a hyperlink to the code list in the file | H4: Defines the maximum number of characters in the text field | I4: Defines the mandatory information at different levels of the packaging hierarchy | J4: Defines to which levels of the package hierarchy information can be given | K4: Is this information intended for consumers | L4: Defines whether the data can be repeated | M4: Defines what the xPath of the attribute is in the xml message. | N4: Defines whether the attribute can be repeated | O4: Defines whether the attribute can be repeated in the group | P4: The name of the group | Q4: Defines whether the information is always the same for all recipients or whether it can be changed | R4: Defines which validation rules apply to the attribute | S4: Defines which dependencies the attribute has through validations. | T4: Defines which of the GPC classifications apply to that attribute. Providing information varies by product group | U4: Defines through the GPC classification which product groups the attribute does not apply to. | V4: Defines whether the attribute is part of the cosmetics data model or not. | W4: Defines if the attribute is part of the information given to packages | Y4: Global ID number | Z4: Does the attribute belong to the GDM (Global Data Model) data model for food. | AA4: Does the attribute belong to the GDM (Global Data Model) data model for Near-food | AB4: Does the attribute belong to the GDM (Global Data Model) data model for tobacco. | AC4: Does the attribute belong to the GDM (Global Data Model) data model for alcohol. | AD4: Attribute name in Swedish | AE4: Define when the attribute has been added to the Finnish data model. The information is provided with an release number. | AF4: Define when the attribute was last edited in the Finnish data model. The information is provided with an release number. | AG4: Tells what changes have been made to the attribute in the Finnish data model.
F5: Description = free text Codelist = the given value is selected from the values in the code list. Note part of the code list is limited so that not all values are available. Numeric = the value to be given is given as integer numbers datetime = the given value is date and time decimal = the value to be given is decimal value, note, no decimal place is specified Boolean = only yes or no values are allowed | G5: External codelist means that there is no codelist for this in the file. The values to be used can be found, for example, in the legislation that applies to the attribute in question. | I5: M = Mandatory CM = Conditionally mandatory Optional First place is Base unit information Second place is Case unit information Third place is Pallet information | J5: All = For all levels of the package hierarchy BaseUnit = only for Base unit HigherPackageLevel = All other levels (case and pallet) of the package hierarchy except base unit NonPallet = All other levels (base and case) of the package hierarchy except pallet | L5: 0..* = The information is not mandatory and can be repeated. No limited number of repetitions. 0..1 = The information is not mandatory and can be provided once 1..* = The information is mandatory and the number of repetitions is not limited. 1..1 = The information is mandatory and can be provided once | Q5: Global = The information is the same for all target markets and recipients TargetMarketDependent = The information can be given differently to different target markets. Within the target market, the information is the same for all recipients. TradingMarketDependent = The information can be given in a different way to different recipients | R5: Validations starting with G are gdsn global validations. Validations starting with numbers are Finnish local validations. | Z5: Global = information is given in all markets Regional = information belongs to the European information model Local = information is country-specific information | AA5: Near-Food = everyday items, e.g. toothpaste, toilet paper

Sheet Attribuutit
A1: Finland | D1: Version 3.1.37
A2: Item information profile
A3: Synkka ID | B3: BMS Id | C3: Module | D3: GDSN Name | E3: Attribute name English | F3: Attribute name Finnish | G3: Format | H3: Codelist | I3: Lenght | J3: Applicability | K3: Applicable Level | L3: Consumer Unit Information | M3: Cardinality | N3: Xpath | O3: FI Repeatability on Attribute level | P3: Repeatability on Attribute group(s) level | Q3: Groups | R3: Globality Status | S3: Dependencies | T3: Include GPC | U3: Exclude GPC | V3: Cosmetic information | W3: Packaging Unit information | X3: BMS Id | Y3: GDM Food | Z3: GDM Near Food | AA3: GDM Tobacco | AB3: GDM Alcohol | AC3: Attribute name Swedish | AD3: Started | AE3: Last Changed | AF3: Changes
A4: 0 | B4: 349 | C4: AlcoholInformationModule | D4: AlcoholicBeverageSubregion | E4: Alcoholic Beverage Subregion | F4: Ala-alue | G4: Description | I4: 200 | J4: O - - | K4: BaseUnit | L4: X | M4: 0..1 | N4: alcoholInformationModule/alcoholInformation/alcoholicBeverageSubregion | O4: No | R4: TargetMarketDependent | V4: no | X4: 349 | Y4: - | AC4: Delregion | AD4: 3.1.x
A5: 2 | B5: 351 | C5: AlcoholInformationModule | D5: DegreeOfOriginalWort | E5: Degree Of Original Wort | F5: Kantavierteen aste | G5: numeric | J5: O - - | K5: BaseUnit | L5: X | M5: 0..1 | N5: alcoholInformationModule/alcoholInformation/degreeOfOriginalWort | O5: No | R5: TargetMarketDependent | V5: no | X5: 351 | Y5: - | AC5: Grad av orginal vört | AD5: 3.1.x
A6: 3 | B6: 352 | C6: AlcoholInformationModule | D6: PercentageOfAlcoholByVolume | E6: Percentage Of Alcohol By Volume | F6: Alkoholiprosentti | G6: numeric | J6: CM - - | K6: BaseUnit | L6: X | M6: 0..1 | N6: alcoholInformationModule/alcoholInformation/percentageOfAlcoholByVolume | O6: No | R6: TargetMarketDependent | S6: If the Trade Item is a Base Unit, then Percentage of Alcohol by Volume shall be used in this target market. (AddedGPCs: 50202200, RemovedGPCs: 10000142,10000143) | V6: no | X6: 352 | Y6: Global | AC6: Alkoholhalt, volymprocent | AD6: 3.1.x
A7: 4 | B7: 353 | C7: AlcoholInformationModule | D7: Vintner | E7: Vintner | F7: Viinin valmistaja | G7: Description | I7: 200 | J7: O - - | K7: BaseUnit | L7: X | M7: 0..* | N7: alcoholInformationModule/alcoholInformation/vintner | O7: Yes | R7: Global | V7: no | X7: 353 | Y7: - | AC7: Vintner | AD7: 3.1.x
A8: 20 | B8: 375 | C8: AllergenInformationModule | D8: AllergenTypeCode | E8: Allergen Type | F8: Allergeeni | G8: codelist | H8: AllergenTypeCodeList | J8: CM - - | K8: BaseUnit | L8: X | M8: 1..1 | N8: allergenInformationModule/allergenRelatedInformation/allergen/allergenTypeCode | O8: No | P8: Yes | Q8: AllergenRelatedInformation/Allergen | R8: TargetMarketDependent | S8: Must be filled if LevelOFContainment (21) has been given. | V8: yes | X8: 375 | Y8: Global | AC8: Allergentyp kod | AD8: 3.1.x | AE8: 3.1.32 | AF8: 3.1.32 Added new codes 3.1.31 Remove codes from TM FI 3.1.28 New codes added 3.1.27 Code value X99 removed 3.1.23 Code values SQ and AW removed 3.1.22 New codes added
A9: 21 | B9: 376 | C9: AllergenInformationModule | D9: LevelOfContainmentCode | E9: Level of Containment | F9: Kontaminaatioaste | G9: codelist | H9: LevelOfContainmentCode | J9: CM - - | K9: BaseUnit | L9: X | M9: 1..1 | N9: allergenInformationModule/allergenRelatedInformation/allergen/levelOfContainmentCode | O9: No | P9: Yes | Q9: AllergenRelatedInformation/Allergen | R9: TargetMarketDependent | S9: Must be filled if AllergenTypeCode (20) has been given. | V9: yes | X9: 376 | Y9: Global | AC9: Innehållsnivå kod | AD9: 3.1.x
A10: 72 | B10: 478 | C10: AudienceOrPlayerInformationModule | D10: MaximumNumberOfPlayers | E10: Maximum Number Of Players | F10: Pelaajien enimmäismäärä | G10: numeric | J10: O - - | K10: BaseUnit | L10: X | M10: 0..1 | N10: audienceOrPlayerInformationModule/audienceOrPlayerInformation/maximumNumberOfPlayers | O10: No | R10: TargetMarketDependent | V10: no | X10: 478 | Y10: - | AC10: Maximalt antal spelare | AD10: 3.1.x
A11: 74 | B11: 480 | C11: AudienceOrPlayerInformationModule | D11: MinimumNumberOfPlayers | E11: Minimum Number Of Players | F11: Pelaajien vähimmäismäärä | G11: numeric | J11: O - - | K11: BaseUnit | L11: X | M11: 0..1 | N11: audienceOrPlayerInformationModule/audienceOrPlayerInformation/minimumNumberOfPlayers | O11: No | R11: TargetMarketDependent | V11: no | X11: 480 | Y11: - | AC11: Manimum antal spelare | AD11: 3.1.x
A12: 210 | B12: 600 | C12: BatteryInformationModule | D12: AreBatteriesIncluded | E12: Are Batteries Included | F12: Paristot mukana pakkauksessa | G12: boolean | J12: CM - - | K12: BaseUnit | L12: X | M12: 0..1 | N12: batteryInformationModule/areBatteriesIncluded | O12: No | R12: TargetMarketDependent | S12: If the attribute areBatteriesRequired = TRUE, then areBatteriesIncluded must also be indicated in each iteration of the class. Battery Weight' (215) CAN ONLY be specified, WHEN 'Are Batteries Included' (210) = TRUE | V12: no | X12: 600 | Y12: - | AC12: Ingår batterier | AD12: 3.1.x
A13: 211 | B13: 601 | C13: BatteryInformationModule | D13: AreBatteriesRequired | E13: Are Batteries Required | F13: Paristokäyttöinen | G13: boolean | J13: CM - - | K13: BaseUnit | L13: X | M13: 0..1 | N13: batteryInformationModule/areBatteriesRequired | O13: No | R13: TargetMarketDependent | S13: Battery Technology Type Code' (213) CAN ONLY be speficied, WHEN 'Are Batteries Required' (211) = TRUE Battery Type' (214) CAN ONLY be specified, WHEN 'Are Batteries Required' (211) = TRUE Quantity of Batteries Required' (219) CAN ONLY be specified, WHEN 'Are Batteries Required' (211) = TRUE | V13: no | X13: 601 | Y13: - | AC13: Krävs batterier | AD13: 3.1.x
A14: 212 | B14: 612 | C14: BatteryInformationModule | D14: AreBatteriesBuiltIn | E14: Are Batteries Built In | F14: Sisäänrakennettu paristo | G14: codelist | H14: NonBinaryLogicEnumerationCodeList | J14: CM - - | K14: BaseUnit | L14: X | M14: 0..1 | N14: batteryInformationModule/batteryDetail/areBatteriesBuiltIn | O14: No | P14: Yes | Q14: BatteryDetail | R14: TargetMarketDependent | S14: For each iteration of BatteryInformationModule_BatteryDetailGroup (229) the attribute 'Are Batteries Built in' (212) must be set Quantity of Batteries Built In' (218) CAN ONLY be specified, WHEN 'Are Batteries Built In' (212) = TRUE | V14: no | X14: 612 | Y14: - | AC14: Finns inbyggda batterier | AD14: 3.1.x
A15: 213 | B15: 613 | C15: BatteryInformationModule | D15: BatteryTechnologyTypeCode | E15: Battery Technology Type Code | F15: Paristossa käytetty teknologia | G15: codelist | H15: BatteryTechnologyTypeCodeList | J15: CO - - | K15: BaseUnit | L15: X | M15: 0..* | N15: batteryInformationModule/batteryDetail/batteryTechnologyTypeCode | O15: Yes | P15: Yes | Q15: BatteryDetail | R15: TargetMarketDependent | S15: Battery Technology Type Code' (213) CAN ONLY be speficied, WHEN 'Are Batteries Required' (211) = TRUE | V15: no | X15: 613 | Y15: - | AC15: Batteriteknik kod | AD15: 3.1.x | AE15: 3.1.15 | AF15: New codes added.
A16: 214 | B16: 614 | C16: BatteryInformationModule | D16: BatteryTypeCode | E16: Battery Type Code | F16: Pariston tyyppi | G16: codelist | H16: BatteryTypeCodeList | J16: CO - - | K16: BaseUnit | L16: X | M16: 0..1 | N16: batteryInformationModule/batteryDetail/batteryTypeCode | O16: No | P16: Yes | Q16: BatteryDetail | R16: TargetMarketDependent | S16: Battery Type' (214) CAN ONLY be specified, WHEN 'Are Batteries Required' (211) = TRUE | V16: no | X16: 614 | Y16: - | AC16: Batterityp kod | AD16: 3.1.x | AE16: 3.1.36 | AF16: 3.1.36 New codes added 3.1.33 New code added 3.1.32 New codes added 3.1.26 New code added 3.1.18 New codes added.
A17: 215 | B17: 615 | C17: BatteryInformationModule | D17: BatteryWeight | E17: Battery Weight | F17: Pariston paino | G17: numeric | H17: MeasurementUnitCodeList | J17: CO - - | K17: BaseUnit | L17: X | M17: 0..1 | N17: batteryInformationModule/batteryDetail/batteryWeight | O17: No | P17: Yes | Q17: BatteryDetail | R17: TargetMarketDependent | S17: Battery Weight' (215) CAN ONLY be specified, WHEN 'Are Batteries Included' (210) = TRUE | V17: no | X17: 615 | Y17: - | AC17: Batterivikt värde | AD17: 3.1.x
A18: 218 | B18: 617 | C18: BatteryInformationModule | D18: QuantityOfBatteriesBuiltIn | E18: Quantity Of Batteries Built In | F18: Sisäänrakennettujen paristojen lukumäärä | G18: numeric | J18: O - - | K18: BaseUnit | L18: X | M18: 0..1 | N18: batteryInformationModule/batteryDetail/quantityOfBatteriesBuiltIn | O18: No | P18: Yes | Q18: BatteryDetail | R18: TargetMarketDependent | V18: no | X18: 617 | Y18: - | AC18: Antal batterier som krävs | AD18: 3.1.x
A19: 219 | B19: 618 | C19: BatteryInformationModule | D19: QuantityOfBatteriesRequired | E19: Quantity Of Batteries Required | F19: Paristojen määrä | G19: numeric | J19: CO - - | K19: BaseUnit | L19: X | M19: 0..1 | N19: batteryInformationModule/batteryDetail/quantityOfBatteriesRequired | O19: No | P19: Yes | Q19: BatteryDetail | R19: TargetMarketDependent | S19: Quantity of Batteries Required' (219) CAN ONLY be specified, WHEN 'Are Batteries Required' (211) = TRUE | V19: no | X19: 618 | Y19: - | AC19: Antal inbyggda batterier | AD19: 3.1.x
A20: 243 | B20: 665 | C20: CertificationInformationModule | D20: CertificationAgency | E20: Certification Agency | F20: Sertifioinnin myöntäjä | G20: Description | J20: CM CM CM | K20: BaseUnit | L20: X | M20: 0..1 | N20: certificationInformationModule/certificationInformation/certificationAgency | O20: No | P20: Yes | Q20: CertificationInformation | R20: TargetMarketDependent | V20: yes | X20: 665 | Y20: - | AC20: Certifieringsbyrå | AD20: 3.1.x | AE20: 3.1.31 | AF20: 3.1.31 Applicability updated. Was: CM - - 3.1.21 Fixed datatype to description
A21: 245 | B21: 667 | C21: CertificationInformationModule | D21: CertificationStandard | E21: Certification Standard | F21: Sertifioinnin kohde | G21: codelist | H21: FI_CertificationStandard | J21: CM CM CM | K21: BaseUnit | L21: X | M21: 0..1 | N21: certificationInformationModule/certificationInformation/certificationStandard | O21: No | P21: Yes | Q21: CertificationInformation | R21: TargetMarketDependent | V21: yes | X21: 667 | Y21: - | AC21: Objekt för certifiering | AD21: 3.1.x | AE21: 3.1.31 | AF21: 3.1.31 Applicability updated. Was: CM - - 3.1.29 change datatype and Finnish name, was: Sertifikaatti, added code list 3.1.21 Fixed datatype to description
A22: 253 | B22: 684 | C22: CertificationInformationModule | D22: CertificationIdentification | E22: Certification identification | F22: Sertifioinnin tunniste | G22: codelist | H22: FI_CertificationIdentification | J22: CM CM CM | K22: BaseUnit | M22: 0..1 | O22: No | P22: Yes | Q22: CertificationInformation | R22: TargetMarketDependent | V22: yes | X22: 684 | AC22: Certifieringsidentifierare | AD22: 3.1.29 | AE22: 3.1.31 | AF22: '3.1.31 Applicability updated. Was: CM - -
A23: 246 | B23: 685 | C23: CertificationInformationModule | D23: CertificationValue | E23: Certification Value | F23: Sertifikaatin tunnus (id) | G23: Description | I23: 200 | J23: O O O | K23: BaseUnit | L23: X | M23: 1..1 | N23: certificationInformationModule/certificationInformation/certification/certificationValue | O23: No | P23: Yes | Q23: CertificationInformation/Certification | R23: TargetMarketDependent | V23: yes | X23: 685 | Y23: Global | AC23: Certifieringsvärde | AD23: 3.1.x | AE23: 3.1.31 | AF23: 3.1.31 Applicability updated. Was: O - - 3.1.23 Change Finnish name. Was: Sertifioinnin arvo
A24: 352 | B24: 789 | C24: ConsumerInstructionsModule | D24: ConsumerStorageInstructions | E24: Consumer Storage Instructions | F24: Säilytysohje | G24: Description | H24: LanguageCodeList | I24: 5000 | J24: O O - | K24: NonPallet | L24: X | M24: 0..* | N24: consumerInstructionsModule/consumerInstructions/consumerStorageInstructions | O24: Yes | R24: TargetMarketDependent | V24: yes | X24: 789 | Y24: Global | AC24: Förvaringsinstruktioner för konsument | AD24: 3.1.x
A25: 356 | B25: 791 | C25: ConsumerInstructionsModule | D25: ConsumerUsageInstructions | E25: Consumer Usage Instructions | F25: Käyttöohje kuluttajalle | G25: Description | H25: LanguageCodeList | I25: 5000 | J25: O O - | K25: NonPallet | L25: X | M25: 0..* | N25: consumerInstructionsModule/consumerInstructions/consumerUsageInstructions | O25: Yes | R25: TargetMarketDependent | V25: yes | X25: 791 | Y25: Global | AC25: Användningsinstruktioner för konsument | AD25: 3.1.x
A26: 435 | B26: 879 | C26: DairyFishMeatPoultryItemModule | D26: FatInMilkContent | E26: Fat In Milk Content | F26: Maidon rasvapitoisuus prosentteina | G26: numeric | J26: O - - | K26: BaseUnit | L26: X | M26: 0..1 | N26: dairyFishMeatPoultryItemModule/dairyFishMeatPoultryInformation/fatInMilkContent | O26: No | R26: TargetMarketDependent | V26: no | X26: 879 | Y26: Local | AC26: Fett i mjölkinnehåll | AD26: 3.1.x
A27: 436 | B27: 880 | C27: DairyFishMeatPoultryItemModule | D27: IsHomogenised | E27: Is Homogenised | F27: Homogenoitu | G27: codelist | H27: NonBinaryLogicEnumerationCodeList | J27: O - - | K27: BaseUnit | L27: X | M27: 0..1 | N27: dairyFishMeatPoultryItemModule/dairyFishMeatPoultryInformation/isHomogenised | O27: No | R27: TargetMarketDependent | V27: no | X27: 880 | Y27: Local | AC27: Är homogeniserad | AD27: 3.1.x | AE27: 3.1.19 | AF27: Finnish name changed. Was Onko homogenoitu
A28: 441 | B28: 893 | C28: DairyFishMeatPoultryItemModule | D28: FatPercentageInDryMatter | E28: Fat Percentage In Dry Matter | F28: Kuiva-aineen rasvapitoisuus prosentteina | G28: numeric | J28: CM - - | K28: BaseUnit | L28: X | M28: 0..1 | N28: dairyFishMeatPoultryItemModule/dairyFishMeatPoultryInformation/cheeseInformation/fatPercentageInDryMatter | O28: No | R28: TargetMarketDependent | S28: If tradeItemUnitDescriptorCode = BASE_UNIT_OR_EACH and the chosen GPC Brick Code = 10000028 or 10000029 or 10000030, then the attribute DairyFishMeatPoultryItemModule_FatPercentageInDryMatter (441, dairyFishMeatPoultryItemModule/dairyFishMeatPoultryInformation/cheeseInformation/fatPercentageInDryMatter) must be indicated. | V28: no | X28: 893 | Y28: Local | AC28: Fettprocent i torrt material | AD28: 3.1.x
A29: 448 | B29: 902 | C29: DairyFishMeatPoultryItemModule | D29: FishMeatPoultryTypeCodeReferenceCodeReference | E29: Fish Meat Poultry Type Code | F29: Liha- tai kalapitoisuuden tyyppi | G29: Description | H29: FI_FishMeatPoultryTypeCodeReference | I29: 80 | J29: CM - - | K29: BaseUnit | L29: X | M29: 1..1 | N29: dairyFishMeatPoultryItemModule/dairyFishMeatPoultryInformation/fishMeatPoultryContent/fishMeatPoultryTypeCodeReference | O29: No | P29: Yes | Q29: FishMeatPoultryContent | R29: TargetMarketDependent | V29: no | X29: 902 | Y29: Local | AC29: Typkod av fisk, kött, fjäderfä | AD29: 3.1.x
A30: 456 | B30: 900 | C30: DairyFishMeatPoultryItemModule | D30: MinimumFishMeatPoultryContent | E30: Minimum Fish Meat Poultry Content | F30: Liha- tai kalapitoisuus vähintään | G30: numeric | H30: MeasurementUnitCodeList | J30: CM - - | K30: BaseUnit | L30: X | M30: 1..* | N30: dairyFishMeatPoultryItemModule/dairyFishMeatPoultryInformation/fishMeatPoultryContent/minimumFishMeatPoultryContent | O30: Yes | P30: Yes | Q30: FishMeatPoultryContent | R30: TargetMarketDependent | V30: no | X30: 900 | Y30: Local | AC30: Minsta fisk- eller köttinnehåll | AD30: 3.1.x
A31: 472 | B31: 933 | C31: DangerousSubstanceInformationModule | D31: DangerousSubstanceGasDensity | E31: Dangerous Substance Gas Density | F31: Vaarallisen valmisteen kaasun tiheys | G31: numeric | H31: MeasurementUnitCodeList | J31: O - - | K31: BaseUnit | L31: X | M31: 0..1 | N31: dangerousSubstanceInformationModule/dangerousSubstanceInformation/dangerousSubstanceProperties/dangerousSubstanceGasDensity | O31: No | P31: Yes | Q31: DangerousSubstanceInformation/DangerousSubstanceProperties | R31: TargetMarketDependent | S31: Dangerous Substance Gas Density' (472) CAN ONLY be specified, WHEN 'Is Dangerous Substance' (483) = TRUE | V31: yes | X31: 933 | Y31: - | AC31: Farligt ämne gasdensitet | AD31: 3.1.x
A32: 478 | B32: 935 | C32: DangerousSubstanceInformationModule | D32: DangerousSubstanceName | E32: Dangerous Substance Name | F32: Vaarallisen ainesosan nimi | G32: Description | I32: 70 | J32: O - - | K32: BaseUnit | L32: X | M32: 0..1 | N32: dangerousSubstanceInformationModule/dangerousSubstanceInformation/dangerousSubstanceProperties/dangerousSubstanceName | O32: No | P32: Yes | Q32: DangerousSubstanceInformation/DangerousSubstanceProperties | R32: TargetMarketDependent | S32: Dangerous Substance Name' (478) CAN ONLY be specifed, WHEN 'Is Dangerous Substance' (483) = TRUE | V32: yes | X32: 935 | Y32: - | AC32: Namn på farligt ämne | AD32: 3.1.x
A33: 479 | B33: 936 | C33: DangerousSubstanceInformationModule | D33: PhaseOfMatterCode | E33: Phase Of Matter Code | F33: Aineen olomuoto | G33: codelist | H33: PhaseOfMatterCodeList | J33: O - - | K33: BaseUnit | L33: X | M33: 0..1 | N33: dangerousSubstanceInformationModule/dangerousSubstanceInformation/dangerousSubstanceProperties/dangerousSubstancePhaseOfMatterCode | O33: No | P33: Yes | Q33: DangerousSubstanceInformation/DangerousSubstanceProperties | R33: TargetMarketDependent | V33: yes | X33: 936 | Y33: - | AC33: Materiens tillstånd kod | AD33: 3.1.x
A34: 480 | B34: 5831 | C34: DangerousSubstanceInformationModule | D34: DangerousSubstancesWaterSolubilityCode | E34: Dangerous Substances Water Solubility Code | F34: Vaarallisen valmisteen vesiliukoisuus | G34: codelist | H34: DangerousSubstancesWaterSolubilityCodeList | J34: O - - | K34: BaseUnit | L34: X | M34: 0..1 | N34: dangerousSubstanceInformationModule/dangerousSubstanceInformation/dangerousSubstanceProperties/dangerousSubstancesWaterSolubilityCode | O34: No | P34: Yes | Q34: DangerousSubstanceInformation/DangerousSubstanceProperties | R34: TargetMarketDependent | S34: Dangerous Substances Water Solubility Code' (480) CAN ONLY be specified, WHEN 'Is Dangerous Substance' (483) = TRUE | V34: yes | X34: 5831 | Y34: - | AC34: Farliga ämnen vattenlöslighetskod | AD34: 3.1.x
A35: 481 | B35: 938 | C35: DangerousSubstanceInformationModule | D35: FlammableSubstanceMaximumPercent | E35: Flammable Substance Maximum Percent | F35: Palavan aineen maksimimäärä prosentteina | G35: numeric | J35: CM - - | K35: BaseUnit | L35: X | M35: 0..1 | N35: dangerousSubstanceInformationModule/dangerousSubstanceInformation/dangerousSubstanceProperties/flammableSubstanceMaximumPercent | O35: No | P35: Yes | Q35: DangerousSubstanceInformation/DangerousSubstanceProperties | R35: TargetMarketDependent | S35: If 'Dangerous Substance Name' (478) is given, 'Flammable Substance Maximum Percent' (481) MUST be given | V35: yes | X35: 938 | Y35: - | AC35: Brandfarligt ämne maximal procent | AD35: 3.1.x
A36: 482 | B36: 939 | C36: DangerousSubstanceInformationModule | D36: FlammableSubstanceMinimumPercent | E36: Flammable Substance Minimum Percent | F36: Palavan aineen minimimäärä prosentteina | G36: numeric | J36: CM - - | K36: BaseUnit | L36: X | M36: 0..1 | N36: dangerousSubstanceInformationModule/dangerousSubstanceInformation/dangerousSubstanceProperties/flammableSubstanceMinimumPercent | O36: No | P36: Yes | Q36: DangerousSubstanceInformation/DangerousSubstanceProperties | R36: TargetMarketDependent | S36: If 'Dangerous Substance Name' (478) is given, 'Flammable Substance Minimum Percent' (482) MUST be given | V36: yes | X36: 939 | Y36: - | AC36: Brandfarligt ämne minimum procent | AD36: 3.1.x
A37: 483 | B37: 940 | C37: DangerousSubstanceInformationModule | D37: IsDangerousSubstance | E37: Is Dangerous Substance | F37: Vaarallinen valmiste | G37: codelist | H37: NonBinaryLogicEnumerationCodeList | J37: M - - | K37: BaseUnit | L37: X | M37: 0..1 | N37: dangerousSubstanceInformationModule/dangerousSubstanceInformation/dangerousSubstanceProperties/isDangerousSubstance | O37: No | P37: Yes | Q37: DangerousSubstanceInformation/DangerousSubstanceProperties | R37: TargetMarketDependent | S37: Mandatory attribute: 'Is Dangerous Substance' (483) is missing. | V37: yes | X37: 940 | Y37: Local | AC37: Är farligt ämne | AD37: 3.1.x | AE37: 3.1.19 | AF37: Finnish name changed. Was Onko vaarallinen valmiste
A38: 484 | B38: 941 | C38: DangerousSubstanceInformationModule | D38: IsDangerousSubstanceAMixture | E38: Is Dangerous Substance A Mixture | F38: Onko vaarallinen valmiste sekoite | G38: codelist | H38: NonBinaryLogicEnumerationCodeList | J38: O - - | K38: BaseUnit | L38: X | M38: 0..1 | N38: dangerousSubstanceInformationModule/dangerousSubstanceInformation/dangerousSubstanceProperties/isDangerousSubstanceAMixture | O38: No | P38: Yes | Q38: DangerousSubstanceInformation/DangerousSubstanceProperties | R38: TargetMarketDependent | V38: yes | X38: 941 | Y38: - | AC38: Är farligt ämne en blandning | AD38: 3.1.x
A39: 531 | B39: 986 | C39: DangerousSubstanceInformationModule | D39: DangerousHazardousLabelNumber | E39: Dangerous Hazardous Label Number | F39: VAK lipuke | G39: codelist | H39: DangerousHazardousLabelNumberCodeList | J39: CM - - | K39: BaseUnit | L39: X | M39: 1..1 | N39: dangerousSubstanceInformationModule/dangerousSubstanceInformation/dangerousSubstanceProperties/dangerousHazardousLabel/dangerousHazardousLabelNumber | O39: No | P39: Yes | Q39: DangerousSubstanceInformation/DangerousSubstanceProperties/DangerousHazardousLabel | R39: TargetMarketDependent | V39: yes | X39: 986 | Y39: Local | AC39: Varningsetikett för farligt gods | AD39: 3.1.x
A40: 532 | B40: 987 | C40: DangerousSubstanceInformationModule | D40: DangerousHazardousLabelSequenceNumber | E40: Dangerous Hazardous Label Sequence Number | F40: VAK lipukkeen järjestysnumero | G40: numeric | J40: CM - - | K40: BaseUnit | L40: X | M40: 1..1 | N40: dangerousSubstanceInformationModule/dangerousSubstanceInformation/dangerousSubstanceProperties/dangerousHazardousLabel/dangerousHazardousLabelSequenceNumber | O40: No | P40: Yes | Q40: DangerousSubstanceInformation/DangerousSubstanceProperties/DangerousHazardousLabel | R40: TargetMarketDependent | V40: yes | X40: 987 | Y40: Local | AC40: Sekvensnummer för varningsetikett | AD40: 3.1.x
A41: 560 | B41: 1002 | C41: DeliveryPurchasingInformationModule | D41: EndAvailabilityDateTime | E41: End Availability Date Time | F41: Saatavuus päättyy | G41: datetime | J41: O O O | K41: All | M41: 0..1 | N41: deliveryPurchasingInformationModule/deliveryPurchasingInformation/endAvailabilityDateTime | O41: No | R41: TradingPartnerDependent | V41: yes | X41: 1002 | Y41: Global | AC41: Sista tillgänglighetstidpunkt | AD41: 3.1.x
A42: 584 | B42: 1025 | C42: DeliveryPurchasingInformationModule | D42: StartAvailabilityDateTime | E42: Start Availability Date Time | F42: Saatavuus alkaa | G42: datetime | J42: CM CM CM | K42: All | M42: 0..1 | N42: deliveryPurchasingInformationModule/deliveryPurchasingInformation/startAvailabilityDateTime | O42: No | R42: TradingPartnerDependent | S42: The startAvailabilityDateTime must be populated for the trade item. (GPC:s: All GPC categories which are used in TarketMarket Finland.) | V42: yes | X42: 1025 | Y42: Global | AC42: Tillgänglighetstidpunkt | AD42: 3.1.x
A43: 625 | B43: 1066 | C43: DietInformationModule | D43: DietTypeCode | E43: Diet Type Code | F43: Ruokavaliotieto | G43: codelist | H43: DietTypeCodeList | J43: CM - - | K43: BaseUnit | L43: X | M43: 1..1 | N43: dietInformationModule/dietInformation/dietTypeInformation/dietTypeCode | O43: No | P43: Yes | Q43: DietTypeInformation | R43: TargetMarketDependent | V43: no | X43: 1066 | Y43: Global | AC43: Diettyp kod | AD43: 3.1.x | AE43: 3.1.36 | AF43: 3.1.36 New code added, not used in TM FI 3.1.31 New code added 3.1.29 New code added 3.1.21 New code and code changes
A44: 713 | B44: 1146 | C44: DutyFeeTaxInformationModule | D44: DutyFeeTaxAgencyCode | E44: Duty Fee Tax Agency Code | F44: Veroluokittelun ylläpitäjä | G44: codelist | H44: ResponsibleAgencyCodeList | J44: M - - | K44: BaseUnit | L44: X | M44: 0..1 | N44: dutyFeeTaxInformationModule/dutyFeeTaxInformation/dutyFeeTaxAgencyCode | O44: No | P44: Yes | Q44: DutyFeeTaxInformation | R44: TargetMarketDependent | V44: yes | X44: 1146 | Y44: Local | AC44: Skattemyndighet kod | AD44: 3.1.x
A45: 716 | B45: 1152 | C45: DutyFeeTaxInformationModule | D45: DutyFeeTaxTypeCode | E45: Duty Fee Tax Type Code | F45: Veron tyyppi | G45: codelist | H45: FI_LocalTaxTypeCode | J45: M - - | K45: BaseUnit | L45: X | M45: 1..1 | N45: dutyFeeTaxInformationModule/dutyFeeTaxInformation/dutyFeeTaxTypeCode | O45: No | P45: Yes | Q45: DutyFeeTaxInformation | R45: TargetMarketDependent | V45: yes | X45: 1152 | Y45: Regional | AC45: Skattetyp kod | AD45: 3.1.x | AE45: 3.1.34 | AF45: 3.1.34 Additional release. New codes 3.1.29.2 added codes 342 and 343, removed code 345 '3.1.18 Changed 311 and 312 definitions
A46: 729 | B46: 1175 | C46: DutyFeeTaxInformationModule | D46: DutyFeeTaxCategoryCode | E46: Duty Fee Tax Category Code | F46: Arvonlisävero | G46: codelist | H46: TaxCategoryCode | J46: M - - | K46: BaseUnit | L46: X | M46: 0..1 | N46: dutyFeeTaxInformationModule/dutyFeeTaxInformation/dutyFeeTax/dutyFeeTaxCategoryCode | O46: No | P46: Yes | Q46: DutyFeeTaxInformation/dutyFeeTax | R46: TargetMarketDependent | V46: no | X46: 1175 | Y46: Regional | AC46: MOMS | AD46: 3.1.x
A47: 792 | B47: 1233 | C47: FarmingAndProcessingInformationModule | D47: RawMaterialUsedInPreparationWeight | E47: Raw Material Used In Preparation Weight | F47: Raaka-aineen määrä valmistuksessa | G47: numeric | H47: MeasurementUnitCodeList | J47: O - - | K47: BaseUnit | L47: X | M47: 0..1 | N47: farmingAndProcessingInformationModule/rawMaterialUsedInPreparationWeight | O47: No | R47: TargetMarketDependent | V47: no | X47: 1233 | Y47: Local | AC47: Råmaterial som används vid beredning, vikt | AD47: 3.1.x
A48: 798 | B48: 1248 | C48: FarmingAndProcessingInformationModule | D48: OrganicTradeItemCode | E48: Organic Trade Item Code | F48: Luomutuotteen tyyppi | G48: codelist | H48: OrganicTradeItemCodeList | J48: O - - | K48: BaseUnit | L48: X | M48: 0..1 | N48: farmingAndProcessingInformationModule/tradeItemOrganicInformation/organicClaim/organicTradeItemCode | O48: No | P48: Yes | Q48: OrganicClaim | R48: TargetMarketDependent | V48: yes | X48: 1248 | Y48: Global | AC48: Ekologisk produkt kod | AD48: 3.1.x | AE48: 3.1.29 | AF48: 3.1.29 Restricted values from TM FI
A49: 804 | B49: 1262 | C49: FarmingAndProcessingInformationModule | D49: PreservationTechniqueCode | E49: Preservation Technique Code | F49: Säilöntätapa | G49: codelist | H49: PreservationTechniqueTypeCodeList | J49: O - - | K49: BaseUnit | L49: X | M49: 0..* | N49: farmingAndProcessingInformationModule/tradeItemFarmingAndProcessing/preservationTechniqueCode | O49: Yes | R49: TargetMarketDependent | V49: no | X49: 1262 | Y49: Local | AC49: Beredningsform kod | AD49: 3.1.x | AE49: 3.1.32 | AF49: 3.1.32 New codes added (not in use in TM FI) 3.1.22 New codes added 3.1.21 Code name changed
A50: 816 | B50: 1268 | C50: FoodAndBeverageIngredientModule | D50: IngredientStatement | E50: Ingredient Statement | F50: Ainesosalista | G50: Description | H50: LanguageCodeList | I50: 5000 | J50: O - - | K50: BaseUnit | L50: X | M50: 0..* | N50: foodAndBeverageIngredientModule/ingredientStatement | O50: Yes | R50: TargetMarketDependent | V50: no | X50: 1268 | Y50: Global | AC50: Ingrediensförteckning | AD50: 3.1.x
A51: 820 | B51: 1270 | C51: FoodAndBeverageIngredientModule | D51: JuiceContentPercent | E51: Juice Content Percent | F51: Mehupitoisuus | G51: numeric | J51: O - - | K51: BaseUnit | L51: X | M51: 0..1 | N51: foodAndBeverageIngredientModule/juiceContentPercent | O51: No | R51: TargetMarketDependent | V51: no | X51: 1270 | Y51: Local | AC51: Procent av juiceinnehåll | AD51: 3.1.x
A52: 821 | B52: 1272 | C52: FoodAndBeverageIngredientModule | D52: AdditiveName | E52: Additive Name | F52: Lisäaineen nimi / E-numero | G52: Description | H52: FI_AdditiveName | I52: 200 | J52: O - - | K52: BaseUnit | L52: X | M52: 1..1 | N52: foodAndBeverageIngredientModule/additiveInformation/additiveName | O52: No | P52: Yes | Q52: AdditiveInformation | R52: TargetMarketDependent | V52: no | X52: 1272 | Y52: Local | AC52: Tillsatsnamn / e-kod | AD52: 3.1.x | AE52: 3.1.37 | AF52: ‘3.1.37 New code added in TM FI 3.1.35 Added new code 3.1.27 update code e960c to E960c 3.1.26 New codes added 3.1.21 New codes added
A53: 822 | B53: 1273 | C53: FoodAndBeverageIngredientModule | D53: LevelOfContainmentCode | E53: Level Of Containment Code Type | F53: Kontaminaatioaste | G53: codelist | H53: LevelOfContainmentCode | J53: CM - - | K53: BaseUnit | L53: X | M53: 1..1 | N53: foodAndBeverageIngredientModule/additiveInformation/levelOfContainmentCode | O53: No | P53: Yes | Q53: AdditiveInformation | R53: TargetMarketDependent | S53: IF 'Additive Name' (821) and/or IF 'Additive Name/E-numbers' (821) is given, 'Additive Level Of Containment Code' (822) MUST be = CONTAINS | V53: no | X53: 1273 | Y53: Local | AC53: Innehållsnivå kod | AD53: 3.1.x
A54: 824 | B54: 1288 | C54: FoodAndBeverageIngredientModule | D54: IngredientSequence | E54: Ingredient Sequence | F54: Ainesosan järjestysnumero | G54: Description | I54: 35 | J54: O - - | K54: BaseUnit | L54: X | M54: 0..1 | N54: foodAndBeverageIngredientModule/foodAndBeverageIngredient/ingredientSequence | O54: No | P54: Yes | Q54: FoodAndBeverageIngredient | R54: TargetMarketDependent | V54: no | X54: 1288 | Y54: Global | AC54: Ingredienssekvens | AD54: 3.1.x
A55: 826 | B55: 1284 | C55: FoodAndBeverageIngredientModule | D55: IngredientContentPercentage | E55: Ingredient Content Percentage | F55: Ainesosan määrä prosenteissa | G55: numeric | J55: O - - | K55: BaseUnit | L55: X | M55: 0..1 | N55: foodAndBeverageIngredientModule/foodAndBeverageIngredient/ingredientContentPercentage | O55: No | P55: Yes | Q55: FoodAndBeverageIngredient | R55: TargetMarketDependent | V55: no | X55: 1284 | Y55: Local | AC55: Ingrediens innehåll procent | AD55: 3.1.x
A56: 827 | B56: 1285 | C56: FoodAndBeverageIngredientModule | D56: IngredientName | E56: Ingredient Name | F56: Ainesosan nimi | G56: Description | H56: LanguageCodeList | I56: 70 | J56: CM - - | K56: BaseUnit | L56: X | M56: 0..* | N56: foodAndBeverageIngredientModule/foodAndBeverageIngredient/ingredientName | O56: Yes | P56: Yes | Q56: FoodAndBeverageIngredient | R56: TargetMarketDependent | S56: If any attribute in the FoodAndBeverageIngredient Class except for grapeVarietyCode is not empty, then ingredientName must not be empty. | V56: no | X56: 1285 | Y56: Local | AC56: Ingrediens namn | AD56: 3.1.x
A57: 836 | B57: 1312 | C57: FoodAndBeverageIngredientModule | D57: PreservationTechniqueTypeCode | E57: Preservation Technique Code | F57: Ainesosan säilöntätapa | G57: codelist | H57: PreservationTechniqueTypeCodeList | J57: O - - | K57: BaseUnit | L57: X | M57: 0..* | N57: foodAndBeverageIngredientModule/foodAndBeverageIngredient/ingredientFarmingProcessing/preservationTechniqueCode | O57: Yes | P57: Yes | Q57: FoodAndBeverageIngredient | R57: TargetMarketDependent | V57: no | X57: 1312 | Y57: Local | AC57: Beredningsform kod | AD57: 3.1.x | AE57: 3.1.32 | AF57: 3.1.32 New codes added (not in use in TM FI) 3.1.22 New codes added 3.1.21 Code name changed
A58: 863 | B58: 256 | C58: FoodAndBeverageIngredientModule | D58: ProductActivityTypeCode | E58: Product Activity Type Code | F58: Tuotantovaihe | G58: codelist | H58: ProductActivityTypeCodeList | J58: CM - - | K58: BaseUnit | L58: X | M58: 1..1 | N58: foodAndBeverageIngredientModule/foodAndBeverageIngredient/ingredientPlaceOfActivity/productActivityDetails/productActivityTypeCode | O58: No | P58: Yes | Q58: FoodAndBeverageIngredient/IngredientPlaceOfActivity/IngredientPlaceOfActivityProductActivityDetails | R58: TargetMarketDependent | V58: no | X58: 256 | Y58: Local | AC58: Typ av artikelaktivitet kod | AD58: 3.1.x | AE58: 3.1.25 | AF58: 3.1.25 New code added '3.1.23. One new code. Changed Finnish code names. Added restrictions
A59: 868 | B59: 1340 | C59: FoodAndBeverageIngredientModule | D59: ProductActivityDetailsCountryOfOrigin | E59: Product Activity Details Country Of Origin | F59: Ainesosan alkuperämaa | G59: codelist | H59: CountryCodeList | J59: O - - | K59: BaseUnit | L59: X | M59: 1..1 | N59: foodAndBeverageIngredientModule/foodAndBeverageIngredient/ingredientPlaceOfActivity/productActivityDetails/countryOfActivity/countryCode | O59: No | P59: Yes | Q59: FoodAndBeverageIngredient/IngredientPlaceOfActivity/IngredientPlaceOfActivityProductActivityDetails/IngredientPlaceOfActivityProductActivityDetailsCountryOfActivity | R59: TargetMarketDependent | V59: no | X59: 1340 | Y59: Local | AC59: Ursprungsland | AD59: 3.1.x | AE59: 3.1.37 | AF59: 3.1.37 Added new code in CountryCodeList, not in use in TM FI 3.1.35 Added new code in CountryCodeList
A60: 924 | B60: 1364 | C60: FoodAndBeveragePreparationServingModule | D60: NumberOfServingsPerPackage | E60: Number Of Servings Per Package | F60: Annosten määrä pakkauksessa | G60: numeric | J60: O - - | K60: BaseUnit | L60: X | M60: 0..1 | N60: foodAndBeveragePreparationServingModule/servingQuantityInformation/numberOfServingsPerPackage | O60: No | R60: TargetMarketDependent | V60: no | X60: 1364 | Y60: Global | AC60: Antal portioner | AD60: 3.1.x
A61: 925 | B61: 1365 | C61: FoodAndBeveragePreparationServingModule | D61: NumberOfServingsPerPackageMeasurementPrecisionCode | E61: Number Of Servings Per Package Measurement Precision Code | F61: Annosten lukumäärä pakkauksessa mittaustarkkuus | G61: codelist | H61: MeasurementPrecisionCodeList | J61: O - - | K61: BaseUnit | L61: X | M61: 0..1 | N61: foodAndBeveragePreparationServingModule/servingQuantityInformation/numberOfServingsPerPackageMeasurementPrecisionCode | O61: No | R61: TargetMarketDependent | V61: no | X61: 1365 | Y61: Global | AC61: Antal portionar måttprecision kod | AD61: 3.1.x | AE61: 3.1.31 | AF61: 3.1.31. New code added, not in use in TM FI
A62: 928 | B62: 1371 | C62: FoodAndBeveragePreparationServingModule | D62: MaximumOptimumConsumptionTemperature | E62: Maximum Optimum Consumption Temperature | F62: Ylin optimaalinen käyttölämpötila | G62: numeric | H62: TemperatureMeasurementUnitCodeList | J62: O - - | K62: BaseUnit | L62: X | M62: 0..* | N62: foodAndBeveragePreparationServingModule/preparationServing/maximumOptimumConsumptionTemperature | O62: Yes | P62: Yes | Q62: PreparationServing | R62: TargetMarketDependent | V62: no | X62: 1371 | Y62: Local | AC62: Högsta optimala förtäringstemperatur | AD62: 3.1.x
A63: 932 | B63: 1373 | C63: FoodAndBeveragePreparationServingModule | D63: MinimumOptimumConsumptionTemperature | E63: Minimum Optimum Consumption Temperature | F63: Alin optimaalinen käyttölämpötila | G63: numeric | H63: TemperatureMeasurementUnitCodeList | J63: O - - | K63: BaseUnit | L63: X | M63: 0..* | N63: foodAndBeveragePreparationServingModule/preparationServing/minimumOptimumConsumptionTemperature | O63: Yes | P63: Yes | Q63: PreparationServing | R63: TargetMarketDependent | V63: no | X63: 1373 | Y63: Local | AC63: Lägsta optimala förtäringstemperatur | AD63: 3.1.x
A64: 940 | B64: 1377 | C64: FoodAndBeveragePreparationServingModule | D64: PreparationInstructions | E64: Preparation Instructions | F64: Valmistusohje | G64: Description | H64: LanguageCodeList | I64: 2500 | J64: O - - | K64: BaseUnit | L64: X | M64: 0..* | N64: foodAndBeveragePreparationServingModule/preparationServing/preparationInstructions | O64: Yes | P64: Yes | Q64: PreparationServing | R64: TargetMarketDependent | V64: no | X64: 1377 | Y64: Global | AC64: Tillagningsanvisning | AD64: 3.1.x
A65: 945 | B65: 1380 | C65: FoodAndBeveragePreparationServingModule | D65: ServingSuggestion | E65: Serving Suggestion | F65: Tarjoiluehdotukset | G65: Description | H65: LanguageCodeList | I65: 1000 | J65: O - - | K65: BaseUnit | L65: X | M65: 0..* | N65: foodAndBeveragePreparationServingModule/preparationServing/servingSuggestion | O65: Yes | P65: Yes | Q65: PreparationServing | R65: TargetMarketDependent | V65: no | X65: 1380 | Y65: Global | AC65: Serveringsförslag | AD65: 3.1.x
A66: 949 | B66: 1383 | C66: FoodAndBeveragePreparationServingModule | D66: ProductYield | E66: Product Yield | F66: Valmista tuotetta | G66: numeric | H66: MeasurementUnitCodeList | J66: O - - | K66: BaseUnit | L66: X | M66: 0..1 | N66: foodAndBeveragePreparationServingModule/preparationServing/productYieldInformation/productYield | O66: No | P66: Yes | Q66: PreparationServing/ProductYieldInformation | R66: TargetMarketDependent | V66: no | X66: 1383 | Y66: Local | AC66: Produktavkastning | AD66: 3.1.x
A67: 952 | B67: 1386 | C67: FoodAndBeveragePreparationServingModule | D67: ProductYieldTypeCode | E67: Product Yield Type Code | F67: Valmiin tuotteen tyyppi | G67: codelist | H67: ProductYieldTypeCodeList | J67: CM - - | K67: BaseUnit | L67: X | M67: 0..1 | N67: foodAndBeveragePreparationServingModule/preparationServing/productYieldInformation/productYieldTypeCode | O67: No | P67: Yes | Q67: PreparationServing/ProductYieldInformation | R67: TargetMarketDependent | S67: If ProductYieldInformation/productYield is not empty then ProductYieldInformation/productYieldTypeCode must not be empty. | V67: no | X67: 1386 | Y67: Local | AC67: Kod för slutlig produktmängd | AD67: 3.1.x
A68: 953 | B68: 1385 | C68: FoodAndBeveragePreparationServingModule | D68: ProductYieldVariationPercentage | E68: Product Yield Variation Percentage | F68: Valmiin tuotteen vaihteluväli prosentteina | G68: numeric | J68: O - - | K68: BaseUnit | L68: X | M68: 0..1 | N68: foodAndBeveragePreparationServingModule/preparationServing/productYieldInformation/productYieldVariationPercentage | O68: No | P68: Yes | Q68: PreparationServing/ProductYieldInformation | R68: TargetMarketDependent | V68: no | X68: 1385 | Y68: Local | AC68: Procent för intervall för slutlig produktmängd | AD68: 3.1.x
A69: 1017 | B69: 1457 | C69: HealthRelatedInformationModule | D69: CompulsoryAdditiveLabelInformation | E69: Compulsory Additive Label Information | F69: Pakolliset lisähuomautukset kuluttajalle | G69: Description | H69: LanguageCodeList | I69: 5000 | J69: O - - | K69: BaseUnit | L69: X | M69: 0..* | N69: healthRelatedInformationModule/healthRelatedInformation/compulsoryAdditiveLabelInformation | O69: Yes | R69: TargetMarketDependent | V69: yes | X69: 1457 | Y69: Global | AC69: Obligatorisk tilläggsetikettinformation | AD69: 3.1.x | AE69: 3.1.15 | AF69: Change datatype from Description 1000 to Description5000
A70: 1057 | B70: 1506 | C70: MarketingInformationModule | D70: GradeCodeReferenceCodeReference | E70: Grade Code Reference Code Reference | F70: Laatuluokittelu | G70: codelist | H70: GradeCodeReferenceCodeReference | J70: CM - - | K70: BaseUnit | L70: X | M70: 0..1 | N70: marketingInformationModule/marketingInformation/gradeCodeReference | O70: No | P70: Yes | Q70: GradeCodeReference | R70: TargetMarketDependent | S70: If 'Grade Code Reference [Eggs Quality class]' (1057) = A, 'Grade Code Reference [ Eggs Weight Class]' (1061) MUST be given 'Grade Code Reference [Eggs Quality Class]' (1057) MUST be given because of the choosen GPC Brick (10006210,10006211) | V70: no | X70: 1506 | Y70: Global | AC70: Kvalitetsklassificering | AD70: 3.1.x
A71: 1059 | B71: 1508 | C71: MarketingInformationModule | D71: GradeCodeReferenceCodeListAgencyCode | E71: Grade Code Reference Code List Agency Code | F71: Laatuluokittelun ylläpitäjä | G71: codelist | H71: FI_GradeCodeReferenceCodeListAgencyCode | J71: O - - | K71: BaseUnit | L71: X | M71: 0..1 | N71: marketingInformationModule/marketingInformation/gradeCodeReference/@codeListAgencyCode | O71: No | P71: Yes | Q71: GradeCodeReference | R71: TargetMarketDependent | V71: no | X71: 1508 | Y71: Local | AC71: Kvalitetsklassificeringsadministratör | AD71: 3.1.x
A72: 1062 | B72: 1511 | C72: MarketingInformationModule | D72: GradeCodeReferenceCodeListName | E72: Grade Code Reference Code List Name | F72: Laatuluokittelun nimi | G72: codelist | H72: FI_GradeCodeReferenceCodeListName | J72: O - - | K72: BaseUnit | L72: X | M72: 0..1 | N72: marketingInformationModule/marketingInformation/gradeCodeReference/@codeListName | O72: No | P72: Yes | Q72: GradeCodeReference | R72: TargetMarketDependent | V72: no | X72: 1511 | Y72: Local | AC72: Namnet på kvalitetsklassificeringen | AD72: 3.1.x
A73: 1071 | B73: 1514 | C73: MarketingInformationModule | D73: TradeItemFeatureCodeReferenceCodeReference | E73: Trade Item Feature Code Reference Code Reference | F73: Tuotteen toiminto | G73: codelist | H73: FeatureCodeList | J73: O - - | K73: BaseUnit | L73: X | M73: 0..* | N73: marketingInformationModule/marketingInformation/tradeItemFeatureCodeReference | O73: Yes | P73: Yes | Q73: TradeItemFeatureCodeReference | R73: Global | V73: yes | X73: 1514 | Y73: - | AC73: Produktfunktion kod | AD73: 3.1.x | AE73: 3.1.33 | AF73: 3.1.33 New code added 3.1.31 New code added, not used in TM FI 3.1.28 New code added, not used in TM FI 3.1.22 New codes added, not used in TM FI 3.1.17 New codes to the codelist (not used in TM FI)
A74: 1080 | B74: 1496 | C74: MarketingInformationModule | D74: TradeItemIncludedAccessories | E74: Trade Item Included Accessories | F74: Tuotteeseen sisältyvät lisäosat | G74: Description | H74: LanguageCodeList | I74: 1000 | J74: O - - | K74: BaseUnit | L74: X | M74: 0..* | N74: marketingInformationModule/marketingInformation/tradeItemIncludedAccessories | O74: Yes | R74: TargetMarketDependent | V74: yes | X74: 1496 | Y74: - | AC74: Tillbehör för varor ingår | AD74: 3.1.x
A75: 1083 | B75: 1498 | C75: MarketingInformationModule | D75: TradeItemMarketingMessage | E75: Trade Item Marketing Message | F75: Markkinointiteksti | G75: Description | H75: LanguageCodeList | I75: 4000 | J75: O O- | K75: NonPallet | L75: X | M75: 0..* | N75: marketingInformationModule/marketingInformation/tradeItemMarketingMessage | O75: Yes | P75: Yes | Q75: Season | R75: TargetMarketDependent | V75: yes | X75: 1498 | Y75: Global | AC75: Marknadsföringstekst | AD75: 3.1.x
A76: 1095 | B76: 1550 | C76: MarketingInformationModule | D76: IsTradeItemSeasonal | E76: Is Trade Item Seasonal | F76: Kausituote | G76: codelist | H76: NonBinaryLogicEnumerationCodeList | J76: O O O | K76: All | L76: X | M76: 0..1 | N76: marketingInformationModule/marketingInformation/season/isTradeItemSeasonal | O76: No | P76: Yes | Q76: Season | R76: TargetMarketDependent | V76: no | X76: 1550 | Y76: Regional | AC76: Är artikeln en säsongsvara | AD76: 3.1.x | AE76: 3.1.21 | AF76: Applicability changes. Was 0 - -
A77: 1103 | B77: 1556 | C77: MarketingInformationModule | D77: SeasonParameterCode | E77: Season Parameter Code | F77: Sesonki | G77: codelist | H77: SeasonParameterCodeList | J77: O - - | K77: BaseUnit | L77: X | M77: 0..* | N77: marketingInformationModule/marketingInformation/season/seasonParameterCode | O77: Yes | R77: TargetMarketDependent | V77: no | X77: 1556 | Y77: Local | AC77: Säsong kod | AD77: 3.1.x
A78: 1105 | B78: 1558 | C78: MarketingInformationModule | D78: TargetConsumerAge | E78: Target Consumer Age | F78: Suositusikä | G78: Description | H78: LanguageCodeList | I78: 500 | J78: O - - | K78: BaseUnit | L78: X | M78: 0..* | N78: marketingInformationModule/marketingInformation/targetConsumer/targetConsumerAge | O78: Yes | R78: TargetMarketDependent | V78: yes | X78: 1558 | Y78: Global | AC78: Rekommenderas för | AD78: 3.1.x | AE78: 3.1.15 | AF78: Description70 to Description500
A79: 1108 | B79: 1560 | C79: MarketingInformationModule | D79: TargetConsumerGenderCode | E79: Target Consumer Gender Code | F79: Kohderyhmä | G79: codelist | H79: TargetConsumerGenderCodeList | J79: O - - | K79: BaseUnit | L79: X | M79: 0..1 | N79: marketingInformationModule/marketingInformation/targetConsumer/targetConsumerGender | O79: No | R79: TargetMarketDependent | V79: yes | X79: 1560 | Y79: - | AC79: Målgrupp | AD79: 3.1.x
A80: 5314 | B80: 1682 | C80: ProductInformationModule | D80: ClaimDescirption | E80: Claim Description | F80: Väiteteksti | G80: Description | H80: LanguageCodeList | I80: 5000 | J80: O - - | K80: BaseUnit | L80: X | M80: 0..* | N80: productInformationModule/productInformationDetail/claimDescription | O80: Yes | R80: TargetMarketDependent | V80: no | X80: 1682 | Y80: Global | AC80: Näringspåstående | AD80: 3.1.x | AE80: 3.1.23 | AF80: '3.1.23 Module name, attribute name, id and xPath changed
A81: 5317 | B81: 1710 | C81: ProductInformationModule | D81: ClaimTypeCode | E81: Claim Type Code | F81: Väitteen ominaisuus | G81: codelist | H81: ClaimTypeCodeList | J81: CM - - | K81: BaseUnit | L81: X | M81: 0..1 | N81: productInformationModule/productInformationDetail/claimDetail/claimTypeCode | O81: No | P81: Yes | Q81: NutritionalClaimDetail | R81: TargetMarketDependent | S81: If nutritionalClaimNutrientElementCode is not empty then nutritionalClaimTypeCode must not be empty. | V81: yes | X81: 1710 | Y81: Global | AC81: Näringspåstående typ | AD81: 3.1.x | AE81: 3.1.33 | AF81: 3.1.33 New code added (not used in TM FI) 3.1.32 New codes added 3.1.31 New codes added (not used in TM FI) '3.1.29 New codes added 3.1.26 New codes added 3.1.23 Module name, attribute name, id and xPath changed 3.1.22 New codes added 3.1.21 New codes added
A82: 5318 | B82: 1709 | C82: ProductInformationModule | D82: ClaimElementCode | E82: Claim Element Code | F82: Väitteen aines | G82: codelist | H82: ClaimElementCodeList | J82: CM - - | K82: BaseUnit | L82: X | M82: 0..1 | N82: productInformationModule/productInformationDetail/claimDetail/claimElementCode | O82: No | P82: Yes | Q82: NutritionalClaimDetail | R82: TargetMarketDependent | V82: yes | X82: 1709 | Y82: Global | AC82: Näringspåstående näringsämne | AD82: 3.1.x | AE82: 3.1.36 | AF82: 3.1.36 New code added 3.1.33 New codes added 3.1.32 New codes added 3.1.31 New codes added 3.1.27 New codes added 3.1.26 New codes added 3.1.25 New codes added 3.1.23 Module name, attribute name, id and xPath changed 3.1.22 New codes added 3.1.21 New codes added
A83: 1225 | B83: 1717 | C83: NutritionalInformationModule | D83: PreparationStateCode | E83: Preparation State Code | F83: Tuotteen tila | G83: codelist | H83: PreparationTypeCodeList/PreparationState | J83: O - - | K83: BaseUnit | L83: X | M83: 1..1 | N83: nutritionalInformationModule/nutrientHeader/preparationStateCode | O83: No | P83: Yes | Q83: NutrientHeader | R83: TargetMarketDependent | V83: no | X83: 1717 | Y83: Global | AC83: Tillagningsstatus kod | AD83: 3.1.x | AE83: 3.1.27 | AF83: 3.1.27 Finnish name changes
A84: 1231 | B84: 1714 | C84: NutritionalInformationModule | D84: NutrientBasisQuantity | E84: Nutrient Basis Quantity | F84: Ravintoarvoilmoituksen peruste | G84: numeric | H84: MeasurementUnitCodeList | J84: O - - | K84: BaseUnit | L84: X | M84: 0..1 | N84: nutritionalInformationModule/nutrientHeader/nutrientBasisQuantity | O84: No | P84: Yes | Q84: NutrientHeader | R84: TargetMarketDependent | V84: no | X84: 1714 | Y84: Regional | AC84: Basmängd för näringsdeklaration värde | AD84: 3.1.x
A85: 1241 | B85: 1733 | C85: NutritionalInformationModule | D85: NutrientTypeCode | E85: Nutrient Type Code | F85: Ravintotekijä | G85: codelist | H85: NutrientTypeCodeList | J85: CM - - | K85: BaseUnit | L85: X | M85: 1..1 | N85: nutritionalInformationModule/nutrientHeader/nutrientDetail/nutrientTypeCode | O85: No | P85: Yes | Q85: NutrientHeader/NutrientDetail | R85: TargetMarketDependent | S85: Quantity Contained' (1244), and 'nutrientTypeCode' (1241) = "G_NICT" could be require IF 'GPC Category Code' (3122) = "10000185", AND IF Trade Item Unit Descriptor Code (3074) = "BASE_UNIT_OR_EACH" | V85: no | X85: 1733 | Y85: Global | AC85: Näringsämne kod | AD85: 3.1.x | AE85: 3.1.37 | AF85: 3.1.37 New codes added, not used in TM FI 3.1.36 New codes added, not used in TM FI 3.1.35 New codes added in TM FI 3.1.32 New codes added 3.1.29 Added new codes in TM FI 3.1.28 New code added 3.1.27 Changed used code values (VITC-, VITE- VITD-) 3.1.26 New codes added not used in TM FI '3.1.25 New code to the codelist (not used in TM FI) and code names changes '3.1.24 New codes added and new value added in TM FI '3.1.22 New codes added not used in TM FI 3.1.20 New codes to the codelist (not used in TM FI)
A86: 1242 | B86: 1731 | C86: NutritionalInformationModule | D86: DailyValueIntakePercent | E86: Daily Value Intake Percent | F86: Saannin vertailuarvo | G86: numeric | J86: CM - - | K86: BaseUnit | L86: X | M86: 0..1 | N86: nutritionalInformationModule/nutrientHeader/nutrientDetail/dailyValueIntakePercent | O86: No | P86: Yes | Q86: NutrientHeader/NutrientDetail | R86: TargetMarketDependent | S86: quantityContained and/or dailyValueIntakePercent is(are) missing. They are used together, i.e. if nutrientTypeCode is used, one or both of the others shall be used. | V86: no | X86: 1731 | Y86: Global | AC86: Dagligt värde intag procent | AD86: 3.1.x
A87: 1243 | B87: 1732 | C87: NutritionalInformationModule | D87: MeasurementPrecisionCode | E87: Measurement Precision Code | F87: Mittaustarkkuus | G87: codelist | H87: MeasurementPrecisionCodeList | J87: CM - - | K87: BaseUnit | L87: X | M87: 0..1 | N87: nutritionalInformationModule/nutrientHeader/nutrientDetail/measurementPrecisionCode | O87: No | P87: Yes | Q87: NutrientHeader/NutrientDetail | R87: TargetMarketDependent | S87: For every instance of nutrientDetail group, if there is any quantitycontained attribute set, the measurementPrecisionCode must be filled in. | V87: no | X87: 1732 | Y87: Global | AC87: Måttprecision kod | AD87: 3.1.x | AE87: 3.1.31 | AF87: 3.1.31. New code added, not in use in TM FI
A88: 1244 | B88: 1734 | C88: NutritionalInformationModule | D88: QuantityContained | E88: Quantity Contained | F88: Määrä | G88: numeric | H88: MeasurementUnitCodeList | J88: CM - - | K88: BaseUnit | L88: X | M88: 0..* | N88: nutritionalInformationModule/nutrientHeader/nutrientDetail/quantityContained | O88: Yes | P88: Yes | Q88: NutrientHeader/NutrientDetail | R88: TargetMarketDependent | S88: quantityContained and/or dailyValueIntakePercent is(are) missing. They are used together, i.e. if nutrientTypeCode is used, one or both of the others shall be used. Quantity Contained' (1244), and 'nutrientTypeCode' (1241) = "G_NICT" could be require IF 'GPC Category Code' (3122) = "10000185", AND IF Trade Item Unit Descriptor Code (3074) = "BASE_UNIT_OR_EACH" | V88: no | X88: 1734 | Y88: Global | AC88: Näringsämnesmängd värde | AD88: 3.1.x
A89: 1708 | B89: 2167 | C89: PackagingInformationModule | D89: PackagingFunctionCode | E89: Packaging Function Code | F89: Pakkauksen ominaisuus | G89: codelist | H89: PackagingFunctionCodeList | J89: O O O | K89: All | M89: 0..* | N89: packagingInformationModule/packaging/packagingFunctionCode | O89: Yes | P89: Yes | Q89: Packaging | R89: TargetMarketDependent | V89: yes | X89: 2167 | Y89: Local | AC89: Förpackningsfunktionskod | AD89: 3.1.x | AE89: 3.1.26 | AF89: 3.1.26 New codes added (Not used in TM FI) 3.1.23 Finnish name changed. Was Pakkauksen funktio '3.1.21 New codes added.
A90: 1713 | B90: 2172 | C90: PackagingInformationModule | D90: PackagingRecyclingSchemeCode | E90: Packaging Recycling Scheme Code | F90: Pakkauksen kierrätysjärjestelmä | G90: codelist | H90: PackagingRecyclingSchemeCodeList | J90: O O O | K90: All | M90: 0..* | N90: packagingInformationModule/packaging/packagingRecyclingSchemeCode | O90: Yes | P90: Yes | Q90: Packaging | R90: TargetMarketDependent | V90: yes | X90: 2172 | Y90: Global | AC90: Kod för återvinning av förpackningar | AD90: 3.1.x | AE90: 3.1.15 | AF90: Attribute name (fi) changes
A91: 1717 | B91: 2176 | C91: PackagingInformationModule | D91: SustainabilityFeatureCode | E91: Sustainability Feature Code | F91: Vastuullisuusominaisuus | G91: codelist | H91: SustainabilityFeatureCodeList | J91: O O O | K91: All | M91: 0..* | N91: packagingInformationModule/packaging/packagingSustainabilityFeatureCode | O91: Yes | P91: Yes | Q91: Packaging | R91: TargetMarketDependent | V91: yes | X91: 2176 | Y91: Local | AC91: Förpackningens hållbarhetsfunktionskod | AD91: 3.1.x | AE91: 3.1.33 | AF91: 3.1.33 removed code from TM FI '3.1.31 Codes were deleted from gdsn 3.1.27 remove codes from TM FI 3.2.23 remove codes from TM FI 3.1.22 Finnish name changed (was Pakkauksen vastuullisuus).New codes added
A92: 1719 | B92: 2186 | C92: PackagingInformationModule | D92: PackagingTypeCode | E92: Packaging Type Code | F92: Pakkaustyyppi | G92: codelist | H92: PackageTypeCodeList | J92: CM CM CM | K92: All | M92: 0..1 | N92: packagingInformationModule/packaging/packagingTypeCode | O92: No | P92: Yes | Q92: Packaging | R92: TargetMarketDependent | S92: If the PackagingInformation class is used, then either packagingTypeCode or platformTypeCode must not be empty either. If packagingFunctioncode is equal to "TAMPER_EVIDENT" then"packagingTypeCode must not be empty. The attribute packagingTypeCode MUST be indicated in at least one iteration of the class 'Packaging', for every unit within a hierarchy, if one of the following GPC codes have been indicated. (Exclude 10005844) | V92: yes | X92: 2186 | Y92: Global | AC92: Förpacknings-/kollityp kod | AD92: 3.1.x | AE92: 3.1.27 | AF92: 3.1.27 Restricted code values from TM FI 3.1.26 Restricted code values from TM FI 3.1.25 New codes added (Not used in TM FI) 3.1.22 New codes added 3.1.19 Finnish code names changes
A93: 1724 | B93: 2181 | C93: PackagingInformationModule | D93: PlatformTypeCode | E93: Platform Type Code | F93: Lavatyyppi | G93: codelist | H93: PlatformTypeCodeList | J93: CM CM CM | K93: All | M93: 0..1 | N93: packagingInformationModule/packaging/platformTypeCode | O93: No | P93: Yes | Q93: Packaging | R93: TargetMarketDependent | S93: If the PackagingInformation class is used, then either packagingTypeCode or platformTypeCode must not be empty either. If platformTermsAndConditionsCode is not empty then platformTypeCode must not be empty. PlatformTypeCode (1724) is missing. If targetMarketCountryCode (3179) does not equal ('036' (Australia) or '554' (New Zealand) or 752 (Sweden)) it is mandatory to specify the pallet type when TradeItemUnitDescriptorCode (3074) is equal to 'PALLET' or ‘MIXED_MODULE’. | V93: no | X93: 2181 | Y93: Global | AC93: Plattformstyp kod | AD93: 3.1.x | AE93: 3.1.32 | AF93: 3.1.32 New code added 3.1.20 New code to the in TM FI
A94: 1732 | B94: 2206 | C94: PackagingInformationModule | D94: PackagingMaterialTypeCode | E94: Packaging Material Type Code | F94: Pakkausmateriaali | G94: codelist | H94: PackagingMaterialTypeCodeList | J94: CM CM CM | K94: All | M94: 1..1 | N94: packagingInformationModule/packaging/packagingMaterial/packagingMaterialTypeCode | O94: No | P94: Yes | Q94: Packaging/PackagingMaterial | R94: TargetMarketDependent | S94: If Packagingmaterial/packagingMaterialTypeCode is not equal to ('COMPOSITE' or 'LAMINATED_CARTON' or 'OTHER' or 'PAPER_PAPERBOARD')then CompositeMaterialDetail class must be empty. | V94: yes | X94: 2206 | Y94: Global | AC94: Förpackningsmaterial kod | AD94: 3.1.x | AE94: 3.1.31 | AF94: 3.1.31 New code added '3.1.28 New codes added 3.1.27 Finnish code name changes 3.1.25 New codes added 3.1.20 New codes added.
A95: 1744 | B95: 2214 | C95: PackagingInformationModule | D95: PackagingMaterialCompositionQuantity | E95: Packaging Material Composition Quantity | F95: Pakkausmateriaalin paino | G95: numeric | H95: MeasurementUnitCodeList | J95: CM CM CM | K95: All | M95: 0..* | N95: packagingInformationModule/packaging/packagingMaterial/packagingMaterialCompositionQuantity | O95: Yes | P95: Yes | Q95: Packaging/PackagingMaterial | R95: TargetMarketDependent | S95: If 'Packaging Material Code' (1732) is given, 'Packaging Material Composition Quantity' (1744) MUST be given | V95: yes | X95: 2214 | Y95: Local | AC95: Förpackningsmaterialets vikt värde | AD95: 3.1.x
A96: 1831 | B96: 2306 | C96: PackagingMarkingModule | D96: HasBatchNumber | E96: Has Batch Number | F96: Eränumeroitu | G96: boolean | J96: O O O | K96: All | M96: 0..1 | N96: packagingMarkingModule/packagingMarking/hasBatchNumber | O96: No | R96: TargetMarketDependent | V96: no | X96: 2306 | Y96: Local | AC96: Har artikeln batchnummer | AD96: 3.1.x | AE96: 3.1.19 | AF96: Finnish name changed. Was Onko eränumeroitu
A97: 1837 | B97: 2312 | C97: PackagingMarkingModule | D97: PackagingMarkedLabelAccreditationCode | E97: Packaging Marked Label Accreditation Code | F97: Pakkausmerkki | G97: codelist | H97: PackagingMarkedLabelAccreditationCodeList | J97: O O O | K97: All | L97: X | M97: 0..* | N97: packagingMarkingModule/packagingMarking/packagingMarkedLabelAccreditationCode | O97: Yes | R97: TargetMarketDependent | V97: yes | X97: 2312 | Y97: Global | AC97: Ackrediterad märkning kod | AD97: 3.1.x | AE97: 3.1.37 | AF97: 3.1.37 New codes added (not used in TM FI) 3.1.36 New codes added (not used in TM FI) 3.1.35 New codes added (not used in TM FI) 3.1.33 New codes added, one new code in TM FI 3.1.31 New codes added, one new code in TM FI 3.1.29 New code added (not used in TM FI) 3.1.28 New codes added 3.1.27 New codes added 3.1.26 New codes added 3.1.25 New codes added (not in used TM FI) 3.1.24 New codes added 3.1.22 New codes added 3.1.20 New codes added and one new code in TM Finland
A98: 1838 | B98: 2313 | C98: PackagingMarkingModule | D98: PackagingMarkedLanguageCode | E98: Packaging Marked Language Code | F98: Vieraskielinen teksti tuotteessa | G98: codelist | H98: LanguageCodeList | J98: O O O | K98: All | M98: 0..* | N98: packagingMarkingModule/packagingMarking/packagingMarkedLanguageCode | O98: Yes | R98: TargetMarketDependent | V98: yes | X98: 2313 | Y98: Local | AC98: Förpackning märkt språkkod | AD98: 3.1.x
A99: 1847 | B99: 2334 | C99: PackagingMarkingModule | D99: TradeItemDateOnPackagingTypeCode | E99: Trade Item Date On Packaging Type Code | F99: Päiväysmerkintä | G99: codelist | H99: TradeItemDateOnPackagingTypeCodeList | J99: CM O O | K99: All | L99: X | M99: 0..1 | N99: packagingMarkingModule/packagingMarking/packagingDate/tradeItemDateOnPackagingTypeCode | O99: No | P99: Yes | Q99: PackagingDate | R99: TargetMarketDependent | S99: If one of the following GPC Brick codes is choosen, the class 'packagingDate' must be populated and there must be at least one iteration of the attribute 'packagingDate/tradeItemDateOnPackagingTypeCode' on the smallest unit of the hierarchy. (Include GPC 50000000, exclude GPCs 10000134,10000185,10000186,10000267,10000268,10000303,10000584,10000620,10006313) | V99: yes | X99: 2334 | Y99: Global | AC99: Typ av datum på förpackningen kod | AD99: 3.1.x | AE99: 3.1.28 | AF99: 3.1.28 New code added 3.1.24 New code to the codelist (not used in TM FI)
A100: 2286 | B100: 2776 | C100: PlaceOfItemActivityModule | D100: ImportClassificationTypeCode | E100: Import Classification Type Code | F100: Tulliluokitustyyppi | G100: codelist | H100: ImportClassificationTypeCodeList | J100: M - - | K100: BaseUnit | L100: X | M100: 0..1 | N100: placeOfItemActivityModule/importClassification/importClassificationTypeCode | O100: No | P100: Yes | Q100: ImportClassification | R100: TargetMarketDependent | S100: importClassificationTypeCode and importClassificationValue are used in pairs. If one is populated the other is required. There shall be at least one iteration of the PlaceOfItemActivityModule_ImportClassificationGroup (2291) where 'Import Classification Type Code' (2286) equals "INTRASTAT" or "TARIF_INTEGRE_DE_LA_COMMUNAUTE". | V100: yes | X100: 2776 | Y100: Global | AC100: Importklassificeringstyp kod | AD100: 3.1.x | AE100: 3.1.31 | AF100: 3.1.31 Code were deleted from gdsn 3.1.28 New codes added, not used in TM FI 3.1.20 New code to the codelist (not used in TM FI)
...

Sheet Definitions and instructions
B1: Määrittelyt ja ohjeet | D1: Definitions and instructions | E1: Back to the Attributes | J1: https osoitteet täytyy tarkastaa
A5: Id | B5: Attribute name Finnish | C5: Definition Finnish | D5: Instructions Finnish | E5: Example Finnish | F5: Dependencies Finnish | G5: Codelist | H5: Attribute name English | I5: Definition English | J5: Instruction English | K5: Example English | L5: Dependencies English | M5: Elintarvike | N5: Alkoholi | O5: Animal Food | P5: Techno chemistry | Q5: Home Goods | R5: Changed | S5: Last update notification
A6: 0 | B6: Ala-alue | C6: Viineille annettava tieto maantieteellisestä alueesta, jossa viinin valmistuksessa käytetyt rypäleet on viljelty. | D6: Kirjoitetaan ala-alueen nimi | E6: Bordeaux | F6: Tieto voidaan antaa vähittäistuotteille, joiden GPC Brick -koodi on 10000588, 10003689, 10000275, 10000227, 10000159, 10000181, 10000273, 10000144, 10000263 tai 10000276. | H6: Alcoholic Beverage Subregion | I6: A legally defined geographical region where the grapes for a wine were grown also know as an appellation. | J6: The information can be given to retail products with GPC Brick code: 10000588, 10003689, 10000275, 10000227, 10000159, 10000181, 10000273, 10000144, 10000263 tai 10000276. | K6: Bordeaux | M6: - | N6: X | O6: - | P6: - | Q6: -
A7: 2 | B7: Kantavierteen aste | C7: Kantavierre kertoo käytännössä oluen mäskäyksessä vierteeseen liuenneiden (ja mahdollisesti erikseen lisättyjen) sokerien määrän. | H7: Degree Of Original Wort | I7: In practice, parent liquor refers to the amount of sugars dissolved (and possibly added separately) in the wort of beer. | M7: - | N7: X | O7: - | P7: - | Q7: -
A8: 3 | B8: Alkoholiprosentti | C8: Tuotteen sisältämä alkoholiprosentti. | D8: Tieto annetaan alkoholijuomille sekä tuotteille, jotka sisältävät alkoholia esim. liköörikonvehdit. Alkoholittomille juomille, esim. alkoholiton viini alkoholiprosentiksi annetaan 0%:a | E8: 3,5 | F8: Alkoholiprosentti on ilmoitettava tuotteille, joiden GPC Brick-koodi on 10000588, 10003689, 10000275, 10000227, 10000159, 10000181, 10000273, 10000144, 10000263 tai 10000276. | H8: Percentage Of Alcohol By Volume | I8: Percentage of alcohol contained in the base unit trade item. | J8: Information is provided for alcoholic beverages and products containing alcohol, such as liqueur sweets. The percentage of alcohol must be reported for products with GPC Brick code 10000588, 10003689, 10000275, 10000227, 10000159, 10000181, 10000273, 10000144, 10000263 tai 10000276. | K8: 3,5 | M8: X | N8: X | O8: - | P8: - | Q8: -
A9: 4 | B9: Viinin valmistaja | C9: Viinitarhan tai viinin valmistajan työntekijä, joka on vastuussa valmistettavan viinin valmisteluun, makuun ja laatuun liittyvistä prosesseista. Viinin valmistamista ja tutkimusta kutsutaan enologiaksi. Viinin valmistaja on enologi. | H9: Vintner | I9: The person responsible for the wine-making processes, the taste and the quality of the vineyard or winemaker. | M9: - | N9: X | O9: - | P9: - | Q9: -
A10: 20 | B10: Allergeeni | C10: Tuotteen sisältämät allergeenit | D10: Allergeenit valitaan koodilistalta. Tuotteelle on aina ilmoitettava mikäli se sisältää Elintarviketietoasetuksen (1169/2011) mukaisia allergeeneja. Lisäksi näihin pakollisiin allergeeneihin liittyen voidaan joutua ilmoittamaan tarkentavaa tietoa. Gluteenia sisältävien tuotteiden kohdalla valitaan aina, ylätaso AW Gluteenia sisältävät viljat – ja tuotteet, tämän lisäksi on aina annettava kyseinen vilja omana allergeeninaan. Kalatuotteille annetaan aina AF Kalat, lisäksi voidaan antaa tarkempi tieto kalasta allergeenina. | E10: NL -Lupiini | G10: AllergenTypeCodeList | H10: Allergen Type Code | I10: Allergens contained in the product. | J10: Allergens are selected from the code list. In the case of products containing gluten, cereals and products containing AW Gluten must always be selected, in addition to always providing that cereal as its own allergen. Fish products are always given AF Fish and products, and more detailed information on fish as an allergen can be given. The UI is required to provide some information for allergens under the Food Information Regulation for certain product groups. | M10: X | N10: X | O10: - | P10: X | Q10: -
A11: 21 | B11: Kontaminaatioaste | C11: Allergeenin kontaminaatioaste | D11: Kaikkien kontaminaatioasteiden antamisessa on otettava huomioon lainsäädännön määrittelyt, milloin kyseistä ilmaisua saa käyttää. Annetuille allergeeneille määritellään aina kontaminaatioaste. Vaihtoehdot: • Sisältää (tuote sisältää ko. ainesosaa) • Saattaa sisältää (tuote saattaa sisältää ko. ainesosaa) • Ei sisällä (Edellyttää että riskiarvio on tehty ja siitä on todiste) • Selvittämätön (tarkoittaa että tuotteelle ei ole tehty ristikontaminaatioanalyysiä, koska on arvioitu, että sellaista ei vaadita) Allergeeneista suositellaan ilmoitettavaksi vai positiiviset ilmaisut, Sisältää ja Saattaa sisältää. | F11: Tieto on annettava, mikäli Allergeeni on annettu. | G11: LevelOfContainmentCodeList | H11: Level of Containment Code Type | I11: Level of allergen contamination. | J11: The degree of contamination is always determined for the given allergens. options: • Contains • Free from • May contain All degrees of contamination must be given in accordance with the definitions of when this term may be used. | M11: X | N11: X | O11: - | P11: X | Q11: -
A12: 72 | B12: Pelaajien enimmäismäärä | C12: Kertoo pelin osallistujien enimmäismäärän. | E12: 5 | H12: Maximum Number Of Players | I12: Specifies the maximum number of players in the game. | J12: Numeric value for amount of players | K12: 5 | M12: - | N12: - | O12: - | P12: - | Q12: X
A13: 74 | B13: Pelaajien vähimmäismäärä | C13: Kertoo pelin osallistujien vähimmäismäärän. | E13: 2 | H13: Minimum Number Of Players | I13: Specifies the minimum number of players in the game. | J13: Numeric value for amount of players | K13: 2 | M13: - | N13: - | O13: - | P13: - | Q13: X
A14: 210 | B14: Paristot mukana pakkauksessa | C14: Kertoo, onko laitteen käyttöön tarvittavat paristot mukana pakkauksessa. Tieto on annettava kaikille paristokäyttöisille tuotteille. | E14: Ei | H14: Are Batteries Included | I14: Indicates if batteries are either included or not included with the trade item. | M14: - | N14: - | O14: - | P14: - | Q14: X
A15: 211 | B15: Paristokäyttöinen | C15: Kertoo, tarvitaanko laitteen käyttämiseen paristoja tai akkua. Tieto on annettava tuotteille, joiden käyttöön tyypillisesti tarvitaan paristoja tai akkuja. | D15: Esim. porakone tai pensasleikkuri voi olla sähkö- tai akkukäyttöinen | E15: Kyllä | H15: Are Batteries Required | I15: Indicates whether the device requires batteries. Information must be provided for products that typically require batteries. | J15: For example, a drill or hedge trimmer can be electric, or battery powered. | M15: - | N15: - | O15: - | P15: - | Q15: X
A16: 212 | B16: Sisäänrakennettu paristo | C16: Kertoo, onko tuotteessa kiinteästi sisäänrakennettu akku tai paristoja, joita ei voi vaihtaa tai poistaa. | E16: Kyllä | F16: Tieto on pakollinen, jos tuotteelle annetaan Pariston ominaisuudet -ryhmän tietoja. | G16: NonBinaryLogicEnumerationCodeList | H16: Are Batteries Built In | I16: This code is defined as an indicator whether or not any batteries included with the trade item are built into the trade item during manufacturing and cannot be changed or removed. | M16: - | N16: - | O16: - | P16: - | Q16: X
A17: 213 | B17: Paristossa käytetty teknologia | C17: Paristossa / akussa käytetty teknologia. | E17: Litium | G17: BatteryTechnologyTypeCodeList | H17: Battery Technology Type Code | I17: Technology used in the battery. | J17: The type of battery family (e.g. Lithium, NiMH) of batteries used by the product. | M17: - | N17: - | O17: - | P17: - | Q17: X
A18: 214 | B18: Pariston tyyppi | C18: Kertoo pariston / akun tyypin. | E18: AAA | G18: BatteryTypeCodeList | H18: Battery Type Code | I18: Indicates the type of battery. | M18: - | N18: - | O18: - | P18: - | Q18: X
A19: 215 | B19: Pariston paino | C19: Kertoo pariston / akun painon. | D19: Tuotteessa olevan pariston / akun paino. | E19: 15 grammaa | G19: MeasurementUnitCodeList | H19: Battery Weight | I19: The weight of each battery included with or built into the trade item. | J19: The weight of the battery is given to those products that have a battery built into the product. | M19: - | N19: - | O19: - | P19: - | Q19: X
A20: 218 | B20: Sisäänrakennettujen paristojen lukumäärä | C20: Valmistuksen yhteydessä laitteeseen sisäänrakennettujen paristojen / akkujen lukumäärä. | E20: 3 | H20: Quantity Of Batteries Built In | I20: The quantity of batteries built into the trade item during manufacturing. This includes batteries that can or cannot be changed or removed. | M20: - | N20: - | O20: - | P20: - | Q20: X
A21: 219 | B21: Paristojen määrä | C21: Kertoo, kuinka monta paristoa laitteen käyttöön tarvitaan. | E21: 2 | H21: Quantity Of Batteries Required | I21: The number of batteries required to operate the trade item. | M21: - | N21: - | O21: - | P21: - | Q21: X
A22: 243 | B22: Sertifioinnin myöntäjä | C22: Sertifiointistandardin tai muun vaatimuksen määrittävän organisaation nimi. | H22: Certification Agency | I22: Name of the organization that specifies the certification standard or other requirement. | M22: - | N22: X | O22: - | P22: - | Q22: -
A23: 245 | B23: Sertifikaatti | C23: Sertifiointistandardin nimi. | D23: Kertoo mistä sertifioinnista on kyse ja mitä tarkoittaa Sertifioinnin arvossa oleva tieto. | H23: Certification Standard | I23: Name of the certification standard. | M23: - | N23: X | O23: - | P23: - | Q23: -
A24: 246 | B24: Sertifioinnin arvo | C24: Tuotteen sertifioinnin arvo. | F24: Mikäli Sertifioinnin arvo (246) on annettu, on annettava myös Sertifioinnin myöntäjä (243) tai Sertifikaatti (245). | H24: Certification Value | I24: The value of the product certification standard. | J24: ID of the certification to be issued. | M24: X | N24: X | O24: - | P24: - | Q24: -
A25: 352 | B25: Säilytysohje | C25: Tuotteen säilyttämiseen liittyvät ohjeet. | D25: Kuluttajille tarkoitetut tuotteen säilytysohjeet. Tiedot löytyvät myös tuotteen pakkauksesta. | E25: Elintarvikkeilla elintarviketietoasetuksen (2 jakso, 25 artikla) mukaiset elintarvikkeiden säilytysolosuhteet. Säilytettävä lasten ulottumattomissa. | G25: LanguageCodeList | H25: Consumer Storage Instructions | I25: Instructions for storage of the product. | K25: For example: • For food stuff, the conditions of storage of food in accordance with the Food Information Regulation (Section 2, Article 25). • Keep out of reach of children. | M25: X | N25: X | O25: X | P25: X | Q25: X
A26: 356 | B26: Käyttöohje | C26: Tuotteen käyttöön liittyvät hoito- ja käyttöohjeet. | D26: Kuluttajille tarkoitetut käyttöohjeet. Tiedot löytyvät myös tuotteen pakkauksesta. Tuoteryhmäkohtaisesti käyttöohje voi sisältää esim. • Tekstiileillä hoito-ohjeen • Kodinkoneilla käyttöohjeen • Elintarvikkeilla elintarviketietoasetuksen (2 jakso, 25 artiklan) mukaiset elintarvikkeiden käyttöolosuhteet • Äidinmaidinkorvikkeilla pakkauksessa olevat käyttöohjeet • Pakolliset lisähuomautukset kun elintarvikkeesta esitetään terveysväitteitä. Esimerkiksi: o Maininta tasapainoisen ja monipuolisen ruokavalion ja terveiden elämäntapojen tärkeydestä o Kuinka paljon ja kuinka usein elintarviketta on nautittava väitetyn hyödyn saamiseksi o Asianmukainen varoitus niissä tuotteissa, joiden liiallisesta nauttimisesta todennäköisesti aiheutuu terveysriski o Huomautus henkilöille, joiden olisi vältettävä elintarvikkeen nauttimista annetaan tietokentässä Pakolliset lisähuomautukset kuluttajalle (id 1017) | G26: LanguageCodeList | H26: Consumer Usage Instructions | I26: Care and use instructions for using the product. | J26: Product-specific instructions. | K26: The product-specific instruction manual may include, for example: • Textile care instructions • Appliances manual • For food stuff, the conditions of storage of food in accordance with the Food Information Regulation (Section 2, Article 25). • Instructions for use included in the packaging for infant formulas • Mandatory additional notes when health claims are made on a food. For example: o Mention of the importance of a balanced and varied diet and a healthy lifestyle o How much and how often the food must be consumed in order to claim the claimed benefit o Appropriate warning on products that are likely to present a health risk if consumed excessively o Notice to persons who should avoid consuming the food is given in the Compulsory Additive Label Information (id 1017. | M26: X | N26: X | O26: X | P26: X | Q26: X
A27: 435 | B27: Maidon rasvapitoisuus prosentteina | C27: Maidon rasvapitoisuus | D27: Tuotteen sisältämän maidon rasvapitoisuus prosentteina Suurin mahdollinen arvo on 100.00 | F27: Tieto suositellaan annettavaksi kaikille maitotuotteille. | H27: Fat In Milk Content | I27: Milk fat content. | J27: The percentage of fat in the milk contained in the product. The maximum value is 100.00. Information is recommended for all dairy products. | M27: X | N27: - | O27: - | P27: - | Q27: -
A28: 436 | B28: Homogenoitu | C28: Onko tuotteessa käytetty maito homogenoitu | D28: Kertoo, onko tuotteessa käytetty maito aktiivisesti homogenisoitu vai ei. Maidon homogenointi on tekninen prosessi, jossa maidon rasva pilkotaan niin pieniksi osiksi, että se saadaan jakautumaan tasaisesti. | E28: Kyllä | F28: Tieto suositellaan annettavaksi kaikille maitotuotteille. | G28: NonBinaryLogicEnumerationCodeList | H28: Is Homogenised | I28: Indicates whether the milk used in the product is homogenised. | J28: Indicates whether the milk used in the product is actively homogenised or not. Homogenization of milk is a technical process in which the fat of the milk is broken down into small portions so that it can be distributed evenly. Information is recommended for all dairy products. | M28: X | N28: - | O28: - | P28: - | Q28: -
A29: 441 | B29: Kuiva-aineen rasvapitoisuus prosentteina | C29: Juuston tai juustovalmisteen kuiva-aineen rasvapitoisuusprosentti | D29: Suurin mahdollinen arvo on 100.00 | F29: Seuraaville Brick-koodeille tieto on annettava: 10000028, 10000029, 10000030 | H29: Fat Percentage In Dry Matter | I29: The percentage of fat in the dry matter of the cheese or cheese product. | J29: The maximum value is 100.00 The following Brick codes must be reported:10000028, 10000029, 10000030 | M29: X | N29: - | O29: - | P29: - | Q29: -
A30: 448 | B30: Liha- tai kalapitoisuuden tyyppi | C30: Kertoo minkä ainesosan pitoisuudesta on kyse. | D30: Suositellut arvot ovat lihapitoisuus, kalapitoisuus ja siipikarjapitoisuus. | E30: Siipikarjapitoisuus | G30: FI_FishMeatPoultryTypeCodeReference | H30: Fish Meat Poultry Type Code | I30: Define what the content of the ingredient is. | J30: The recommended values are meat content, fish content and poultry content. The interface has a selection list for values. | M30: X | N30: - | O30: - | P30: - | Q30: -
A31: 456 | B31: Liha- tai kalapitoisuus vähintään | C31: Ruoka- ja juomatuotteeseen sisältyvän kalan, lihan tai siipikarjan vähimmäismäärä. | D31: 448 Liha- ja kalapitoisuuden tyypissä määritellyn ainesosan vähimmäismäärä valmiissa tuotteessa. | E31: 35 | G31: MeasurementUnitCodeList | H31: Minimum Fish Meat Poultry Content | I31: Minimum amount of fish, meat or poultry contained in a food and drink. | J31: 448 Fish Meat Poultry Type Code Reference Code Reference the minimum quantity of the specified ingredient in the finished product. | M31: X | N31: - | O31: - | P31: - | Q31: -
A32: 472 | B32: Vaarallisen valmisteen kaasun tiheys | C32: Kaasun tiheyden ilmoittaminen | D32: Laskettaessa käytetään varastoidun kaasun määrää g/cm³. Mittayksikkönä käytetään 23 Grammaa kuutiosenttimetrillä [g/cm3] Tuotteeseen sisältyvän kaasun tiheys. Tuotetiedon vastaanottaja voi käyttää tätä tietoa määrittääkseen varastotilaan varastoitujen kaasujen kokonaismäärät vaarallisia aineita koskevien säädösten mukaisiksi. Käytä soveltuvaa mittaustapaa. Esimerkiksi Euroopassa: Mittayksikkönä käytetään 23 Grammaa kuutiosenttimetrillä [g/cm3] | G32: MeasurementUnitCodeList | H32: Dangerous Substance Gas Density | I32: Indication of gas density. | J32: The volume of gas stored shall be g / cm³. Used code value is ”23” grams per cubic centimetre [g / cm3]. | M32: - | N32: - | O32: - | P32: X | Q32: -
A33: 478 | B33: Vaarallisen ainesosan nimi | C33: Tuotteen luokituksen vaaralliseksi valmisteeksi aiheuttaneen aineen nimi. | D33: Vaarallisen ainesosan, esim. painepakatun kaasun nimi. | H33: Dangerous Substance Name | I33: The name of the hazardous ingredient, e.g. compressed gas. | J33: The name of the substance which gave rise to the classification of the product as dangerous preparation. | M33: - | N33: - | O33: - | P33: X | Q33: -
A34: 479 | B34: Aineen olomuoto | C34: Kertoo tuotteen olomuodon | E34: Neste | G34: PhaseOfMatterCodeList | H34: Phase Of Matter Code | I34: Indication of product state. | J34: In the code list, select the value that corresponds to the state of the product, such as Liquid or Gaseous. | M34: - | N34: - | O34: - | P34: X | Q34: -
A35: 480 | B35: Vaarallisen valmisteen vesiliukoisuus | C35: Vaaralliseksi määritellyn aineen liukeneminen tai sekoittuminen veteen. | D35: Kertoo vaarallisen aineen liukoisuuden ja sekoittuvuuden veteen. Liukoisuus on kyseessä olevan aineen taipumus liueta liuottimessa. Sekoittuvuudella tarkoitetaan nesteiden yhdistymistä niin, että ne muodostavat homogeenisen liuoksen. | E35: Vesiliukoinen | G35: DangerousSubstancesWaterSolubilityCodeList | H35: Dangerous Substances Water Solubility Code | I35: Solubility or mixing of a substance defined as hazardous with water. | J35: The value to be entered is selected from the Code list. For example, Water Soluble or Emulsifying. | M35: - | N35: - | O35: - | P35: X | Q35: -
A36: 481 | B36: Palavan aineen maksimimäärä prosentteina | C36: Tuotteen sisällöstä riippuva palavan kaasun maksimiimäärä prosentteina. | D36: Suurin mahdollinen arvo on 100.00. Tieto on annettava mikäli 478 Vaarallisen ainesosan nimi on annettu. Tuotteeseen sisältyvän palavan aineen enimmäisprosentti. Tuotetietojen vastaanottaja voi käyttää tätä tietoa vaarallisten aineiden määräysten mukaisten, varastoitujen aineiden kokonaismäärien määrittämisen apuna. | E36: 75 | F36: Tieto on annettava mikäli 478 Vaarallisen ainesosan nimi on annettu. | H36: Flammable Substance Maximum Percent | I36: Maximum percentage of flammable gas depending on product content. | J36: The maximum value is 100.00. Information must be provided if 478 ”Dangerous Substance Name” is given. | L36: Information must be provided if 478 ”Dangerous Substance Name” is given. | M36: - | N36: - | O36: - | P36: X | Q36: -
A37: 482 | B37: Palavan aineen minimimäärä prosentteina | C37: Tuotteen sisällöstä riippuva palavan kaasun minimimimäärä prosentteina. | D37: Tuotteeseen sisältyvän palavan aineen vähimmäisprosentti. Tuotetietojen vastaanottaja voi käyttää tätä tietoa vaarallisten aineiden määräysten mukaisten, varastoitujen aineiden kokonaismäärien määrittämisen apuna. Suurin mahdollinen arvo on 100.00. | E37: 35 | H37: Flammable Substance Minimum Percent | I37: Minimum percentage of flammable gas depending on product content. | J37: The maximum value is 100.00. Information must be provided if 478 ”Dangerous Substance Name” is given. | L37: Information must be provided if 478 ”Dangerous Substance Name” is given. | M37: - | N37: - | O37: - | P37: X | Q37: -
A38: 483 | B38: Vaarallinen valmiste | C38: Onko tuote luokiteltu ja merkitty vaaralliseksi valmisteeksi | D38: Tuote on luokiteltu vaaralliseksi valmisteeksi CLP-asetuksen mukaisesti ja sillä on tämän asetuksen mukaisia tietoja. Tuotteella on annettuna käyttöturvallisuustiedote. | G38: NonBinaryLogicEnumerationCodeList | H38: Is Dangerous Substance | I38: Whether the product is classified and labelled as a dangerous item. | J38: The product is classified as dangerous according to CLP and contains information that is relevant to this regulation. The product is provided with a safety data sheet. | M38: X | N38: X | O38: X | P38: X | Q38: X
A39: 484 | B39: Onko vaarallinen valmiste sekoite | C39: Onko tuote useiden eri aineiden seos. | D39: Tuote koostuu useammasta eri aineesta, jotka kaikki ovat CLP-asetuksen mukaisesti määriteltävissä vaaralliseksi valmisteeksi. | G39: NonBinaryLogicEnumerationCodeList | H39: Is Dangerous Substance A Mixture | I39: Is the product a mixture of several different substances. | J39: The product consists of several substances, all of which can be defined as dangerous preparations under CLP. | M39: - | N39: - | O39: - | P39: X | Q39: -
A40: 531 | B40: VAK lipuke | C40: Varoituslipukkeen numero | D40: Merkintä, joka osoittaa erityisriskin ja siten vaadittavat vaaralliseen tuotteeseen liittyvät varotoimet. Kertoo ADR: n luvun 3.2 taulukon A mukaisen vaarallisen merkinnän numeron. Kertoo Vaarallisten aineiden kuljetus tiellä –lainsäädännön mukaisen tiedon kolleihin kiinnitettävästä varoituslipukkeesta | E40: 6.2, 7A. | G40: DangerousHazardousLabelNumberCodeList | H40: Dangerous Hazardous Label Number | I40: A visible number indicating the specific risk. | J40: A visible number indicating the specific risk and thus the required precautions associated with a dangerous or hazardous good for example, the indication of the hazardous label number according to chapter 3.2, table A of the ADR. | M40: X | N40: X | O40: - | P40: X | Q40: -
A41: 532 | B41: VAK lipukkeen järjestysnumero | C41: Varoituslipukkeen järjestysnumero | D41: Kertoo Vaarallisten aineiden kuljetus tiellä –lainsäädännön mukaisen varoituslipukkeen järjestysnumeron. Ensimmäinen annettu VAK Lipuke saa arvon 1, toinen 2 ja kolmas 3. | F41: Ainoastaan kolme VAK Lipuketta voidaan antaa. Tieto on annettava, mikäli 531 VAK Lipuke on annettu. | H41: Dangerous Hazardous Label Sequence Number | I41: A sequence number indicating the primacy of one dangerous/hazardous label number over another. For example, a value of 1 would indicate that the associated hazard label number is the primary, 2 = secondary, etc. | J41: Only three labels may be issued. Information must be provided if a 531 Dangerous Hazardous Label Number is given. | L41: Information must be provided if a 531 Dangerous Hazardous Label Number is given. | M41: X | N41: X | O41: - | P41: X | Q41: -
A42: 560 | B42: Saatavuus päättyy | C42: Kertoo, milloin tuotteen saatavuus päättyy. Päivämäärä, josta alkaen tuotetta ei ole enää saatavilla tiedontoimittajalta. Sisältää myös kausittaiset tai tilapäiset tuotteet ja palvelut. | D42: Saatavuus päättyy –tieto kertoo milloin toimittaja lopettaa tuotteen toimituksen vastaanottajille. Tämän päivän jälkeen tuotetta voi olla edelleen markkinoilla. Tieto tuotteen toimitusten päättymisestä on ilmoitettava tuotetiedon vastaanottajille etukäteen. Tuotetiedon vastaanottajat määrittelevät omat aikarajansa mihin mennessä heille pitää ilmoittaa tuotteiden toimitusten päättymisestä. | F42: Yhdessä 3253 Tuotannon lopetus päivämäärä –tiedon kanssa tämä tieto kertoo vastaanottajille, että tuotteen toimitukset tulevat loppumaan. | H42: End Availability Date Time | I42: Define when the product will no longer be available. | J42: Together with 3253 Discontinued Date Time, this information informs recipients that the product will be out of stock. End Availability Date Time indicates when a supplier will stop shipping a product to recipients. After the date, the product may still be on the market. The recipient of the product information must be notified in advance of the delivery of the product. Recipients of product information will set their own time limit by which they must be notified of the end of product deliveries. | L42: Together with 3253 Discontinued Date Time, this information informs recipients that the product will be out of stock. | M42: X | N42: X | O42: X | P42: X | Q42: X
A43: 584 | B43: Saatavuus alkaa | C43: Päivä, jolloin tuotteen saatavuus alkaa. | D43: Saatavuudella tarkoitetaan, että toimittaja pystyy ottamaan tilauksia ja toimittamaan tuotetta niiden mukaan. Päivämäärä (CCYY-MM-DDTHH:MM:SS), josta alkaen tuote on saatavilla toimittajalta, sisältäen kausi- ja tilapäistuotteet sekä -palvelut. | H43: Start Availability Date Time | I43: The date that the product will begin to be available. | J43: Availability means that the supplier is able to take orders and deliver the product accordingly. | M43: X | N43: X | O43: X | P43: X | Q43: X
A44: 625 | B44: Ruokavaliotieto | C44: Ilmaisee ruokavalion, johon tuote soveltuu. | D44: Valitaan listalta ruokavalio (-t) joihin tuote sopii. Esimerkiksi Vegaaniruokavalioon. Arvoja Luonnonmukainen, Gluteeniton ja Keliaakikon ruokavalio ei käytetä. Gluteeniton-tieto annetaan muiden attribuuttien yhteydessä. Keliaakikon ruokavalio -tieto ei ole Suomen lainsäädännön mukainen. | G44: DietTypeCodeList | H44: Diet Type Code | I44: Indicates diet suitable for the product. | J44: Select from the list the diet(s) that the product fits into. For example, a vegan diet. The Organic, Gluten Free and Coeliac diets are not used. Gluten-free information is provided in conjunction with other attributes. The coeliac disease diet does not comply with Finnish legislation. | M44: X | N44: - | O44: - | P44: - | Q44: -
A45: 713 | B45: Veroluokittelun ylläpitäjä | C45: Kertoo minkä ylläpitäjätahon veroluokittelua ollaan antamassa. | D45: Suomessa valitaan arvo GS1 Finland, jos kyseessä on arvonlisävero ja arvo Valmistevero, jos ollaan ylläpitämässä tuotteelle valmisteveroa. Arvonlisäveron ollessa kyseessä annetaan lisäksi tiedot Veron tyyppi (Id 716) = VAT ja valitaan koodilistalta tuotteen arvonlisävero kohtaan Arvonlisävero (Id 729). | F45: Valmisteveron ollessa kyseessä annetaan lisäksi kohtaan Veron tyyppi (Id 716) koodilistalta kyseiselle tuotteelle kuuluva valmisteveroluokka. | G45: ResponsibleAgencyCodeList | H45: Duty Fee Tax Agency Code | I45: Define which tax administration is currently being issued. | J45: In Finland, the value GS1 Finland will be chosen for VAT and Excise if the product is subject to excise duty. In the case of VAT, you will also enter the information Duty Fee Tax Type Code (Id 716) = VAT and select VAT on the product from the Code list under Duty Fee Tax Category Code (Id 729). In the case of excise duty, the category of excise duty for the product in question in the Duty Fee Tax Type Code (Id 716) list is also given. | M45: X | N45: X | O45: X | P45: X | Q45: X
A46: 716 | B46: Veron tyyppi | C46: Tuotteeseen sovellettavan veron tiedot. | D46: Annettavat verotiedot vaihtelevat kohdemarkkinoittain. Suomessa tähän ylläpidetään arvonlisäveroa ylläpidettäessä arvo VAT (Arvonlisävero) ja valmisteveroa ylläpidettäessä tähän annetaan valmisteveron tuoteryhmän koodi. | E46: 2204_6A | G46: FI_LocalTaxTypeCode | H46: Duty Fee Tax Type Code | I46: The tax information applicable to the product. | J46: The tax information provided will vary by target market. In Finland, the value added tax (VAT) is maintained here and the excise product group code, e.g. 2204_6A, is given here | M46: X | N46: X | O46: X | P46: X | Q46: X
A47: 729 | B47: Arvonlisävero | C47: Tuotteen maakohtainen arvonlisäveroprosentti. | F47: Tieto on pakollinen kaikille vähittäistuotteille. | G47: TaxCategoryCode | H47: Duty Fee Tax Category Code | I47: The country's VAT rate for the product. Information is mandatory for all retail products. | K47: For example: 14 % (MEDIUM) for foods | M47: X | N47: X | O47: X | P47: X | Q47: X
A48: 737 | B48: Alennus / vapautus valmisteverosta | C48: Edellytykset, joiden täyttyessä toimittajalla on oikeus tiettyyn veronalennukseen. | D48: Annetaan verovapauden alaraja, tarkemmat tiedot vero.fi | G48: LanguageCodeList | H48: Duty Fee Tax Reduction Criteria Description | I48: The conditions under which the supplier is entitled to a certain tax reduction. | J48: Provide a lower tax exemption, more detailed information on www.vero.fi | M48: X | N48: X | O48: - | P48: - | Q48: -
A49: 792 | B49: Raaka-aineen määrä valmistuksessa | C49: Käytetyn raaka-aineen määrä (grammoina) per 100 grammaa valmista tuotetta. | D49: Tieto annetaan tuotteille, joiden valmistukseen on käytetty enemmän raaka-ainetta kuin itse valmista tuotetta on. Valmiin tuotteen raaka-aineen määrä on vähäisempi johtuen esimerkiksi kypsennyksen aikana tapahtuvasta hävikistä. Esimerkkituotteita ovat kestomakkarat. | G49: MeasurementUnitCodeList | H49: Raw Material Used In Preparation Weight | I49: The weight of the raw materials (gram) used to produce the finished food product (per 100 grams). | J49: Information is provided for products that use more raw material than the finished product itself. The amount of raw material in the finished product is lower due to losses during cooking. Example of typical product, sausages. | M49: X | N49: - | O49: - | P49: - | Q49: -
A50: 798 | B50: Luomutuotteen tyyppi | C50: Ilmaisee, onko tuote itsessään tai yksi tai useampi sen ainesosista luomua. | D50: Jos tuote on luomutuote, käytetään tuotteelle joko arvoa '1' 100%:sti luomu tai arvoa '2' Luomu (vähintään 95%:a painosta). | G50: OrganicTradeItemCodeList | H50: Organic Trade Item Code | I50: Indicates whether a product is organic or one or more of its ingredients. | J50: If the product is an organic product, either '1' for 100% organic or '2' for organic (at least 95% by weight) shall be used. | M50: X | N50: X | O50: X | P50: X | Q50: X
A51: 804 | B51: Säilöntätapa | C51: Tuotteen säilöntämenetelmä, jota käytetään tuotteen laadun heikkenemisen estämiseksi. | E51: Säilötty alkoholiin | G51: PreservationTechniqueTypeCodeList | H51: Preservation Technique Code | I51: Code value indicating the preservation technique used to preserve the product from deterioration. | M51: X | N51: - | O51: - | P51: - | Q51: -
A52: 816 | B52: Ainesosalista | C52: Lista elintarvikkeen sisältämistä ainesosista painon mukaan laskevassa järjestyksessä. Ainesosalista viittaa tuotteen valmistuksenaikaisiin ominaisuuksiin (EU-direktiivi 2000/31/EY). | D52: Ainesosalista informoi kuluttajaa elintarvikkeen sisällöstä ja ominaispiirteistä. Tämä auttaa kuluttajaa tekemään ostopäätöksiä. Tieto on erityisen tärkeä henkilöille, joilla on allergioita tai jotka noudattavat erityisruokavaliota. Tuotteille joiden pakkauksessa on ainesosalista, on se myös annettava tuotetietopankkiin. Pakkauksen ja tuotetietopankin ainesosalistojen on vastattava toisiaan. Ainesosalista-tietokentässä voidaan ainesosien lisäksi ilmoittaa saattaa sisältää -tiedot (esim. "Saattaa sisältää vehnää"). S Ainesosalistalle eivät siis kuulu esim. kuluttajalle suunnatut käyttö- ja säilytysohjeet. Ne ilmoitetaan tietokentissä Säilytysohje ja Käyttöohje. Ainesosalistaa kirjoitettaessa on sanojen väleissä oltava välilyönti. Tuotteeseen painetussa ainesosalistassa olevat Elintarviketietoasetuksen mukaiset allergeenit pitää korostaa niin, että ne erottuvat muista ainesosista. Allergeenit ainesosalistassa ilmaistaan SUURAAKKOSILLA. Esimerkki: Marjapitoisuuden ilmoittaminen Jokaiselle tuotteeseen sisältyvälle marjalle tai hedelmälle ilmoitetaan oma pitoisuutensa prosenteissa kohdassa Ainesosan määrä prosenteissa (ID 826). Esim. mansikka 5%, puolukka 10%. Tuotteen marjapitoisuus (15%) voidaan kirjoittaa Ainesosalistan perään. | F52: Ainesosalista on annettava suomeksi, ruotsiksi ja englanniksi. Muut kielet ovat vapaaehtoisia. | G52: LanguageCodeList | H52: Ingredient Statement | I52: List of food ingredients in descending order by weight. The list of ingredients refers to the product's manufacturing characteristics (EU Directive 2000/31 / EC). | J52: The list of ingredients shall inform the consumer of the content and characteristics of the food. This helps the consumer to make purchasing decisions. This information is especially important for people with allergies or diets. For products that are packaged with an ingredient list, it must also be provided in the data pool. The ingredient list on the packaging and the ingredient list in the data pool must match. It’s allowed to add also other information to the Ingredient statement such as "May contain wheat". Apart from that, no other additional information is provided in this data field. Thus, the list of ingredients does not include, for example, instructions for use and storage intended for the consumer. They are indicated in the data storage instructions and in the instructions for use. When writing a list of ingredients, there must be a space between words. The ingredient list must be given in Finnish and Swedish. English is recommended. Other languages are optional. Allergens in the Food Information Regulation printed on the product must be highlighted so that they are distinguished from the other ingredients. Allergens in the list of ingredients are expressed in CAPITAL LETTERS. | K52: For example: Reporting berry content Each berry or fruit in the product is given its own percentage in the Ingredient percentage (ID 826). E.g. strawberry 5%, lingonberry 10%. The product's berry content (15%) can be written after the ingredient List. | M52: X | N52: X | O52: - | P52: - | Q52: -
A53: 820 | B53: Mehupitoisuus | C53: Tuotteen hedelmämehupitoisuus prosentteina ilmaistuna. | E53: 15 % | H53: Juice Content Percent | I53: Fruit juice content of the product expressed as a percentage. | J53: Maximum is 100.00 | M53: X | N53: - | O53: - | P53: - | Q53: -
A54: 821 | B54: Lisäaineen nimi / E-numero | C54: Tuotteessa olevan lisäaineen E-numero | D54: Lisäaineet ilmoitetaan E-numeroina. Virallinen E-numerolistaus löytyy Ruokaviraston sivuilta. Ruokaviraston listaukseen kuulumattomia elintarvikkeen E-numeroita ei voi ilmoittaa. | E54: E296 Omenahappo | G54: FI_AdditiveName | H54: Additive Name | I54: The E number of the additive in the product. | J54: From the code list, the additives in the product are selected. Additives are reported as E numbers. The official E-number listing can be found on the website of the Food Agency. E-numbers of a food that are not listed by the Food Authority cannot be entered. | M54: X | N54: - | O54: - | P54: - | Q54: -
A55: 822 | B55: Kontaminaatioaste | C55: Annetun Lisäaineen nimi / E-numeron kontaminaatioaste. | D55: Suomessa on sovittu, että kontaminaatioaste on aina Sisältää. | F55: Pakko antaa, mikäli Lisäaineen nimi / E-numero on annettu. | G55: LevelOfContainmentCodeList | H55: Level Of Containment Code Type | I55: Code indicating the level of presence of the additive. | J55: Must be provided if an 821 Additive Name is given. | L55: Must be provided if an 821 Additive Name is given. | M55: X | N55: - | O55: - | P55: - | Q55: -
A56: 824 | B56: Ainesosan järjestysnumero | C56: Ainesosan paikka ainesosalistalla | D56: Tieto on annettava, mikäli tuotteelle annetaan yksittäisen ainesosan tietoja. Ainesosan järjestysnumero kertoo ainesosan paikan ainesosalistalla. Mikäli ainesosalista sisältää koostettuja ainesosia, niin näiden ainesosien ensimmäinen numero viittaa aina tuohon koostettuun ainesosaan. Huom. kasvimargariinin 07.00 alla on kytkettynä tähän siihen sisältyvät ainesosat (merkitty kursivoinnilla). Huom 2. Mikäli ainesosalle ei tarvitse ilmoittaa lisätietoja, sen järjestysnumeroa ei tarvitse ilmoittaa Synkassa. Koodilista / LevelOfContainmentCodeList Mikäli on tarve ilmoittaa ainesosissa tietoa, jolla ei ole paikkaa ainesosalistalla, esimerkiksi ainesosien yhteismäärä (kaakaopitoisuus, marjapitoisuus), järjestysnumeroksi tulee seuraava numero ainesosien jälkeen. Eli jos tuotteessa on 12 ainesosaa, tuo yhteismäärä saa järjestysnumeroksi 13. | E56: Esimerkki ainesosalistan ainesosista ja järjestysnumeroista: Riisi 01 Vesi 02 Sianmaksa 03 Broilerinmaksa 04 Siirappi 05 Rypsiöljy 06 Kasvimargariini 07 Palmuöljy 07.01 Rypsiöljy 07.02 Maissitärkkelys 08 Jodioitu suola 09 Sipuli 10 Mausteet 11 | H56: Ingredient Sequence | I56: Placement of ingredient in ingredient list. | J56: The information shall be provided where the product is given with an individual ingredient. The ingredient number indicates the position of the ingredient in the ingredient list. If an ingredient list contains compound ingredients, the first number of these ingredients always refers to that compound ingredient. Example of ingredients list and order numbers: Rice 01 Water 02 Pork liver 03 Chicken liver 04 Syrup 05 Rapeseed oil 06 Plant Margarine 07 Palm oil 07.01 Rapeseed oil 07.02 Corn-starch 08 Iodized salt 09 Onion 10 Spices 11 Note, underneath vegetable margarine 07.00 are the ingredients included therein (marked in italics). Note 2. If the ingredient does not need to be labelled with additional information, its serial number need not be provided in the data pool. If there is a need to give information on the ingredient statement, for example the total amount of the ingredients (cocoa content, berry content), the sequence number becomes the next number after the ingredients. That is, if the product contains 12 ingredients, that total becomes the sequence number 13. | M56: X | N56: - | O56: - | P56: - | Q56: -
A57: 826 | B57: Ainesosan määrä prosenteissa | C57: Kertoo tuotteen sisältämän ainesosan prosenttiosuuden koko tuotteesta. | D57: Ainesosan järjestysnumeron määrittelemän ainesosan määrä tuotteessa Esimerkki: Marjapitoisuuden ilmoittaminen Jokaiselle tuotteeseen sisältyvälle marjalle tai hedelmälle ilmoitetaan oma pitoisuutensa prosenteissa kohdassa Ainesosan määrä prosenteissa (ID 826). Esim. mansikka 5%, puolukka 10%. | H57: Ingredient Content Percentage | I57: Indicates the percentage of the ingredient in the product as a whole. | J57: The quantity of the ingredient defined by the ingredient number in the product Example: berry content information Each berry or fruit in the product is given its own percentage in the Ingredient Content Percentage (ID 826). E.g. strawberry 5%, lingonberry 10%. The total berry content of the product (15%) can be written after the IngredientStatement (ID 816). | M57: X | N57: - | O57: - | P57: - | Q57: -
A58: 827 | B58: Ainesosan nimi | C58: Ainesosan järjestysnumeron määrittelemän ainesosan nimi. | D58: Ainesosan nimessä annetaan käsiteltävän ainesosan nimi (sama ainesosa jonka järjestysnumero annettiin). Jokainen ainesosan nimi ilmoitetaan erikseen. | G58: LanguageCodeList | H58: Ingredient Name | I58: The name of the ingredient defined by the ingredient sequence number. | J58: The name of the ingredient gives the name of the ingredient being processed (the same ingredient with the serial number given). Each ingredient name shall be stated separately. | M58: X | N58: - | O58: - | P58: - | Q58: -
A59: 833 | B59: Kasvatusmenetelmä | C59: Kertoo, miten tuotteen aines on kasvatettu | F59: On annettava, mikäli kasvatusmenetelmä on annettuna tuotteen pakkauksessa. | G59: GrowingMethodCodeList | H59: Growing Method Code | M59: X | N59: - | O59: - | P59: - | Q59: -
A60: 836 | B60: Ainesosan säilöntätapa | C60: Kertoo tuotteen ainesosalle käytettävän säilöntämenetelmän. | E60: Fermentoitu tai säilötty alkoholiin. | G60: PreservationTechniqueTypeCodeList | H60: Preservation Technique Code | I60: Define the method of preservation used for the ingredient in the product. | J60: From the list, the method of preservation used for the ingredient is selected, for example fermented or preserved in alcohol. | M60: X | N60: - | O60: - | P60: - | Q60: -
A61: 863 | B61: Tuotantovaihe | C61: Kertoo, minkä tuotantovaiheen tietoja ainesosalle annetaan. | D61: Tieto voidaan antaa vähittäistuotteille ja kuljetuspakkauksille. Tieto on annettava, mikäli tuotteen ainesosalle oleva tuotantovaihe on lain mukaan tuotteelle annettava tai mikäli se on tuotteen kannalta olennainen tieto. Tuotteelle voidaan antaa useampi tuotantovaiheita ja niiden toteutusmaita. | E61: Syntymämaa tai Teurastusmaa | F61: Ainesosan tuotantovaihe on annettava, mikäli se on tuotteen kannalta olennainen tieto. | G61: ProductActivityTypeCodeList | H61: Product Activity Type Code | I61: Define what stage of production the ingredient is given. | J61: The manufacturing step of the ingredient shall be provided if it is relevant to the product. The origin of the meat, fish and eggs used as ingredients in the products shall be indicated. The production stage is selected from a list, such as the place of birth or the place of slaughter. | M61: X | N61: - | O61: - | P61: - | Q61: - | R61: 3.1.24
A62: 868 | B62: Ainesosan alkuperämaa | C62: Ainesosan tuotantovaiheen toteutusmaa. | D62: Tuotteissa ainesosina käytettävän lihan, kalan ja munien alkuperä on annettava. | F62: Tieto on annettavava, mikäli tuotantovaihe on annettu. | G62: CountryCodeList | H62: Product Activity Details Country Of Origin | I62: Country where the ingredient is produced. | J62: Information must be provided if a (id 863) Product Activity Type Code is given. | L62: Information must be provided if a (id 863) Product Activity Type Code is given. | M62: X | N62: - | O62: - | P62: - | Q62: -
A63: 924 | B63: Annosten määrä pakkauksessa | C63: Pakkauksessa olevien annosten kokonaismäärä | D63: Tieto annetaan kokonaislukuna | E63: 4 | H63: Number Of Servings Per Package | I63: The total number of portions in the package. | J63: The information is given as an integer. | M63: X | N63: - | O63: - | P63: - | Q63: -
A64: 925 | B64: Annosten lukumäärä pakkauksessa mittaustarkkuus | C64: Pakkauksessa olevien annosten kokonaismäärän mittaustarkkuus. | E64: Noin, tasan | F64: Voidaan antaa, mikäli Annosten määrä pakkauksessa on annettu. | G64: MeasurementPrecisionCodeList | H64: Number Of Servings Per Package Measurement Precision Code | I64: Accuracy to measure the total number of portions in the package. | J64: The value is selected from the code list, for example, About or Equal. | M64: X | N64: - | O64: - | P64: - | Q64: -
A65: 928 | B65: Ylin optimaalinen käyttölämpötila | C65: Juoman ylin suositeltu tarjoilulämpötila | D65: Juoman tarjoilulämpötilan optimaalisen alueen yläraja. Optimaalinen alue on suositus ja se perustuu valmistajan omaan määrittelyyn. | G65: MeasurementUnitCodeList | H65: Maximum Optimum Consumption Temperature | I65: Recommended maximum serving temperature for the drink. | J65: Maximum limit of the optimum range for the beverage serving temperature. The optimum range is a recommendation and is based on the manufacturer's own definition. | M65: X | N65: X | O65: - | P65: - | Q65: -
A66: 932 | B66: Alin optimaalinen käyttölämpötila | C66: Juoman alin suositeltu tarjoilulämpötila | D66: Juoman tarjoilulämpötilan optimaalisen alueen alaraja. Optimaalinen alue on suositus ja se perustuu valmistajan omaan määrittelyyn. | G66: MeasurementUnitCodeList | H66: Minimum Optimum Consumption Temperature | I66: Recommended minimum serving temperature for the drink. | J66: Lower limit of the optimum range for the beverage serving temperature. The optimum range is a recommendation and is based on the manufacturer's own definition. | M66: X | N66: X | O66: - | P66: - | Q66: -
A67: 940 | B67: Valmistusohje | C67: Ohjeet tuotteen valmistelusta ennen tarjoilua. | E67: Tuotetta paistetaan 20 minuuttia 200-asteisessa uunissa. | G67: LanguageCodeList | H67: Preparation Instructions | I67: Instructions for preparing the product before serving. | M67: X | N67: - | O67: - | P67: - | Q67: -
A68: 945 | B68: Tarjoiluehdotukset | C68: Kerrotaan tuotteen tarjoiluehdotus | E68: Tuote sopii nautittavaksi riisin kanssa. | F68: Tieto on annettava, mikäli tuotteen pakkauksessa on annettuna tarjoiluehdotus. | G68: LanguageCodeList | H68: Serving Suggestion | I68: Free text field describing the product serving proposal. | J68: The information shall be provided where a serving recommendation is included on the product packaging. | M68: X | N68: X | O68: - | P68: - | Q68: -
A69: 949 | B69: Valmista tuotetta | C69: Valmiin tuotteen määrä ja sen mittayksikkö kertovat, kuinka paljon lopullista tuotetta on, kun se valmistetaan valmistajan ohjeen mukaan. | D69: Erilaisia valmistustapoja ovat valmistus, laimennus ja nesteen poisto. Tieto on annettava, mikäli se on annettuna tuotteen pakkauksessa. Mehun laimennussuhde ilmoitetaan seuraavien tietokenttien avulla: Nettosisältö (Id 3510): Nestemäisillä tuotteille ilmoitetaan tuotteen määrä millilitroissa. Valmista tuotetta (Id 949): Ilmoitetaan valmistajan ohjeen mukaisesti laimennetun tuotteen määrä Valmiin tuotteen tyyppi (Id 952): valitaan arvo "Laimennuksen jälkeen" Näiden tietojen perusteella vastaanottajan on mahdollista laskea tuotteen laimennussuhde. | G69: MeasurementUnitCodeList | H69: Product Yield | I69: The quantity of the finished product and its unit of measurement indicate how much the finished product is when manufactured according to the manufacturer's instructions. | J69: Various methods of preparation include preparation, dilution, and fluid removal. The information shall be provided where available on the packaging of the product. The juice dilution ratio is reported using the following data fields: Net Content (Id 3510): For liquid products, indicate the quantity of product in millilitres. Product Yield (Id 949): State the amount of product diluted according to the manufacturer's instructions Product Yield Type Code (Id 952): Select "After Dilution" This information allows the recipient to calculate the dilution ratio of the product. | M69: X | N69: - | O69: - | P69: - | Q69: -
A70: 952 | B70: Valmiin tuotteen tyyppi | C70: Kertoo mille tavalle Valmista Tuotetta-tieto on annettu. | E70: valmistus, laimennus, nesteen poisto | F70: Mikäli Valmista Tuotetta –tieto on annettu, on valmiin tuotteen tyyppi annettava. | G70: ProductYieldTypeCodeList | H70: Product Yield Type Code | I70: Define the treatment method (manufacture, dilution, dewatering). | J70: If the Product Yield (id 949) information is given, information must be provided. | L70: If the Product Yield (id 949) information is given, information must be provided. | M70: X | N70: - | O70: - | P70: - | Q70: -
A71: 953 | B71: Valmiin tuotteen vaihteluväli prosentteina | C71: Kertoo prosentteina ruoanvalmistus-/paistohävikin. | D71: Prosenttiosuus, jonka verran tuotteen todellinen paino voi poiketa keskimääräisestä tai arvioidusta painosta ylöspäin tai alaspäin. | E71: 5 % | H71: Product Yield Variation Percentage | I71: Represents the percentage of loss of cooking / baking. | J71: The percentage by which the true weight of the product may differ from the average or estimated weight upwards or downwards. | M71: X | N71: - | O71: - | P71: - | Q71: -
A72: 1017 | B72: Pakolliset lisähuomautukset kuluttajalle | C72: Kuluttajille tarkoitetut viranomaisten vaatimat huomautukset tai varoituslausekkeet, jotka löytyvät tuotteen pakkauksesta ja jotka tulee olla nähtävissä myös verkkokaupoissa. | D72: Esimerkkejä viranomaisten vaatimista tiedoista: • Ei alle 1-vuotiaille (hunaja) • Kohonneesta verenpaineesta kärsivien henkilöiden on vältettävä tuotteen liiallista nauttimista • Ei suositella raskaana oleville ja imettäville Tieto annetaan suomeksi, ruotsiksi ja englanniksi. | G72: LanguageCodeList | H72: Compulsory Additive Label Information | I72: Precautionary statements meant for consumers and required by the authorities. Statements are displayed on the packaging of the product and shall therefore also be displayed on the internet. | J72: Examples of precautionary statements: • Not for children under 1 year of age (honey) • Persons suffering from hypertension should avoid excessive consumption of the product • Not recommended for pregnant and breast-feeding women Information is given in Finnish and Swedish. We recommend giving it in English as well. | M72: X | N72: X | O72: - | P72: - | Q72: -
A73: 933 | B73: Sisältääkö tuote lateksia | C73: Kertoo sisältääkö tuote tai jokin sen osa lateksia. | E73: Kyllä | G73: NonBinaryLogicEnumerationCodeList | H73: Does Trade Item Include Latex | I73: Indicates whether the product or any part of it contains latex. | M73: - | N73: - | O73: - | P73: - | Q73: X
A74: 1057 | B74: Laatuluokittelu | C74: Kertoo hedelmien/vihannesten laatuluokan tai munien paino/laatuluokan. | D74: Suomessa tähän annetaan joko hedelmien ja vihannesta laatuluokitus, munien laatuluokka tai munien painoluokka sen mukaan mitä on valittu aiemmin kohdissa 1059 Laatuluokittelun ylläpitäjä ja 1062 Laatuluokittelun nimi. | G74: GradeCodeReferenceCodeReference | H74: Grade Code Reference Code Reference | I74: Indicates fruit / vegetable grade or egg weight / grade. | J74: In Finland, here is indicated either the fruit and vegetable quality grade, the egg grade or the egg weight grade, as previously selected in 1059 Grade Code Reference Code List Agency Code and 1062 Grade Code Reference Code List Name. | M74: X | N74: - | O74: - | P74: - | Q74: -
A75: 1059 | B75: Laatuluokittelun ylläpitäjä | C75: Kertoo luokittelun ylläpitäjän nimen, jota tuotteelle ollaan antamassa. | D75: Suomessa annetaan arvo EU, kun kyseessä on kananmunien luokittelu ja UNECE kun kyseessä on hedelmien ja vihannesten laatuluokittelu. | G75: FI_GradeCodeReferenceCodeListAgencyCode | H75: Grade Code Reference Code List Agency Code | I75: Indicates the name of the agency that administrates the classification. | J75: In Finland the value EU is given for eggs and UNECE for fruit and vegetables. | M75: X | N75: - | O75: - | P75: - | Q75: -
A76: 1062 | B76: Laatuluokittelun nimi | C76: Kertoo laatuluokittelun nimen, jota tuotteelle ollaan antamassa. | D76: Käytettävissä olevat nimet riippuvat siitä mitä on valittu aiemmin kohdassa 1059 Laatuluokittelun ylläpitäjä. | G76: FI_GradeCodeReferenceCodeListName | H76: Grade Code Reference Code List Name | I76: Indicates the name of the quality classification that the product is being assigned. | J76: The available names depend on what has been selected previously in attribute 1059 Grade Code Reference Code List Agency Code. | M76: X | N76: - | O76: - | P76: - | Q76: -
A77: 1071 | B77: Tuotteen toiminto | C77: Tuotteen soveltuvuus eri käyttötapoihin ja tuotteen erityisominaisuuksia. | E77: Astianpesukoneen kestävä | G77: FeatureCodeList | H77: Trade Item Feature Code Reference Code Reference | I77: The suitability of the product for different purposes and the special characteristics of the product. | K77: For example: Machine washable | M77: - | N77: - | O77: - | P77: X | Q77: X
A78: 1080 | B78: Tuotteeseen sisältyvät lisäosat | C78: Mahdolliset tuotteen mukana tulevat lisäosat. | E78: Valaisimen kiinnittämiseen tarvittavat osat. | G78: LanguageCodeList | H78: Trade Item Included Accessories | I78: Any included object or device not part of the core product itself but which adds to its functionality or use. | K78: For example: Parts needed to mount the lamp | M78: - | N78: - | O78: - | P78: X | Q78: X
A79: 1083 | B79: Markkinointiteksti | C79: Myyntiä ja markkinointia edistävä kuvaus tuotteesta. | D79: Markkinointiteksti välitetään verkkokauppaan kuluttajan nähtäville. Kirjoita selkeä ja ytimekäs kuvaus, jossa kerrot oleellisimmat tiedot seuraavista asioista • Kerro tuotteen ominaisuuksista • Kerro tuotteen käyttötarkoituksista • Kerro tuotteen hyödyistä | F79: Tieto on annettava suomeksi. Suositellaan annettavaksi myös ruotsiksi ja englanniksi. | G79: LanguageCodeList | H79: Trade Item Marketing Message | I79: Description promoting sales and marketing of the product. | J79: The marketing text is transmitted to the online store for the consumer to see. Write a clear and concise description, where you state the most important features: • Describe product features • Describe for what use the product is intended • Describe product benefits | M79: X | N79: X | O79: X | P79: X | Q79: X
A80: 1095 | B80: Kausituote | C80: Ilmaisee, onko tuote saatavilla vain tiettyinä vuodenaikoina tai onko se tarkoitettu tiettyyn sesonkiin. | E80: Kyllä | G80: NonBinaryLogicEnumerationCodeList | H80: Is Trade Item Seasonal | I80: Indicates whether the product is only available at certain times of the year or whether it is intended for a particular season. | M80: X | N80: X | O80: X | P80: X | Q80: X
A81: 1099 | B81: Sesongin nimi | C81: Ilmaisee sesongin, johon tuote soveltuu. | E81: Pääsiäinen | G81: LanguageCodeList | H81: Season Name | I81: Indicates the season when the item is available. | K81: For example: Easter | M81: X | N81: X | O81: X | P81: X | Q81: X
A82: 1103 | B82: Sesonki | C82: Ilmaisee sesongin, jolloin tuote on saatavilla. | D82: Valitaan listalta sesonki johon tuote on tarkoitettu. | E82: Kevät/kesä | G82: SeasonParameterCodeList | H82: Season Parameter Code | I82: Indicates the season when the item is available. | J82: Choose from the list the season the item is available. | K82: For example: Summer | M82: X | N82: X | O82: X | P82: X | Q82: X
A83: 1105 | B83: Suositusikä | C83: Kertoo mistä ikävuodesta lähtien tuotteen käyttö on suositeltua tai tuotteen kohderyhmän iän, jolle tuote on suunniteltu. | D83: Tieto voidaan antaa esimerkiksi peleille ja leluille. | E83: 7-12 vuotiaille | G83: LanguageCodeList | H83: Target Consumer Age | I83: Identifies the target consumer age range for which a trade item has been designed. | J83: Information can be given, for example, to games and toys. | K83: For example: For 7-11 year olds | M83: X | N83: - | O83: - | P83: X | Q83: X
A84: 1108 | B84: Kohderyhmä | C84: Kertoo kohderyhmän, jolle tuote on tarkoitettu. | E84: Nainen, Unisex | G84: TargetConsumerGenderCodeList | H84: Target Consumer Gender Code | I84: Identifies the target audience for which the product is intended. | K84: Possible Values example: Women, Men, Unisex | M84: - | N84: - | O84: - | P84: - | Q84: X
A85: 5314 | B85: Väiteteksti | C85: Tuotteesta kerrottava väite | G85: LanguageCodeList | H85: Claim Description | I85: Claim information. | J85: Provide additional nutrition information. | M85: X | N85: - | O85: - | P85: - | Q85: -
A86: 5317 | B86: Väitteen ominaisuus | C86: Kertoo, missä määrin tuote sisältää tai on sisältämättä jotain tiettyä ainesta. | E86: Sisältää, Sisältää runsaasti | G86: ClaimTypeCodeList | H86: Claim Type Code | I86: Tells you the degree to which a particular ingredient is or is not present in the product. | J86: Select a property from the code list. | M86: X | N86: - | O86: - | P86: - | Q86: -
A87: 5318 | B87: Väitteen aines | C87: Kertoo aineksen tyypin | D87: Kertoo ainesosan / ominaisuuden, jonka tietoja ilmoitetaan 5318 Väitteen ominaisuuden kanssa. | E87: Rasva, kupari, maito | G87: ClaimElementCodeList | H87: Claim Element Code | I87: Define the type of ingredient or property. | J87: Represents an ingredient / property that is reported with 5318 Claim Type Code. E.g. fat, copper, milk. | M87: X | N87: - | O87: - | P87: - | Q87: -
A88: 1225 | B88: Tuotteen tila | C88: Kertoo, onko ravitsemukselliset tiedot annettu valmistetulle tuotteelle vai valmistamattomalle tuotteelle | D88: Tällä kerrotaan onko tuotteen ravintoarvotiedot annettu tuotteelle kuten se on pakkauksessa, vai onko ravintoarvotiedot annettu tuotteeelle kun se on valmistettu pakkauksessa olevan valmistusohjeen mukaisesti. "Valmistamaton" jos tuotteen pakkauksessa ilmoitetut arvot on annettu käsillä olevalle tuotteelle sellaisenaan. Jos annetut arvot on ilmoitettu sen perusteella, mitä ne ovat kun asiakas on valmistanut tuotteen, niin valitse "Valmis" Suurkeittiöt haluavat, aina kun mahdollista, ravintoarvot Valmistamaton (UNPREPARED) -vaihtoehdon mukaan. Jos siis tuotteella (esim. kastikeaines, muffinssiaines tai vastaava) on selkeästi kaksi eri tilaa: Ainekset pakkauksessa Valmistamaton (UNPREPARED) ja pakkauksen ohjeen mukaan valmistettu tuote Valmis (PREPARED), annetaan ravitsemukselliset arvot aina pakkauksessa olevan aineksien mukaan eli valitaan Valmistamaton (UNPREPARED). Valmistamaton: Ravintoarvoilmoituksen arvot on annettu sen mukaan missä muodossa tuote on myyty. Esimerkiksi: virvoitusjuomat, suklaapatukat Valmis: Ravintoarvoilmoituksen arvot on annettu sen mukaan, että kuluttaja on valmistanut tuotteen pakkauksen ohjeiden mukaisesti. Esimerkiksi murot maidon kera, kakku joka on valmistettu kakku-mix aineista ja ohjeen mukaisesti lisätyistä aineista. | E88: Valmistamaton | F88: Tieto on annettava, mikäli Energiasisältö ja/tai Energiapitoisuus on annettu. | G88: PreparationTypeCodeList/PreparationState | H88: Preparation Type Code | I88: Indicates whether the nutritional information is provided for the prepared product or for the non-prepared product. | J88: Values used are: PREPARED This product is in its initial state and has no added ingredients such as milk or water required for its manufacture Unprepared (UNPREPARED) The information shall be provided if the Energy Content and / or Energy Concentration have been provided. Only for food and tobacco products. The status of the product affects how the nutritional information of the product is calculated. Professional kitchens, whenever possible, want the nutritional values of the UNPREPARED option. If the product (e.g. sauce, muffin or similar) clearly has two different states: Ingredients in Packing UNPREPARED and product prepared according to package instructions PREPARED, always give the nutritional values according to the ingredients on the package, i.e. select UNPREPARED. For all other foods, select PREPARED. For example, while no one eats frozen foods raw directly from the package, the PREPARED option is selected. For tobacco products, product status is always set to PREPARED. | M88: X | N88: - | O88: - | P88: - | Q88: -
A89: 1231 | B89: Ravintoarvoilmoituksen peruste | C89: Viitearvo, jota vasten ravintoarvo ilmoitetaan. | D89: Ensisijaisesti ravintoarvot on aina ilmoitettava per 100 grammaa / millilitraa kohden. Tämä on lainsäädännön vaatimus. Toissijaisesti ravintoarvot voidaan ilmoittaa myös esimerkiksi annosta kohden. Tällöin Ravintoarvoilmoituksen perusteeksi tulee annoksen koko, esimerkiksi keksin paino 40 grammaa. | G89: MeasurementUnitCodeList | H89: Nutrient Basis Quantity | I89: The reference value against which the nutritional value is expressed. | J89: Primarly, nutrition values should always be expressed per 100 g / ml as this is a legal requirement. Alternatively, nutritional values may also be expressed, for example, per portion. In this case, the nutrition declaration will be based on the portion size, for example 40 grams of biscuit. | M89: X | N89: X | O89: - | P89: - | Q89: -
A90: 1241 | B90: Ravintotekijä | C90: Kertoo ravintoaineen tyypin | D90: Koodi INFOODS-järjestön elintarvikekomponenttien tunnisteiden luettelosta. | G90: NutrientTypeCodeList | H90: Nutrient Type Code | I90: Indicates the type of nutrient. | J90: Select the correct value from the code list. Codes are from the list of food ingredient identifiers of the INFOODS organization. | M90: X | N90: X | O90: - | P90: - | Q90: -
A91: 1242 | B91: Saannin vertailuarvo | C91: Tuotteen sisältämän ravintosisällön, kalorimäärän, vitamiinin tai mineraalin prosenttiarvo suositellusta. | F91: Tieto on annettava, mikäli se on painettuna tuotteen pakkaukseen. Muutoin tiedon antaminen on vapaaehtoista. | H91: Daily Value Intake Percent | I91: Percentage of the recommended nutrient, calorie, vitamin or mineral content of the product. | J91: The maximum value is 100.00. The information shall be provided where it is printed on the packaging of the product. Otherwise the provision of information is voluntary. | M91: X | N91: X | O91: - | P91: - | Q91: -
A92: 1243 | B92: Mittaustarkkuus | C92: Ravintosisällön, energiasisällön, energiapitoisuuden, nikotiinin tai vitamiinien ja mineraalien mittaustarkkuus. | D92: Mittaustarkkuudeksi suositellaan annettavaksi: NOIN: tällöin annettu arvo voi vaihdella tai on keskiarvo Muut mittaustarkkuuden vaihtoehdot ovat: TASAN: annettu arvo on tarkka arvo. VÄHEMMÄN KUIN: Käytetään kun mittausarvo on liian pieni mitattavaksi tarkasti (sääntö: alle 0.5). Pakkauksissa tämä näkyy merkintänä < | G92: MeasurementPrecisionCodeList | H92: Measurement Precision Code | I92: The accuracy of measurement for the nutrient, energy content, energy concentration, nicotine or vitamins and minerals. | J92: It is recommended that the measurement accuracy be given: APPROXIMATELY: this value may vary or be an average Other options for measuring accuracy are: EXACT: the value given is the exact value. LESS_THAN: Used when the measured value is too small to be accurately measured (rule: less than 0.5). On packages this is indicated by < | M92: X | N92: X | O92: - | P92: - | Q92: -
A93: 1244 | B93: Määrä | C93: Määritetyn ravintotekijän eli energiasisällön, energiapitoisuuden, nikotiinin tai vitamiinien ja mineraalien määrä. | D93: Ilmaistaan suhteessa ilmoitettuun annoskokoon. | G93: MeasurementUnitCodeList | H93: Quantity Contained | I93: The amount of the defined nutrient, namely the energy value, energy content, nicotine or vitamins and minerals. | J93: Expressed in relation to the stated dose size, in Finland the reference value is always primarily per 100 grams / milliliter. | M93: X | N93: X | O93: - | P93: - | Q93: -
A94: 1708 | B94: Pakkauksen oninaisuus | C94: Vähittäistuotteen tai kuljetuspakkauksen pakkaustyypin lisämäärittely, joka kertoo pakkauksen ominaisuuksista. | D94: Nämä lisäominaisuudet eivät ole riippuvaisia pakkaustyypistä ja niitä voidaan käyttää useisiin eri tyyppeihin. | G94: PackagingFunctionCodeList | H94: Packaging Function Code | I94: Supplementary definition of the Packaging Type for a Base item or Case that describes the properties of the packaging. These additional features do not depend on the type of packaging and can be used for several different types. | K94: For example: VACUUM_PACKED | M94: X | N94: X | O94: X | P94: X | Q94: X
A95: 1713 | B95: Pakkauksen kierrätysjärjestelmä | C95: Kertoo tuotteen kierrätysjärjestelmän. | D95: Palpa-kierrätysjärjestelmä annetaan vain Palpaan hyväksytyille tuotteille. Tuotteessa pitää olla Palpan kierrätysmerkki. Muut kierrätysmerkit ovat muovin ja muiden materiaalien kierrätysmerkkejä. Tuotteessa tai pakkauksessa pitää olla painettuna ko. kierrätysmerkki. | G95: PackagingRecyclingSchemeCodeList | H95: Packaging Recycling Scheme Code | I95: Define the product recycling system. | J95: The Palpa recycling system is only provided for products approved by Palpa. The product must bear the Palpa recycling label. Other recycling marks are recycling marks for plastics and other materials. The product or packaging must bear the name printed on it. recycling symbol. | M95: X | N95: X | O95: X | P95: X | Q95: X
A96: 3017 | B96: Tuotteen vastuullisuusominaisuus | C96: Tuotteen ominaisuus, joka edistää kestävän kehityksen aloitteita | E96: Uusiutuvasta materiaalista valmistettu | H96: Sustainability Feature Code | I96: A feature of the trade item that contributes to sustainability initiatives | K96: For example that it is made from renewable materials.
A97: 1717 | B97: Vastuullisuusominaisuus | C97: Pakkauksen ominaisuus, joka edistää kestävän kehityksen aloitteita. | E97: Uusiutuvasta materiaalista valmistettu | G97: SustainabilityFeatureCodeList | H97: Sustainability Feature Code | I97: A feature of packaging that promotes sustainable development initiatives. | K97: For example, packaging made from renewable materials. | M97: X | N97: X | O97: X | P97: X | Q97: X | R97: 3.1.24 | S97: Removed item on the definition.
A98: 1719 | B98: Pakkaustyyppi | C98: Vähittäistuotteen tai kuljetuspakkauksen pakkaustyyppi. | D98: Pakkaustyypeistä valitaan yleisesti tuotteen pakkausta kuvaava pakkaustyyppi. Tuotteella voi olla useampi kuin yksi pakkaustyyppi, jolloin kaikki pakkaustyypit on annettava tuotteelle. Esim. tuote voi olla hajuvesipullo pahvilaatikossa, jolloin sekä pullo että laatikko on annettava pakkaustyypeiksi. Jokaiselle pakkaustyypille annetaan myös pakkausmateriaali ja pakkausmateriaalin paino. Pakkaustyyppiä voidaan tarkentaa antamalla Pakkauksen funktio (id 1708), esim. Vakuumipakkaus. | F98: Tieto on pakollinen kaikille pakkaushierarkian tasolle. | G98: PackageTypeCodeList | H98: Packaging Type Code | I98: Packaging type of retail product or transport packaging. | J98: Information is mandatory for all levels of the packaging hierarchy. For correct Packaging Type, choose the Packaging Type generally describing the packaging of the product. A product may have more than one Packaging Type, in which case all packaging types must be provided with the product. For example, the product may be a perfume bottle in a cardboard box, whereby both the bottle and the box must be provided as packaging types. Packaging material and the weight of the packaging material are also given for each type of packaging. The packing type can be specified by specifying the Packing function code (id 1708), e.g. Vacuum packing. | M98: X | N98: X | O98: X | P98: X | Q98: X
A99: 1723 | B99: Lavan käsittely | C99: Kertoo, miten fyysistä lavaa käsitellään tai kuka sen omistaa. Ilmaisee, onko lava vuokrattu, vaihdettava, talletusta vastaan luovutettava tai kertakäyttöinen. | F99: Tieto on pakollinen, mikäli Lavatyyppi/-koodi on annettu. | G99: PlatformTermsAndConditionsCodeList | H99: Platform Terms And Conditions Code | I99: Define how the physical pallet is handled or who owns it. Indicates whether the pallet is rented, exchanged, transferred for a deposit, or disposable. | J99: The information is required if the Platform type Code is given. | K99: The information is required if the Platform type Code is given. | M99: X | N99: X | O99: X | P99: X | Q99: X
A100: 1724 | B100: Lavatyyppi | C100: Lavatyyppi, jolla tuotetta toimitetaan. | D100: GTIN-koodilla yksilöity yksikkö tulee toimittaa aina määritellyllä lavalla. Panimolavoilla 1200x900 mm lavatyyppi/koodina käytetään: 27 Määrittelemätön lava. | G100: PlatformTypeCodeList | H100: Platform Type Code | I100: The type of pallet of platform that the item is shipped with. | J100: The unit identified by the GTIN code must always be shipped with the specified Pallet. For Brewing Trays 1200x900 mm Pallet Type / Code Used: 27 Unspecified Pallet. | M100: X | N100: X | O100: X | P100: X | Q100: X
A101: 1732 | B101: Pakkausmateriaali | C101: Tuotteeseen käytetyt pakkausmateriaalit, kuten lasi tai muovi. | D101: Kullekin pakkaustyypille ilmoitetaan kaikki sen pakkausmateriaalit. Kuitenkin siten, että jokainen pakkausmateriaali ilmoitetaan vain kerran. Jos esim. puulavalla (23000g) on aaltopahviset kulmasuojat (100g) sekä aaltopahvinen suojalevy (50g), ilmoitetaan pakkausmateriaalit yhteen laskien seuraavasti: Puu 23000g Aaltopahvi 150g Pakkausmateriaalitietoja ei tarvitse ilmoittaa pakkaamattomille tuotteille eikä transboxeille. Vastaanottajat voivat käyttää tätä tietoa esimerkiksi verolaskelmiin/-maksuihin/-tehtäviin tai hiilijalanjäljen laskelmiin/arvioihin (resurssioptimointi) tai määrittelemään käytetty materiaali. | G101: PackagingMaterialTypeCodeList | H101: Packaging Material Type Code | I101: Packaging materials used in the item, such as glass or plastic. | J101: For each type of packaging, all its packaging materials shall be indicated. However, each packing material shall be declared only once. For example, if the wood pallet (23000g) has corrugated corner protectors (100g) and corrugated board (50g), the packaging materials shall be summed up as follows: Wood 23000g Corrugated board 150g Recipients may use this information, for example, for tax calculations / payments / assignments or carbon footprint calculations / estimates (resource optimization) or to define the material used. | M101: X | N101: X | O101: X | P101: X | Q101: X
A102: 1744 | B102: Pakkausmateriaalin paino | C102: Tuotteen pakkausmateriaalin määrä grammoissa. | E102: 5 | F102: Pakko antaa, mikäli Pakkausmateriaali on annettu. | G102: MeasurementUnitCodeList | H102: Packaging Material Composition Quantity | I102: Quantity of item packaging material in grams. | J102: Must be provided if Packaging Material Type Code (id 1732) is given. | M102: X | N102: X | O102: X | P102: X | Q102: X
A103: 1831 | B103: Eränumeroitu | C103: Kertoo, onko tuotteella eränumero. | D103: tämä tieto kertoo ainoastaan sen, että onko tuotteella eränumeroa. Eränumeroa itsessään ei anneta. Eränumero on valmistajan määrittelemä numero, jolla tuote-erä tunnistetaan. Eränumero eroaa sarjanumerosta, joka on myös valmistajan määrittelemä numero. | E103: Kyllä | H103: Has Batch Number | I103: Defines if the product has a batch number. | J103: The batch number is the number assigned by the manufacturer to identify the batch. The batch number is different from the serial number, which is also a manufacturer-defined number. | M103: X | N103: X | O103: X | P103: X | Q103: X
...

Sheet Removed attributes
A1: Finland FMCG Data profile | E1: Back to the Attributes | F1: Back to the Definitions and instructions
A2: Removed attributes
A4: ID | B4: Module | C4: GDSN Name | D4: Attribute name English | E4: Attribute name Finnish | F4: Format | G4: Codelist | H4: Lenght | I4: Applicability | J4: Applicable Level | K4: Consumer Unit Information | L4: Cardinality | M4: Xpath | N4: FI Repeatability on Attribute level | O4: Repeatability on Attribute group(s) level | P4: Groups | Q4: Globality Status | R4: Validation rules | S4: Dependencies | T4: Include GPC | U4: Exclude GPC | V4: Cosmetic information | W4: Packaging Unit information | Y4: BMS Id | Z4: GDM Near Food | AA4: GDM Tobacco | AB4: GDM Alcohol | AC4: Attribute name Swedish | AD4: Started | AE4: Removed
A5: 1201 | B5: NonGTINLogisticsUnitInformationModule | C5: GrossWeight | D5: Gross Weight | E5: GTIN-koodittoman lavan bruttopaino | F5: numeric | I5: CM CM - | J5: NonPallet | L5: 0..1 | M5: nonGTINLogisticsUnitInformationModule/nonGTINLogisticsUnitInformation/grossWeight | N5: No | Q5: TargetMarketDependent | R5: GE_Required,400.153,400.167,G1651,G541 | V5: no | Y5: Global | AC5: Non-GTIN Logistics Unit bruttovikt | AD5: 3.1.x | AE5: 3.1.19
A6: 1204 | B6: NonGTINLogisticsUnitInformationModule | C6: LogisticsUnitStackingFactor | D6: Logistics Unit Stacking Factor | E6: GTIN-koodittoman lavan pinottavuus | F6: numeric | I6: CM CM - | J6: NonPallet | L6: 0..1 | M6: nonGTINLogisticsUnitInformationModule/nonGTINLogisticsUnitInformation/logisticsUnitStackingFactor | N6: No | Q6: TargetMarketDependent | R6: G480,400.149,400.150,G1651 | V6: no | Y6: Global | AC6: Non-GTIN Logistics Unit Staplingsfaktor | AD6: 3.1.x | AE6: 3.1.19
A7: 1192 | B7: NonGTINLogisticsUnitInformationModule | C7: Depth | D7: Depth | E7: GTIN-koodittoman lavan syvyys | F7: numeric | I7: CM CM - | J7: NonPallet | L7: yes | N7: 1664 | O7: Global | T7: 3.1.x | AE7: 3.1.19
A8: 1195 | B8: NonGTINLogisticsUnitInformationModule | C8: Height | D8: Height | E8: GTIN-koodittoman lavan korkeus | F8: numeric | I8: CM CM - | J8: NonPallet | L8: no | N8: 1668 | O8: Global | T8: 3.1.x | AE8: 3.1.19
A9: 1198 | B9: NonGTINLogisticsUnitInformationModule | C9: Width | D9: Width | E9: GTIN-koodittoman lavan leveys | F9: numeric | I9: CM CM - | J9: NonPallet | L9: no | N9: 1671 | O9: Global | T9: 3.1.x | AE9: 3.1.19
A10: 3434 | B10: TradeItemHierarchyModule | C10: QuantityOfLayersPerPallet | D10: Quantity Of Layers Per Pallet | E10: Kerrosten lukumäärä lavalla (GTIN-kooditon lava) | F10: numeric | I10: CM CM - | J10: NonPallet | L10: 0..1 | M10: tradeItemHierarchyModule/tradeItemHierarchy/quantityOfLayersPerPallet | N10: No | Q10: TargetMarketDependent | R10: G481,G530,G576,G1650,400.124,200.027,400.162,400.163 | V10: no | Y10: 1666 | AC10: Antal lager per pallet (GTIN kodlös plattform) | AD10: 3.1.x | AE10: 3.1.19
A11: 3437 | B11: TradeItemHierarchyModule | C11: QuantityOfTradeItemsPerPallet | D11: Quantity Of Trade Items Per Pallet | E11: Kuljetuspakkausten lukumäärä lavalla (GTIN-kooditon lava) | F11: numeric | I11: CM CM - | J11: NonPallet | L11: no | N11: 3619 | O11: Global | T11: 3.1.x | Y11: 1670 | AE11: 3.1.19
A12: 3281 | B12: TradeItemDataCarrierAndIdentificationModule | C12: DataCarrierPresenceCode | D12: Data Carrier Presence Code | E12: Tiedonkantajan esiintymistiheys | F12: codelist | I12: O O O | J12: All | K12: DataCarrier | L12: no | N12: 3479 | O12: Local | T12: 3.1.x | AE12: 3.1.19
A13: 976 | B13: FoodAndBeveragePropertiesInformationModule | C13: PhysiochemicalCharacteristicCode | D13: Physiochemical Characteristic Code | E13: Fysiokemiallinen ominaisuus | F13: codelist | G13: PhysiochemicalCharacteristicCodeList | I13: O - - | J13: BaseUnit | K13: X | L13: 0..1 | M13: foodAndBeveragePropertiesInformationModule/physiochemicalCharacteristic/physiochemicalCharacteristicCode | N13: No | O13: Yes | P13: PhysiochemicalCharacteristic | Q13: TargetMarketDependent | R13: GE_Length,G541 | V13: no | Y13: 1414 | Z13: Local | AC13: Fysiokemisk karaktäristisk kod | AE13: 3.1.21
A14: 977 | B14: FoodAndBeveragePropertiesInformationModule | C14: PhysiochemicalCharacteristicValue | D14: Physiochemical Characteristic Value | E14: Fysiokemiallisen ominaisuuden arvo | F14: numeric | G14: MeasurementUnitCodeList | I14: O - - | J14: BaseUnit | K14: X | L14: 0..* | M14: foodAndBeveragePropertiesInformationModule/physiochemicalCharacteristic/physiochemicalCharacteristicValue | N14: Yes | O14: Yes | P14: PhysiochemicalCharacteristic | Q14: TargetMarketDependent | R14: GE_Required,G541,G1212 | V14: no | Y14: 1415 | Z14: Local | AC14: Fysiokemiskt karaktäristiskt värde | AE14: 3.1.21
A15: 1021 | B15: HealthRelatedInformationModule | C15: DoesTradeItemCompositionIncludeLatex | D15: Does Trade Item Composition Include Latex? | E15: Sisältääkö tuote lateksia | F15: codelist | G15: NonBinaryLogicEnumerationCodeList | I15: O - - | J15: BaseUnit | K15: X | L15: 0..1 | M15: healthRelatedInformationModule/healthRelatedInformation/doesTradeItemCompositionIncludeLatex | N15: No | Q15: TargetMarketDependent | R15: G541 | V15: yes | Y15: 1459 | Z15: - | AC15: Inkluderar handelsvarosammansättning latex | AD15: 3.1.x | AE15: 3.1.21
A16: 1023 | B16: HealthRelatedInformationModule | C16: HealthClaimDescription | D16: Health Claim Description | E16: Terveysväittämä | F16: Description | G16: LanguageCodeList | H16: 1000 | I16: O - - | J16: BaseUnit | K16: X | L16: 0..* | M16: healthRelatedInformationModule/healthRelatedInformation/healthClaimDescription | N16: Yes | Q16: TargetMarketDependent | R16: GE_Length,GE_Required,G1432,G541, 400.256, 400.257, 400.258 | V16: no | Y16: 1461 | AC16: Beskrivning av hälsopåståenden | AE16: 3.1.23
A17: 1733 | B17: PackagingInformationModule | C17: IsPackagingMaterialRecoverable | D17: Is Packaging Material Recoverable | E17: Onko pakkausmateriaali kierrätettävä | F17: codelist | G17: NonBinaryLogicEnumerationCodeList | I17: O O O | J17: All | L17: 0..1 | M17: packagingInformationModule/packaging/packagingMaterial/isPackagingMaterialRecoverable | N17: No | O17: Yes | P17: Packaging/PackagingMaterial | Q17: TargetMarketDependent | R17: G541 | V17: yes | W17: yes | Y17: 2207 | AC17: Kan förpackningsmaterial återvinnas | AD17: 3.1.x | AE17: 3.1.23
A18: 3293 | B18: TradeItemDescriptionModule | C18: AdditionalTradeItemDescription | D18: Additional Trade Item Description | E18: Tuotetta kuvaavat lisätiedot | F18: Description | G18: LanguageCodeList | H18: 500 | I18: O O O | J18: All | L18: 0..* | M18: tradeItemDescriptionModule/tradeItemDescriptionInformation/additionalTradeItemDescription | N18: Yes | Q18: TradingPartnerDependent | R18: GE_Length,GE_Required,G541,G1180 | V18: yes | Y18: 3504 | Z18: Global | AC18: Ytterligare beskrivning av handelsvaror | AE18: 3.1.24
A19: 4662 | B19: PackagingInformationModule | C19: packagingLabellingTypeCode | D19: Packaging Labelling Type Code | E19: Pakkauksen etiketti | F19: codelist | G19: PackagingLabellingTypeCode | I19: O O - | J19: NonPallet | K19: X | L19: 0..* | M19: packagingInformationModule/packaging/packagingMaterial/packagingLabellingTypeCode | N19: Yes | Q19: TargetMarketDependent | V19: no | Y19: 6304 | Z19: Local | AC19: Typ av etikett eller tryck på förpackningen, kod | AE19: 3.1.24
A20: 4663 | B20: PackagingInformationModule | C20: packagingLabellingCoveragePercentage | D20: Packaging Labelling Coverage Percentage | E20: Etiketin peittävyysprosentti | F20: decimal | I20: O O - | J20: NonPallet | K20: X | L20: 0..* | M20: packagingInformationModule/packaging/packagingMaterial/packagingLabellingCoveragePercentage | N20: Yes | Q20: TargetMarketDependent | V20: no | Y20: 6303 | Z20: Local | AC20: Förpackningens täckta yta i procent | AE20: 3.1.24
A21: 3111 | B21: TradeItem | C21: HasDisplayReadyPackaging | D21: Has Display Ready Packaging | E21: Onko Display valmis pakkaus | F21: codelist | G21: NonBinaryLogicEnumerationCodeList | I21: O O O | J21: All | L21: 0..1 | M21: tradeItem/displayUnitInformation/hasDisplayReadyPackaging | N21: No | Q21: TargetMarketDependent | R21: G541 | V21: no | W21: x | Y21: 150 | Z21: Local | AC21: Har Display färdigförpackning | AE21: 3.1.26
A22: 621 | B22: DietInformationModule | C22: DietTypeDescription | D22: Diet Type Description | E22: Ruokavalion kuvaus | F22: Description | G22: LanguageCodeList | H22: 70 | I22: O - - | J22: BaseUnit | K22: X | L22: 0..* | M22: dietInformationModule/dietInformation/dietTypeDescription | N22: Yes | Q22: TargetMarketDependent | R22: GE_Length,GE_Required,G541,G1075 | V22: no | Y22: 1055 | Z22: Local | AC22: Diettyp beskrivning | AE22: 3.1.26
A23: 2392 | B23: ProductCharacteristicsModule | C23: ProductCharacteristicCode | D23: Product Characteristic Code | E23: Tuotteen ominaisuus | F23: codelist | G23: ProductCharacteristicCodeList | I23: CM - - | J23: BaseUnit | K23: X | L23: 1..1 | M23: productCharacteristicsModule/productCharacteristics/productCharacteristicCode | N23: No | O23: Yes | P23: ProductCharacteristics | Q23: TargetMarketDependent | R23: G541,GE_Required | V23: yes | Y23: 2857 | Z23: Global | AC23: Produktegenskapsklass kod | AD23: 3.1.x | AE23: 3.1.26 | AF23: 43468 | AG23: Few codes removed in the standards. See tab Removed codes
A24: 2399 | B24: ProductCharacteristicsModule | C24: ProductCharacteristicValueDescription | D24: Product Characteristic Value Description | E24: Tuotteen ominaisuuden kuvaus | F24: Description | G24: LanguageCodeList | H24: 5000 | I24: CM - - | J24: BaseUnit | K24: X | L24: 0..* | M24: productCharacteristicsModule/productCharacteristics/productCharacteristicValueDescription | N24: Yes | O24: Yes | P24: ProductCharacteristics | Q24: TargetMarketDependent | R24: GE_Length,GE_Required,400.175,G541,G1265 | S24: If 'Product Characteristic Code'(2392) is given, 'Product Characteristic Value Description ' (2399) MUST be given | V24: yes | Y24: 2862 | Z24: Global | AC24: Produktegenskap värde | AD24: 3.1.x | AE24: 3.1.26
A25: 3323 | B25: TradeItemDescriptionModule | C25: TradeItemGroupIdentificationCodeReferenceGroupCodeReference | D25: Trade Item Identification Code Reference Code Reference | E25: Tuoteperheen tunnistenumero | F25: Description | H25: 80 | I25: CM CM - | J25: NonPallet | L25: 0..1 | M25: tradeItemDescriptionModule/tradeItemDescriptionInformation/tradeItemGroupIdentificationCodeReference | N25: No | O25: Yes | P25: TradeItemGroupIdentificationCodeReference | Q25: TradingPartnerDependent | R25: GE_Length,GE_Required,G1232 | S25: There must be at most one iteration of tradeItemGroupIdentificationCodeReference | V25: yes | Y25: 3522 | Z25: Local | AC25: Handelsidentifieringskod | AD25: 3.1.x | AE25: 3.1.26
A26: 3324 | B26: TradeItemDescriptionModule | C26: TradeItemGroupIdentificationCodeReferenceGroupCodeDescription | D26: Trade Item Identification Code Reference Code Description | E26: Tuoteperheen nimi | F26: Description | H26: 80 | I26: CM CM - | J26: NonPallet | L26: 0..1 | M26: tradeItemDescriptionModule/tradeItemDescriptionInformation/tradeItemGroupIdentificationCodeReference/@codeDescription | N26: No | O26: Yes | P26: TradeItemGroupIdentificationCodeReference | Q26: TradingPartnerDependent | R26: GE_Length,G464,400.130 | S26: If 'Code Description [Identification Code]' (3323) is given, 'Code Description [Name]' (3324) MUST be given | V26: yes | Y26: 3523 | Z26: Local | AC26: Beskrivning av handelsvaran | AD26: 3.1.x | AE26: 3.1.26
A27: 1067 | B27: MarketingInformationModule | C27: TradeItemFeatureBenefit | D27: Trade Item Feature Benefit | E27: Tuotteen mainitut ominaisuudet | F27: Description | H27: 250 | I27: O O - | J27: NonPallet | L27: 0..* | M27: /catalogue_item_notification:catalogueItemNotificationMessage/transaction/documentCommand/catalogue_item_notification:catalogueItemNotification/catalogueItem/tradeItem/tradeItemInformation/extension/*[namespace-uri()='urn:gs1:gdsn:marketing_information:xsd:3' and local-name()='marketingInformationModule']/marketingInformation/tradeItemFeatureBenefit | N27: Yes | Q27: TargetMarketDependent | V27: yes | Y27: 1494 | Z27: Local | AC27: Funktionsfördel | AE27: 3.1.27
A28: 14 | B28: AllergenInformationModule | C28: AllergenSpecificationAgency | D28: Allergen Specification Agency | E28: Allergeeni määrittelyn ylläpitäjä | F28: Description | H28: 70 | I28: CM - - | J28: BaseUnit | L28: 0..1 | M28: allergenInformationModule/allergenRelatedInformation/allergen/ | N28: Yes | Q28: TargetMarketDependent | Y28: 368 | Z28: Local | AE28: 3.1.27
A29: 15 | B29: AllergenInformationModule | C29: AllergenSpecificationName | D29: Allergen Specification Name | E29: Allergeeni määrittelyn nimi | F29: Description | H29: 70 | I29: CM - - | J29: BaseUnit | L29: 0..1 | M29: allergenInformationModule/allergenRelatedInformation/allergen/ | N29: Yes | Q29: TargetMarketDependent | Y29: 369 | Z29: Local | AE29: 3.1.27
A30: 3029 | B30: MaterialModule | C30: MaterialContent | D30: Material Content | E30: Materiaali | F30: Description | H30: 70 | I30: O - - | J30: BaseUnit | K30: X | L30: 0..* | M30: materialModule/material/materialComposition/materialContent | N30: Yes | O30: Yes | P30: TextileMaterial/TextileMaterialComposition | Q30: TargetMarketDependent | R30: GE_Length,GE_Required,G541,G1499 | V30: no | Y30: 3455 | Z30: - | AE30: 3.1.27
A31: 16 | B31: AllergenInformationModule | C31: AllergenStatement | D31: Allergen Statement | E31: Allergeeniväittämä | F31: Description | H31: 1000 | I31: O - - | J31: BaseUnit | K31: X | L31: 0..* | M31: allergenInformationModule/allergenRelatedInformation/allergenStatement | N31: Yes | O31: Yes | P31: AllergenRelatedInformation | Q31: TargetMarketDependent | R31: GE_Length,GE_Required,G1436,G541,G1181 | V31: yes | Y31: 370 | Z31: Local | AE31: 3.1.29
A32: 1096 | B32: MarketingInformationModule | C32: SeasonalAvailabilityEndDateTime | D32: Seasonal Availability End Date Time | E32: Kausisaatavuus päättyy | F32: datetime | I32: CM CM CM | J32: BaseUnit | K32: X | L32: 0..1 | M32: marketingInformationModule/marketingInformation/season/seasonalAvailabilityEndDateTime | N32: No | O32: Yes | P32: Season | Q32: TargetMarketDependent | R32: G341,400.084 | S32: If 'Seasonal Availability End Date Time' (1096) is given, 'Seasonal Availability Start Date Time' (1097) MUST be given | V32: no | Y32: 1551 | Z32: Local | AE32: 3.1.29
A33: 1097 | B33: MarketingInformationModule | C33: SeasonalAvailabilityStartDateTime | D33: Seasonal Availability Start Date Time | E33: Kausisaatavuus alkaa | F33: datetime | I33: CM CM CM | J33: BaseUnit | K33: X | L33: 0..1 | M33: marketingInformationModule/marketingInformation/season/seasonalAvailabilityStartDateTime | N33: No | O33: Yes | P33: Season | Q33: TargetMarketDependent | R33: G341,400.083 | V33: no | Y33: 1552 | Z33: Local | AE33: 3.1.29
A34: 944 | B34: FoodAndBeveragePreparationServingModule | C34: PreparationTypeCode | D34: Preparation Type Code | E34: Valmistustapa | F34: codelist | I34: O - - | J34: BaseUnit | K34: X | L34: 1..1 | M34: foodAndBeveragePreparationServingModule/preparationServing/preparationTypeCode | N34: No | O34: Yes | P34: NutrientHeader | Q34: TargetMarketDependent | R34: G541,GE_Required | V34: no | Y34: 1379 | Z34: Global | AE34: 3.1.29
A35: 250 | B35: CertificationInformationModule | C35: CertificationAssessmentDateTime | D35: Certification Assessment Date Time | E35: Sertifikaatin arviointipäivä | F35: datetime | I35: O - - | J35: BaseUnit | L35: 0..1 | M35: certificationInformationModule/certificationInformation/certification/certificationAssessmentDateTime | N35: No | O35: Yes | P35: CertificationGroup | Q35: TargetMarketDependent | V35: yes | Y35: 681 | Z35: Local | AE35: 3.1.29
A36: 800 | B36: FarmingAndProcessingInformationModule | C36: GeneticallyModifiedDeclarationCode | D36: Genetically Modified Declaration Code | E36: Sisältääkö geneettisesti muunneltuja ainesosia | F36: codelist | G36: LevelOfContainmentCode | I36: O - - | J36: BaseUnit | K36: X | L36: 0..1 | M36: farmingAndProcessingInformationModule/tradeItemFarmingAndProcessing/geneticallyModifiedDeclarationCode | N36: No | Q36: TargetMarketDependent | R36: G541 | V36: yes | Y36: 1258 | Z36: Global | AC36: Genetiskt modifierad deklarationskod | AE36: 3.1.31
A37: 50114 | B37: FarmingAndProcessingInformationModule | C37: GeneticallyModifiedOrganism | D37: Genetically Modified Organism | E37: Geenimuunnellut ainesosat | F37: Description | I37: CM - - | J37: BaseUnit | K37: X | L37: 0..1 | M37: farmingAndProcessingInformationModule/avpList/stringAVP[@attributeName='GeneticallyModifiedOrganism'] | N37: No | Q37: TargetMarketDependent | R37: 400.188,400.050 | V37: yes | Z37: Local | AC37: Genmodifierad organism | AD37: 3.1.x | AE37: 3.1.31
A38: 721 | B38: DutyFeeTaxInformationModule | C38: IsTradeItemACombinationItem | D38: Is Trade Item A Combination Item | E38: Yhdistelmätuote | F38: codelist | G38: NonBinaryLogicEnumerationCodeList | I38: O - - | J38: BaseUnit | K38: X | L38: 0..1 | M38: dutyFeeTaxInformationModule/dutyFeeTaxInformation/isTradeItemACombinationItem | N38: No | O38: Yes | P38: DutyFeeTaxInformation | Q38: TargetMarketDependent | R38: G541 | V38: yes | Y38: 1155 | Z38: Local | AC38: Är handelsobjekt en kombinationsartikel | AD38: 3.1.x | AE38: 3.1.31
A39: 4322 | B39: FarmingAndProcessingInformationModule | C39: PostHarvestTreatmentChemicalCode | D39: Post Harvest Treatment Chemical Code | E39: Sadonkorjuun jälkeinen kemiallinen käsittely | F39: codelist | G39: PostHarvestTreatmentChemicalCodeList | I39: O - - | J39: BaseUnit | K39: X | L39: 0..* | M39: farmingAndProcessingInformationModule/tradeItemFarmingAndProcessing/postHarvestTreatmentChemicalCode | N39: Yes | Q39: TargetMarketDependent | R39: G541 | V39: no | Y39: 1264 | Z39: Local | AC39: Kemisk behandling efter skörd kod | AD39: 3.1.x | AE39: 3.1.31
A40: 557 | B40: DeliveryPurchasingInformationModule | C40: ConsumerFirstAvailabilityDateTime | D40: Consumer First Availability Date Time | E40: Ensimmäinen saatavuuspäivä kuluttajille | F40: datetime | I40: O O O | J40: All | K40: X | L40: 0..1 | M40: deliveryPurchasingInformationModule/deliveryPurchasingInformation/consumerFirstAvailabilityDateTime | N40: No | Q40: TradingPartnerDependent | V40: yes | Y40: 1001 | Z40: Local | AC40: Lanseringstidpunkt | AD40: 3.1.x | AE40: 3.1.31
A41: 3524 | B41: TradeItemMeasurementsModule | C41: PegHoleTypeCode | D41: Peg Hole Type Code | E41: Piikkireikäkoodi | F41: codelist | G41: PegHoleTypeCodeList | I41: CM CM - | J41: NonPallet | K41: X | L41: 0..1 | M41: tradeItemMeasurementsModule/tradeItemMeasurements/pegMeasurements/pegHoleTypeCode | N41: No | O41: Yes | P41: PegMeasurements | Q41: TargetMarketDependent | R41: GE_Length,G541,400.156 | V41: no | Y41: 3757 | Z41: Local | AC41: Typ av pinhål | AD41: 3.1.x
A42: 3523 | B42: TradeItemMeasurementsModule | C42: PegHoleNumber | D42: Peg Hole Number | E42: Piikkireikien lukumäärä | F42: numeric | I42: CM CM - | J42: NonPallet | K42: X | L42: 1..1 | M42: tradeItemMeasurementsModule/tradeItemMeasurements/pegMeasurements/pegHoleNumber | N42: No | O42: Yes | P42: PegMeasurements | Q42: TargetMarketDependent | R42: GE_Required,G1657 | V42: no | Y42: 3752 | Z42: Local | AC42: Pinhål nummer | AE42: 3.1.31
A43: 3525 | B43: TradeItemMeasurementsModule | C43: PegHorizontal | D43: Peg Horizontal | E43: Piikkireiän vaakasuunnan etäisyys | F43: numeric | G43: MeasurementUnitCodeList | I43: CM CM - | J43: NonPallet | K43: X | L43: 1..1 | M43: tradeItemMeasurementsModule/tradeItemMeasurements/pegMeasurements/pegHorizontal | N43: No | O43: Yes | P43: PegMeasurements | Q43: TargetMarketDependent | R43: GE_Required,G541 | V43: no | W43: no | Y43: 3753 | Z43: Local | AC43: Horisontellt avstånd fron pinhålet | AE43: 3.1.31
A44: 3528 | B44: TradeItemMeasurementsModule | C44: PegVertical | D44: Peg Vertical | E44: Piikkireiän pystysuunnan etäisyys | F44: numeric | G44: MeasurementUnitCodeList | I44: CM CM - | J44: NonPallet | K44: X | L44: 1..1 | M44: tradeItemMeasurementsModule/tradeItemMeasurements/pegMeasurements/pegVertical | N44: No | O44: Yes | P44: PegMeasurements | Q44: TargetMarketDependent | R44: GE_Required,G541 | V44: no | W44: no | Y44: 3755 | Z44: Local | AC44: Vertikalt avstånd från pinhålet | AE44: 3.1.31
A45: 3605 | B45: TradeItemTemperatureInformationModule | C45: MaximumToleranceTemperature | D45: Maximum Tolerance Temperature | E45: Maksimi lämpötilatoleranssi | F45: numeric | G45: TemperatureMeasurementUnitCodeList | I45: O O O | J45: All | L45: 0..1 | M45: tradeItemTemperatureInformationModule/tradeItemTemperatureInformation/maximumToleranceTemperature | N45: No | O45: Yes | P45: TradeItemTemperatureInformation | Q45: TargetMarketDependent | R45: GE_Required,G362,G1287,GE_Length,G541 | V45: yes | Y45: 3824 | Z45: Local | AC45: Högsta toleransstemperatur | AD45: 3.1.x | AE45: 3.1.31
A46: 3611 | B46: TradeItemTemperatureInformationModule | C46: MinimumToleranceTemperature | D46: Minimum Tolerance Temperature | E46: Minimi lämpötilatoleranssi | F46: numeric | G46: TemperatureMeasurementUnitCodeList | I46: O O O | J46: All | L46: 0..1 | M46: tradeItemTemperatureInformationModule/tradeItemTemperatureInformation/minimumToleranceTemperature | N46: No | O46: Yes | P46: TradeItemTemperatureInformation | Q46: TargetMarketDependent | R46: GE_Required,G362,G1286,GE_Length,G541 | V46: yes | Y46: 3828 | Z46: Local | AC46: Lägsta toleransstemperatur | AD46: 3.1.x | AE46: 3.1.31
A47: 4672 | B47: TradeItemTemperatureInformationModule | C47: labelledTemperature | D47: Labelled Temperature | E47: Pakkaukseen merkitty lämpötila | I47: O - - | J47: BaseUnit | K47: X | L47: 0..* | M47: tradeItemTemperatureInformationModule/tradeItemTemperatureInformation/labelledTemperature | N47: Yes | Q47: TargetMarketDependent | V47: no | Y47: 6288 | Z47: - | AC47: Märkt temperatur | AD47: 3.1.x | AE47: 3.1.31
A48: 1099 | B48: MarketingInformationModule | C48: SeasonName | D48: Season Name | E48: Sesongin nimi | F48: Description | G48: LanguageCodeList | H48: 70 | I48: O - - | J48: BaseUnit | K48: X | L48: 0..* | M48: marketingInformationModule/marketingInformation/season/seasonName | N48: Yes | O48: Yes | P48: Season | Q48: TargetMarketDependent | R48: GE_Length,GE_Required,G541 | V48: no | Y48: 1554 | Z48: Local | AC48: Säsong namn | AD48: 3.1.x | AE48: 3.1.31
A49: 1066 | B49: MarketingInformationModule | C49: SpecialItemCode | D49: Special Item Code | E49: Erityistuotteen tyyppi | F49: codelist | G49: SpecialItemCodeList | I49: O - - | J49: BaseUnit | K49: X | L49: 0..* | M49: marketingInformationModule/marketingInformation/specialItemCode | N49: Yes | O49: Yes | P49: TradeItemMarketingMessage | Q49: TargetMarketDependent | R49: G541 | V49: yes | Y49: 1493 | Z49: Local | AC49: Specialartikel kod | AE49: 3.1.33
A50: 1161 | B50: NonfoodIngredientModule | C50: AdditiveName | D50: Additive Name | E50: Non-food lisätiedot | F50: Description | H50: 200 | I50: CM - - | J50: BaseUnit | K50: X | L50: 1..1 | M50: nonfoodIngredientModule/additiveInformation/additiveName | N50: No | O50: Yes | P50: NonFoodIngredientModuleAdditiveInformation | Q50: TargetMarketDependent | R50: GE_Length,GE_Required | V50: yes | Y50: 1630 | Z50: - | AC50: Tillsatsnamn | AE50: 3.1.33
A51: 1162 | B51: NonfoodIngredientModule | C51: LevelOfContainmentCode | D51: Level Of Containment Code | E51: Kontaminaatioaste | F51: codelist | G51: LevelOfContainmentCode | I51: CM - - | J51: BaseUnit | K51: X | L51: 1..1 | M51: nonfoodIngredientModule/additiveInformation/levelOfContainmentCode | N51: No | O51: Yes | P51: NonFoodIngredientModuleAdditiveInformation | Q51: TargetMarketDependent | R51: G541,GE_Required | V51: yes | Y51: 1631 | Z51: - | AC51: Innehållsnivå kod | AE51: 3.1.33
A52: 3251 | B52: TradeItem | C52: CancelledDateTime | D52: Cancelled Date Time | E52: Lanseerauksen peruutuksen päivämäärä | F52: datetime | I52: O O O | J52: All | L52: 0..1 | M52: tradeItem/tradeItemSynchronisationDates/cancelledDateTime | N52: No | Q52: Global | R52: G44,G2,G1038,G107,910.001,910.002,910.014 | V52: yes | Y52: 141 | Z52: Local | AC52: Inställd tidpunkt för utgående artikel | AE52: 3.1.33
A53: 1834 | B53: PackagingMarkingModule | C53: IsPriceOnPack | D53: Is Price On Pack | E53: Päälle painettu hinta | F53: boolean | I53: O O O | J53: All | L53: 0..1 | M53: packagingMarkingModule/packagingMarking/isPriceOnPack | N53: No | Q53: Global | V53: no | Y53: 2309 | Z53: Global | AC53: Är priset på paketet | AE53: 3.1.35
A54: 3719 | B54: VariableTradeItemInformationModule | C54: VariableWeightAllowableDeviationPercentage | D54: Variable Weight Allowable Deviation Percentage | E54: Vaihteluväli prosentteina | F54: numeric | I54: CO CO CO | J54: All | L54: 0..1 | M54: variableTradeItemInformationModule/variableTradeItemInformation/variableWeightAllowableDeviationPercentage | N54: No | Q54: TargetMarketDependent | R54: 400.092 | S54: Variable Weight Allowable Deviation Percentage' (3719) CAN ONLY be specified, WHEN 'Is Trade Item A Variable Unit' (3717) = true | V54: yes | X54: yes | Y54: 3910 | Z54: Local | AC54: Variabel vikt tillåtna avvikelsesprocent | AE54: 3.1.35
A55: 737 | B55: DutyFeeTaxInformationModule | C55: DutyFeeTaxReductionCriteriaDescription | D55: Duty Fee Tax Reduction Criteria Description | E55: Alennus / vapautus valmisteverosta | F55: Description | G55: LanguageCodeList | H55: 200 | I55: O - - | J55: BaseUnit | K55: X | L55: 0..* | M55: dutyFeeTaxInformationModule/dutyFeeTaxInformation/dutyFeeTax/dutyFeeTaxReductionCriteriaDescription | N55: Yes | O55: Yes | P55: DutyFeeTaxInformation/dutyFeeTax | Q55: TargetMarketDependent | R55: GE_Length,GE_Required,G541,G1486 | V55: no | Y55: 1179 | Z55: Local | AC55: Minskning / undantag från MOMS | AE55: 3.1.35
A56: 3880 | B56: AnimalFeedingModule | C56: AnimalNutritionalClaim | D56: Animal Nutritional Claim | E56: Eläinten ravitsemuksen ravintoväite | F56: Description | G56: LanguageCodeList | H56: 5000 | I56: O - - | J56: BaseUnit | K56: X | L56: 0..* | M56: animalFeedingModule/animalNutritionalClaim | N56: Yes | Q56: TargetMarketDependent | R56: GE_Length,GE_Required,G1428,G541 | V56: no | Y56: 386 | Z56: - | AC56: Djurens näringspåstående | AE56: 3.1.35
A57: 3888 | B57: AnimalFeedingModule | C57: FeedingAmountBasisDescription | D57: Feeding Amount Basis Description | E57: Ruokintamäärän perusteet | F57: Description | G57: LanguageCodeList | H57: 500 | I57: O - - | J57: BaseUnit | K57: X | L57: 0..* | M57: animalFeedingModule/animalFeeding/animalFeedingDetail/feedingAmountBasisDescription | N57: Yes | O57: Yes | P57: AnimalFeeding/AnimalFeedingDetail | Q57: TargetMarketDependent | R57: GE_Length,GE_Required,G1427,G541,G1405 | V57: no | Y57: 418 | Z57: - | AC57: Basmängd för näringsdeklarationen | AE57: 3.1.35
A58: 3889 | B58: AnimalFeedingModule | C58: MaximumFeedingAmount | D58: Maximum Feeding Amount | E58: Maksimi ruokintamäärä | F58: numeric | G58: MeasurementUnitCodeList | I58: O - - | J58: All | K58: X | L58: 0..* | M58: animalFeedingModule/animalFeeding/animalFeedingDetail/maximumFeedingAmount | N58: Yes | O58: Yes | P58: AnimalFeeding/AnimalFeedingDetail | Q58: TargetMarketDependent | R58: GE_Required,G541,G1392 | V58: no | Y58: 420 | Z58: - | AC58: Största fodermängd värde | AE58: 3.1.35
A59: 3890 | B59: AnimalFeedingModule | C59: minimunFeedingAmount | D59: Minimum Feeding Amount | E59: Minimi ruokintamäärä | F59: numeric | G59: MeasurementUnitCodeList | I59: O - - | J59: All | K59: X | L59: 0..* | M59: animalFeedingModule/animalFeeding/animalFeedingDetail/minimumFeedingAmount | N59: Yes | O59: Yes | P59: AnimalFeeding/AnimalFeedingDetail | Q59: TargetMarketDependent | R59: GE_Required,G541,G1393 | V59: no | Y59: 422 | Z59: - | AC59: Minsta fodermängd värde | AE59: 3.1.35
A60: 3893 | B60: AnimalFeedingModule | C60: AnimalNutrientTypeCode | D60: Animal Nutrient Type Code | E60: Eläinten ravitsemuksen ravintotekijä | F60: codelist | G60: NutrientTypeCodeList | I60: O - - | J60: BaseUnit | K60: X | L60: 1..1 | M60: animalFeedingModule/animalFeeding/animalFeedingDetail/animalNutrientDetail/animalNutrientTypeCode | N60: No | O60: Yes | P60: AnimalFeeding/AnimalFeedingDetail/AnimalNutrientDetail | Q60: TargetMarketDependent | R60: G541,GE_Required | V60: no | Y60: 204 | Z60: - | AC60: Djurets näringsämne kod | AE60: 3.1.35
A61: 3894 | B61: AnimalFeedingModule | C61: AnimalNutrientExactPercentage | D61: Animal Nutrient Exact Percentage | E61: Ravintotekijän tarkka määrä prosenteissa | F61: numeric | I61: O - - | J61: BaseUnit | K61: X | L61: 0..1 | M61: animalFeedingModule/animalFeeding/animalFeedingDetail/animalNutrientDetail/animalNutrientExactPercentage | N61: No | O61: Yes | P61: AnimalFeeding/AnimalFeedingDetail/AnimalNutrientDetail | Q61: TargetMarketDependent | V61: no | Y61: 205 | Z61: - | AC61: Djurets Näringsämne Exakt Procent | AE61: 3.1.35
A62: 3895 | B62: AnimalFeedingModule | C62: AnimalNutrientMaximumPercentage | D62: Animal Nutrient Maximum Percentage | E62: Ravintotekijän maksimimäärä prosenteissa | F62: numeric | I62: O - - | J62: BaseUnit | K62: X | L62: 0..1 | M62: animalFeedingModule/animalFeeding/animalFeedingDetail/animalNutrientDetail/animalNutrientMaximumPercentage | N62: No | O62: Yes | P62: AnimalFeeding/AnimalFeedingDetail/AnimalNutrientDetail | Q62: TargetMarketDependent | V62: no | Y62: 206 | Z62: - | AC62: Djurets Näringsämne Maximal procent | AE62: 3.1.35
A63: 3896 | B63: AnimalFeedingModule | C63: AnimalNutrientMinimumPercentage | D63: Animal Nutrient Minimum Percentage | E63: Ravintotekijän minimimäärä prosenteissa | F63: numeric | I63: O - - | J63: BaseUnit | K63: X | L63: 0..1 | M63: animalFeedingModule/animalFeeding/animalFeedingDetail/animalNutrientDetail/animalNutrientMinimumPercentage | N63: No | O63: Yes | P63: AnimalFeeding/AnimalFeedingDetail/AnimalNutrientDetail | Q63: TargetMarketDependent | V63: no | Y63: 207 | Z63: - | AC63: Djurets Näringsämne minimiprocent | AE63: 3.1.35
A64: 3897 | B64: AnimalFeedingModule | C64: AnimalNutrientQuantityContained | D64: Animal Nutrient Quantity Contained | E64: Ravintotekijän määrä | F64: numeric | G64: MeasurementUnitCodeList | I64: O - - | J64: All | K64: X | L64: 0..* | M64: animalFeedingModule/animalFeeding/animalFeedingDetail/animalNutrientDetail/animalNutrientQuantityContained | N64: Yes | O64: Yes | P64: AnimalFeeding/AnimalFeedingDetail/AnimalNutrientDetail | Q64: TargetMarketDependent | R64: GE_Required,G541,G1400 | V64: no | Y64: 208 | Z64: - | AC64: Djurets näringsämnesmängd värde | AE64: 3.1.35
A65: 1723 | B65: PackagingInformationModule | C65: PlatformTermsAndConditionsCode | D65: Platform Terms And Conditions Code | E65: Lavan käsittely | F65: codelist | G65: PlatformTermsAndConditionsCodeList | I65: CM CM CM | J65: All | L65: 0..1 | M65: packagingInformationModule/packaging/platformTermsAndConditionsCode | N65: No | O65: Yes | P65: Packaging | Q65: TargetMarketDependent | R65: GE_Length,G541,400.081 | S65: For every iteration of 'packaging' class where 'Platform Type Code' (1724) is given, 'Platform Terms And Conditions Code' (1723) MUST also be given. | V65: no | X65: yes | Y65: 2180 | Z65: Global | AC65: Plattformsvillkor kod | AE65: 3.1.35
A66: 7077 | B66: FoodAndBeverageIngredientModule | C66: ingredientGroupContentPercentage | D66: Ingredient Group Content Percentage | E66: Ainesosaryhmän määrä prosenteissa | F66: decimal | I66: O - - | J66: BaseUnit | K66: x | L66: 0..1 | M66: /catalogue_item_notification:catalogueItemNotificationMessage/transaction/documentCommand/catalogue_item_notification:catalogueItemNotification/catalogueItem/tradeItem/tradeItemInformation/extension/*[namespace-uri()='urn:gs1:gdsn:food_and_beverage_ingredient:xsd:3' and local-name()='foodAndBeverageIngredientModule']/ingredientGroup/ingredientGroupContentPercentage | N66: No | X66: 8767 | Y66: Local | AD66: 3.1.33 | AE66: 3.1.36
A67: 833 | B67: FoodAndBeverageIngredientModule | C67: GrowingMethodCode | D67: Growing Method Code | E67: Tuotantomenetelmä | F67: codelist | G67: GrowingMethodCodeList | I67: O - - | J67: BaseUnit | K67: X | L67: 0..* | M67: foodAndBeverageIngredientModule/foodAndBeverageIngredient/ingredientFarmingProcessing/growingMethodCode | N67: Yes | V67: no | X67: 1309 | Y67: Local | AC67: Växtmetodkod | AE67: 3.1.35

Sheet Data Quality
A1: Tuotetiedon tarkistukset | C1: For rules, please refer to GS1 GDSN Navigator: navigator.gs1.org/ and the GS1 Finland Documentation page https://gs1.fi/en/customersupport/gdsn/gs1-data-dokumentation | D1: Back to the Attributes
A2: Local and global rules | C2: Säännöt löydät osoitteesta: navigator.gs1.org/ ja GS1 Finlandin Dokumentaatio ja päivitykset https://gs1.fi/fi/asiakastuki/gdsn/gs1-data-dokumentaatio-ja-paivitykset | D2: Back to the Definitions and instructions

Sheet FI_DangerousGoodsPackingGroup
A1: Attribute Id | B1: 3675 | C1: DangerousGoodsPackingGroup | D1: Back to the Attributes | E1: Back to the Definitions and instructions
A2: BMS Id | B2: 3882 | C2: VAK pakkausryhmä
A5: Code | B5: Code name Finnish | C5: Selite | D5: Ohje | E5: Code name English | F5: Definition English | G5: Code name Swedish | H5: Used in Finland | I5: Started | J5: Changed | K5: Deleted | L5: Muutos | M5: Last update notification
A6: I | B6: I Erittäin vaaralliset aineet | E6: I Substances with high danger
A7: II | B7: II Vaaralliset aineet | E7: II Substances with medium danger
A8: III | B8: III Vähäistä vaaraa aiheuttavat | E8: III Substances with low danger
A9: NA | B9: N/A | E9: N/A | I9: 3.1.33

Sheet ADRTunnelRestrictioncode
A1: Attribute Id | B1: 3662 | C1: ADRTunnelRestrictionCode | D1: Back to the Attributes | E1: Back to the Definitions and instructions
A2: BMS Id | B2: 3863 | C2: Tunnelirajoituskoodi
A5: Code | B5: Code name Finnish | C5: Selite | D5: Ohje | E5: Code name English | F5: Definition English | G5: Code name Swedish | H5: Used in Finland | I5: Started | J5: Changed | K5: Deleted | L5: Muutos | M5: Last update notification
A6: B | B6: Läpikulku kielletty tunnelikategorian B, C, D ja E tunneleissa | E6: Transit through tunnel category B, C, D and E prohibited. | H6: X | I6: 3.1.33
A7: B1000C | B7: Räjähteen kokonaisnettomassan kuljetusyksikköä kohti ollessa suurempi kuin 1000 kg: 1000 kg Läpikulku kielletty tunnelikategorian B, C, D ja E tunneleissa;alle 1000 kg:Läpikulku kielletty tunnelikategorian C, D ja E tunneleissa. | E7: Transport with net explosive mass of substance per unit: exceeds 1000 kg: Transit through tunnel category B, C, D and E prohibited; does not exceed 1000 kg: Transit through tunnel category C, D and E prohibited. | H7: X | I7: 3.1.33
A8: B/D | B8: Säiliökuljetus: Läpikulku kielletty tunnelikategorian B, C, D ja E tunneleissa Muu kuljetus: Läpikulku kielletty tunnelikategorian D ja E tunneleissa | E8: Transport in tanks: Transit through tunnel category B, C, D and E prohibited.Other transport: Transit through tunnel category D and E prohibited. | H8: X | I8: 3.1.33
A9: B/E | B9: Säiliökuljetus: Läpikulku kielletty tunnelikategorian B, C, D ja E tunneleissa Muu kuljetus: Läpikulku kielletty tunnelikategorian E tunneleissa | E9: Transport in tanks: Transit through tunnel category B, C, D and E prohibited. Other transport: Transit through tunnel category D and E prohibited. | H9: X | I9: 3.1.33
A10: C | B10: Läpikulku kielletty tunnelikategorian C, D ja E tunneleissa | E10: Transit through tunnel category C, D and E prohibited. | H10: X | I10: 3.1.33
A11: C5000D | B11: Räjähteen kokonaisnettomassa kuljetusyksikköä kohti- suurempi kuin 5 000 kg: Läpikulku kielletty tunnelikategorian C, D ja E tunneleissa; - enintään 5 000 kg: Läpikulku kielletty tunnelikategorian D ja E tunneleissa | E11: Transport with net explosive mass of substance per unit- exceeds 5000 kg: Transit through tunnel category C, D and E prohibited;- does not exceed 5000 kg: Transit through tunell category D and E prohibited. | H11: X | I11: 3.1.33
A12: C/D | B12: Säiliökuljetus: Läpikulku kielletty tunnelikategorian C, D ja Etunneleissa; Muu kuljetus: Läpikulku kielletty tunnelikategorian D ja E tunneleissa | E12: Transport in tanks: Transit through tunnel category C, D and E prohibited.Other transport: Transit through tunnel category D and E prohibited. | H12: X | I12: 3.1.33
A13: C/E | B13: Säiliökuljetus: Läpikulku kielletty tunnelikategorian C, D ja E tunneleissa;Muu kuljetus: Läpikulku kielletty tunnelikategorian E tunneleissa | E13: Transport in tanks: Transit through tunnel category C, D and E prohibited.Other transport: Transit through tunnel category E prohibited. | H13: X | I13: 3.1.33
A14: D | B14: Läpikulku kielletty tunnelikategorian D ja E tunneleissa | E14: Transit through tunnel category D and E prohibited. | H14: X | I14: 3.1.33
A15: D/E | B15: Säiliö- tai irtotavarakuljetus: Läpikulku kielletty tunnelikategorian D ja E tunneleissa;Muu kuljetus: Läpikulku kielletty tunnelikategorian E tunneleissa | E15: Transport as bulk goods or transport in tanks: Transit through tunnel category D and E prohibited.Other transport: Transit through tunnel category E prohibited. | H15: X | I15: 3.1.33
A16: E | B16: Läpikulku kielletty tunnelikategorian E tunneleissa | E16: Transit through tunnel category E prohibited. | H16: X | I16: 3.1.33
A17: – | B17: Läpikulku sallittu kaikissa tunneleissa (UN 2919 ja 3331, ks. Myös kohta 8.6.3.1) | E17: Transit through all tunnel permitted (for UN numbers 2919 and 3331 see subsection 8.6.3.1). | H17: X | I17: 3.1.33

Sheet ingredientGroupCode
A1: Attribute Id | B1: 7075 | C1: ingredientGroupCode | D1: Back to the Attributes | E1: Back to the Definitions and instructions
A2: BMS Id | B2: 8762 | C2: Ainesosaryhmä
A5: Code | B5: Code name Finnish | C5: Selite | D5: Ohje | E5: Code name English | F5: Definition English | G5: Code name Swedish | H5: Used in Finland | I5: Started | J5: Changed | K5: Deleted | L5: Muutos | M5: Last update notification
A6: BERRY | B6: Marjapitoisuus | E6: Berry | F6: Identifies the berries contained in the product. | H6: X | I6: 3.1.33
A7: PHOSPHORUS | B7: Fosforipitoisuus | E7: Phosphorus | F7: Identifies the phosphorus contained in the product. | I7: 3.1.33
A8: SUGAR_ADDED | B8: Lisätyn sokerin pitoisuus | E8: Sugar, added | F8: Identifies the added sugar contained in the product. | H8: X | I8: 3.1.33
A9: BERRY_AND_FRUIT | B9: Marja- ja hedelmäpitoisuus | E9: Berry and fruit | F9: Identifies the berries and fruits contained in the product. | H9: X | I9: 3.1.36
A10: COLLAGEN_MEAT_PROTEIN_RATIO | B10: Kollageeni/liha-proteeinisuhde | E10: Collagen/meat protein ratio | F10: Identifies the percentage of collagen in the total meat protein. | H10: X | I10: 3.1.36
A11: FAT | B11: Rasvapitoisuus | E11: Fat | F11: Identifies the fat naturally contained in the product, usually expressed as a percentage of the total mass. | H11: X | I11: 3.1.36
A12: FRUIT | B12: Hedelmäpitoisuus | E12: Fruit | F12: Identifies the fruits contained in the product. | H12: X | I12: 3.1.36
A13: VEGETABLE | B13: Kasvispitoisuus | E13: Vegetable | F13: Identifies the vegetables contained in the product. | H13: X | I13: 3.1.36

Sheet cfpMethodologyCode
A1: Attribute Id | B1: 7048 | C1: CfpMethodologyCode | D1: Back to the Attributes | E1: Back to the Definitions and instructions
A2: BMS Id | B2: 8742 | C2: Laskentamenetelmä
A5: Code | B5: Code name Finnish | C5: Selite | D5: Ohje | E5: Code name English | F5: Definition English | G5: Code name Swedish | H5: Used in Finland | I5: Started | J5: Changed | K5: Deleted | L5: Muutos | M5: Last update notification
A6: CARBON_FOOTPRINT_STANDARD | B6: Carbon footprint standard (ISO 14067) | C6: Tuotekohtainen arvo, joka perustuu hiilijalanjälkistandardiin (ISO 14067). | E6: Carbon footprint standard | F6: Product-specific value, based on carbon footprint standard (ISO 14067). | G6: Carbon footprint standard | H6: X | I6: 3.1.31
A7: ENVIMAT | B7: ENVIMAT | C7: Tuoteryhmän arvo ENVIMATiin perustuvasta panos-tuotostutkimuksesta Suomessa (Nissinen ym. 2019, SYKEra 15/2019). | E7: ENVIMAT | F7: Value for the product-group from an input-output study, based on ENVIMAT in Finland (Nissinen et al. 2019, SYKEra 15/2019). | G7: ENVIMAT | H7: X | I7: 3.1.31
A8: EPD | B8: EPD | C8: Ympäristötuoteseloste (EPD). | E8: EPD | F8: Environmental Product Declaration (EPD). | G8: EPD | H8: X | I8: 3.1.31
A9: GHG_PROTOCOL | B9: Greenhouse Gas (GHG) Protocol | C9: Tuotteen elinkaaren kirjanpito- ja raportointistandardia voidaan käyttää ymmärtämään tuotteen koko elinkaaren päästöjä ja keskittämään ponnistelut suurimpiin kasvihuonekaasujen vähennysmahdollisuuksiin. | E9: Greenhouse Gas (GHG) Protocol | F9: The Product Life Cycle Accounting and Reporting Standard can be used to understand the full life cycle emissions of a product and focus efforts on the greatest Greenhouse Gas (GHG) reduction opportunities. | G9: Greenhouse Gas (GHG) Protocol | H9: X | I9: 3.1.31
A10: ISO_14064 | B10: ISO 14064 | C10: ISO 14064 -standardissa määritellään vaatimukset kasvihuonekaasujen validoijien/todentajien valinnalle, varmuustason, tavoitteiden, kriteerien ja soveltamisalan määrittämiselle, validointi-/todentamismenetelmän määrittämiselle, kasvihuonekaasutietojen, tietojärjestelmien, tietojärjestelmien ja valvonnan arvioinnille, kasvihuonekaasuja koskevien väitteiden arvioinnille ja validointi-/todentamislausuntojen laatimiselle. | E10: ISO 14064 | F10: ISO 14064 specifies requirements for selecting Greenhouse Gas (GHG) validators/verifiers, establishing the level of assurance, objectives, criteria and scope, determining the validation/verification approach, assessing GHG data, information, information systems and controls, evaluating GHG assertions and preparing validation/verification statements. | G10: ISO 14064 | H10: X | I10: 3.1.31
A11: OTHER | B11: Muu | C11: Vakiolaskentamenetelmä, jota ei ole tällä hetkellä valittavissa | E11: Not classified | F11: A standard calculation method, not classified in the codelist. | G11: Inte klassificerad | H11: X | I11: 3.1.31
A12: PCR | B12: PCR | C12: Product category rules | E12: PCR | F12: Product Category Rules. | G12: PCR | H12: X | I12: 3.1.31
A13: PCR_EDF | B13: PCR EDF | C13: Tuotekohtainen arvo, joka perustuu ympäristötuoteselostejärjestelmän (EPD) tuoteryhmäsääntöön (PCR). | E13: PCR EDF | F13: Product-specific value, based on Product Category Rule (PCR) of an Environmental Product Declaration (EPD) system. | G13: PCR EDF | H13: X | I13: 3.1.31
A14: PEF | B14: PEF | C14: Tuotteen ympäristöjalanjälkeä (Product Environmental Footprint, PEF) koskevassa menetelmässä noudatetaan Euroopan komission julkaisemia PEF-ohjeita ja, jos sellaisia on saatavilla, erityisiä ryhmäsääntöjä. | E14: PEF | F14: The Product Environmental Footprint (PEF) methodology is performed following the PEF guidelines published by the European Commission and, if available, specific category rules (PEFCRs). | G14: PEF | H14: X | I14: 3.1.31
A15: RECIPE | B15: ReCiPe | C15: Perustuu National Institute for Public Health and Environment (RIVM), Institute of Environmental Sciences (CML), Product Category Rule (PCR) -sääntöön. | E15: ReCiPe | F15: Based on National Institute for Public Health and the Environment (RIVM), Institute of Environmental Sciences (CML), Product Category Rule (PCR). | G15: ReCiPe | H15: X | I15: 3.1.31
A16: LI_SVDH | B16: Li/SvDH | C16: Menetelmä on Livsmedelsföretagenin (Li) ja Svensk Dagligvaruhandelin (SvDH) kehittämä, ja se perustuu RISE:n (Research Institutes of Sweden AB) raporttiin sekä vakiintuneisiin standardeihin. Lähestymistapa hyödyntää seulontatason elinkaariarviointia (LCA) kehdosta portille -rajauksella, kattaen kuljetuksen, pakkaamisen ja prosessointivaiheet. | E16: Li/SvDH | F16: A methodology developed by Livsmedelsföretagen (Li) and Svensk Dagligvaruhandel (SvDH), based on a report and established standards from RISE (Research Institutes of Sweden AB). The approach employs a screening Life Cycle Assessment (LCA) from cradle to gate, encompassing transport, packaging, and processing stages. | G16: Li/SvDH | H16: X | I16: 3.1.35
A17: ECOBEAUTYSCORE | B17: EcoBeautyScore | E17: EcoBeautyScore | G17: EcoBeautyScore | H17: X | I17: 3.1.37
A18: EN_15804 | B18: EN 15804 | E18: EN 15804 | G18: EN 15804 | H18: X | I18: 3.1.37
A19: GLEC | B19: Global Logistics Emissions Council (GLEC) | E19: Global Logistics Emissions Council (GLEC) | G19: Global Logistics Emissions Council (GLEC) | H19: X | I19: 3.1.37
A20: ILCD | B20: International Reference Life Cycle Data System (ILCD) | E20: International Reference Life Cycle Data System (ILCD) | G20: International Reference Life Cycle Data System (ILCD) | H20: X | I20: 3.1.37
A21: IO_MODEL | B21: Input-output (IO) model | E21: Input-output (IO) model | G21: Input-output (IO) model | H21: X | I21: 3.1.37
A22: IPCC | B22: Intergovernmental Panel on Climate Change (IPCC) | E22: Intergovernmental Panel on Climate Change (IPCC) | G22: Intergovernmental Panel on Climate Change (IPCC) | H22: X | I22: 3.1.37
A23: ISO_14025 | B23: ISO 14025 | E23: ISO 14025 | G23: ISO 14025 | H23: X | I23: 3.1.37
A24: ISO_14040_44 | B24: ISO 14040/44 | E24: ISO 14040/44 | G24: ISO 14040/44 | H24: X | I24: 3.1.37
A25: PACT | B25: Partnership for Carbon Transparency (PACT) | E25: Partnership for Carbon Transparency (PACT) | G25: Partnership for Carbon Transparency (PACT) | H25: X | I25: 3.1.37
A26: TFS | B26: Together for Sustainability (TfS) | E26: Together for Sustainability (TfS) | G26: Together for Sustainability (TfS) | H26: X | I26: 3.1.37

Sheet cfpValueUoM
A1: Attribute Id | B1: 7046 | C1: CfpValueVerificationMeasurementUnitCode | D1: Back to the Attributes | E1: Back to the Definitions and instructions
A2: BMS Id | B2: 8736 | C2: Hiilijalanjälkiarvon mittayksiköt
A5: Code | B5: Code name Finnish | C5: Selite | D5: Ohje | E5: Code name English | F5: Definition English | G5: Code name Swedish | H5: Used in Finland | I5: Started | J5: Changed | K5: Deleted | L5: Muutos | M5: Last update notification
A6: EUR_CO2_EQ_PER_KG | B6: Euro CO2eq per kg | E6: Euro CO2eq per kg | F6: Euro CO2 equivalent per kilogram. | G6: Euro CO2eq per kg | H6: X | I6: 3.1.31
A7: KG_CO2_EQ_PER_100G | B7: Kg CO2eq per 100 g | E7: Kg CO2eq per 100 g | F7: Kilogram CO2 equivalent per 100 gram. | G7: Kg CO2eq per 100 g | H7: X | I7: 3.1.31
A8: KG_CO2_EQ_PER_100ML | B8: Kg CO2eq per 100 ml | E8: Kg CO2eq per 100 ml | F8: Kilogram CO2 equivalent per 100 millilitre. | G8: Kg CO2eq per 100 ml | H8: X | I8: 3.1.31
A9: KG_CO2_EQ_PER_FU | B9: Kg CO2eq per functional unit | E9: Kg CO2eq per functional unit | F9: Kilogram CO2 equivalent per functional unit. | G9: Kg CO2eq per funktionell enhet | H9: X | I9: 3.1.31
A10: KG_CO2_EQ_PER_KG | B10: Kg CO2eq per kg | E10: Kg CO2eq per kg | F10: Kilogram CO2 equivalent per kilogram. | G10: Kg CO2eq per kg | H10: X | I10: 3.1.31

Sheet cfpValueVerificationCode
A1: Attribute Id | B1: 7043 | C1: CfpValueVerificationCode | D1: Back to the Attributes | E1: Back to the Definitions and instructions
A2: BMS Id | B2: 8731 | C2: Verifioinnin tyyppi
A5: Code | B5: Code name Finnish | C5: Selite | D5: Ohje | E5: Code name English | F5: Definition English | G5: Code name Swedish | H5: Used in Finland | I5: Started | J5: Changed | K5: Deleted | L5: Muutos | M5: Last update notification
A6: EXTERNAL_VERIFICATION | B6: Ulkoinen vahvistus | C6: Arvot on varmentanut ulkopuolinen taho. Auktorisoitu autentikoija. | E6: External verification | F6: The values have been verified by an external party. | G6: Extern verifiering | H6: X | I6: 3.1.31
A7: NOT_VERIFIED | B7: Ei vahvistettu | C7: Arvot on laskettu raportoidun laskentamenetelmän mukaisesti, mutta niitä ei ole todennettu | E7: Not verified | F7: The values have been calculated according to the reported calculation method, but have not been verified. | G7: Ej verifierad | H7: X | I7: 3.1.31
A8: PEER_REVIEWED | B8: Vertaisarvioitu | C8: Arvot ja menetelmät on tarkistettu sisäisesti tai 3. osapuolen toimesta | E8: Peer reviewed | F8: The values and methodology have been reviewed internally or by 3rd party. | G8: Referentgranskade | H8: X | I8: 3.1.31

Sheet cfpBoundariesCode
A1: Attribute Id | B1: 7045 | C1: CfpBoundariesCode | D1: Back to the Attributes | E1: Back to the Definitions and instructions
A2: BMS Id | B2: 8734 | C2: Elinkaaren vaihe
A5: Code | B5: Code name Finnish | C5: Selite | D5: Ohje | E5: Code name English | F5: Definition English | G5: Code name Swedish | H5: Used in Finland | I5: Started | J5: Changed | K5: Deleted | L5: Muutos | M5: Last update notification
A6: CRADLE_TO_CONSUMPTION | B6: Raaka-aineesta kulutukseen | E6: Cradle to consumption | F6: Total amount of CO2 emission from a life cycle assessment (LCA) model that assesses a product’s environmental footprint from raw materials extraction until it is consumed. (PEF guidance, the European Commission 2021b) | G6: Vagga till konsumtion | H6: X | I6: 3.1.31
A7: CRADLE_TO_GATE | B7: Raaka-aineesta tehtaan portille | E7: Cradle to gate | F7: Total amount of CO2 emission from a life cycle assessment (LCA) model that assesses a product’s environmental footprint from raw materials extraction until it leaves the factory gate. | G7: Vagga till grind | H7: X | I7: 3.1.31
A8: CRADLE_TO_GRAVE | B8: Raaka-aineesta hävitykseen | C8: Kaikkien tuotteen elinkaaren vaiheiden arvo | E8: Cradle to grave | F8: Total amount of CO2 emission from a life cycle assessment (LCA) model that assesses a product’s environmental footprint from raw materials extraction until its disposal, including manufacturing, transportation, product use. | G8: Vagga till grav | H8: X | I8: 3.1.31
A9: END_OF_LIFE | B9: Hävitys | E9: End of life | F9: The emission of the product when it is disposed, recycled, recovered after use. | G9: Bortskaffande | H9: X | I9: 3.1.31
A10: MANUFACTURING | B10: Valmistus | E10: Manufacturing | F10: The emissions resulting from the manufacturing/production of the product. | G10: Tillverkning | H10: X | I10: 3.1.31
A11: RAW_MATERIALS | B11: Raaka-aine | E11: Raw materials | F11: The emissions resulting from the production/extraction, packaging, storage, warehousing and transportation of raw materials. | G11: Råvara | H11: X | I11: 3.1.31
A12: TRANSPORT_FINAL_PRODUCT | B12: Lopputuotteen kuljetus | E12: Transport of final product | F12: The emissions resulting from the distribution of the product to the retail network or to downstream stakeholders. This stage includes transport of the final product and its packaging, storage and warehousing. | G12: Transport av slutprodukt | H12: X | I12: 3.1.31
A13: USE | B13: Käyttö / Kulutus | E13: Use | F13: The emissions of the product when used by the consumer. | G13: Användning / förbrukning | H13: X | I13: 3.1.31
A14: INBOUND_LOGISTICS | B14: Saapuva / sisäinen logistiikka | E14: Inbound logistics | G14: Inkommande logistik | H14: X | I14: 3.1.37

Sheet cfpAccountingCode
A1: Attribute Id | B1: 7049 | C1: CfpAccountingCode | D1: Back to the Attributes | E1: Back to the Definitions and instructions
A2: BMS Id | B2: 8744 | C2: Elinkaariarvoinnin tyyppi
A5: Code | B5: Code name Finnish | C5: Selite | D5: Ohje | E5: Code name English | F5: Definition English | G5: Code name Swedish | H5: Used in Finland | I5: Started | J5: Changed | K5: Deleted | L5: Muutos | M5: Last update notification
A6: ATTRIBUTIONAL | B6: Attributioonalinen (ALCA) | E6: Attributional | F6: An attributional life cycle assessment (ALCA) is focusing on describing, assessing and quantifying environmentally relevant physical flows of specific life cycle(s) and its subsystems. An ALCA gives an estimate of what part of the global environmental burdens belongs to the study object. An ALCA does not include environmental benefits or other indirect consequences that arise outside the life cycle of the investigated product. | G6: Attributionell | H6: X | I6: 3.1.31
A7: CONSEQUENTIAL | B7: Seurauselinkaariarviointi (CLCA) | E7: Consequential | F7: A consequential life cycle assessment (CLCA) is focusing on describing, assessing and quantifying environmentally relevant flows and how they will change in response to possible decisions. A CLCA gives an estimate of how the production and use of the study object affect the global environmental burdens. For example, an increased use of a material in the studied system can lead to less material being used in other systems. | G7: Konsekvensmässig | H7: X | I7: 3.1.31

Sheet AlcoholBeverageDistilledFromCod
A1: Attribute Id | B1: 4682 | C1: AlcoholBeverageDistilledFromCodeList | D1: Back to the Attributes | E1: Back to the Definitions and instructions
A2: BMS Id | B2: 6318 | C2: Tisleen raaka-aine
A5: Code | B5: Code name Finnish | C5: Selite | D5: Ohje | E5: Code name English | F5: Definition English | G5: Code name Swedish | H5: Used in Finland | I5: Started | J5: Changed | K5: Deleted | L5: Muutos | M5: Last update notification
A6: APPLE | B6: Omena | E6: Apple | G6: Äpple | H6: X | I6: 3.1.31
A7: BARLEY | B7: Ohra | E7: Barley | G7: Korn | H7: X | I7: 3.1.31
A8: CORN | B8: Maissi | E8: Corn | G8: Majs | H8: X | I8: 3.1.31
A9: GRAIN | B9: Vilja | E9: Grain | G9: Spannmål | H9: X | I9: 3.1.31
A10: GRAPE | B10: Rypäle | E10: Grape | G10: Druva | H10: X | I10: 3.1.31
A11: HONEY | B11: Hunaja | E11: Honey | G11: Honung | H11: X | I11: 3.1.31
A12: HOPS | B12: Humala | E12: Hops | G12: Humle | H12: X | I12: 3.1.31
A13: MALT | B13: Mallas | E13: Malt | G13: Malt | H13: X | I13: 3.1.31
A14: MILK | B14: Maito | E14: Milk | G14: Mjölk | H14: X | I14: 3.1.31
A15: MOLASSES | B15: Melassi | E15: Molasses | G15: Melass | H15: X | I15: 3.1.31
A16: OATS | B16: Kaura | E16: Oats | G16: Havre | H16: X | I16: 3.1.31
A17: PEAR | B17: Päärynä | E17: Pear | G17: Päron | H17: X | I17: 3.1.31
... A26: UNIDENTIFIED | B26: Määrittelemätön | E26: Unidentified | G26: Oidentifierad | H26: X | I26: 3.1.31
A27: WHEAT | B27: Vehnä | E27: Wheat | G27: Vete

Sheet alcoholBeverageFilteringMet
A1: Attribute Id | B1: 4680 | C1: AlcoholBeverageFilteringMethodTypeCode | D1: Back to the Attributes | E1: Back to the Definitions and instructions
A2: BMS Id | B2: 6316 | C2: Alkoholin suodatusmenetelmä
A5: Code | B5: Code name Finnish | C5: Selite | D5: Ohje | E5: Code name English | F5: Definition English | G5: Code name Swedish | H5: Used in Finland | I5: Started | J5: Changed | K5: Deleted | L5: Muutos | M5: Last update notification
A6: CHARCOAL | B6: Puuhiili | E6: Charcoal | F6: Charcoal | G6: Kol | H6: X | I6: 3.1.31
A7: CHILLED | B7: Jäädytetty | E7: Chilled | F7: Chilled | G7: Kyld | H7: X | I7: 3.1.31
A8: NON_CHILLED | B8: Ei jäädytetty | E8: Non-Chilled | F8: Non-Chilled | G8: Ej kyld | H8: X | I8: 3.1.31
A9: OTHER | B9: Muu | E9: Other | F9: Other | G9: Övriga | H9: X | I9: 3.1.31
A10: UNFILTERED | B10: Suodattamaton | E10: Unfiltered | F10: Unfiltered is not having been passed through a filter. | G10: Ofiltrerad | H10: X | I10: 3.1.31

Sheet BeerStyleCodeList
A1: Attribute Id | B1: 4679 | C1: BeerStyleCode | D1: Back to the Attributes | E1: Back to the Definitions and instructions
A2: BMS Id | B2: 6315 | C2: Oluen tyyppi
A5: Code | B5: Code name Finnish | C5: Selite | D5: Ohje | E5: Code name English | F5: Definition English | G5: Code name Swedish | H5: Used in Finland | I5: Started | J5: Changed | K5: Deleted | L5: Muutos | M5: Last update notification
A6: AMERICAN_STYLE_AMBER_RED_ALE | B6: American Style Amber/Red Ale | E6: American Style Amber/Red Ale | F6: Amber ale is a pale ale brewed with a proportion of amber malt and sometimes crystal malt to produce an amber colour generally ranging from light copper to light brown. | G6: American Style Amber/Red Ale | H6: X | I6: 3.1.31
A7: AMERICAN_STYLE_BARLEY_WINE_ALE | B7: American Style Barley Wine Ale | E7: American Style Barley Wine Ale | F7: American Style Barley wine ale is a style of strong ale, crafted originally in America, of between 6 11% alcohol by volume. | G7: American Style Barley Wine Ale | H7: X | I7: 3.1.31
A8: AMERICAN_STYLE_BROWN_ALE | B8: American Style Brown Ale | E8: American Style Brown Ale | F8: American Style Brown ales are a style of beer, crafted originally in America, with a dark amber or brown colour. Brown ales are lightly hopped and brewed from 100% brown malt. | G8: American Style Brown Ale | H8: X | I8: 3.1.31
A9: AMERICAN_STYLE_CREAM_ALE | B9: American Style Cream Ale | E9: American Style Cream Ale | F9: American Style Cream ale is light in colour and are well attenuated, crafted originally in America. | G9: American Style Cream Ale | H9: X | I9: 3.1.31
A10: AMERICAN_STYLE_FRUIT_BEER | B10: American Style Fruit Beer | E10: American Style Fruit Beer | F10: Most fruit beers are ales however, they typically do not carry an ale character. In order to allow for the fruit flavour to come through nicely, the malt’s flavour is not dominant and there is a low bitterness level to the beer. | G10: American Style Fruit Beer | H10: X | I10: 3.1.31
A11: AMERICAN_STYLE_IMPERIAL_PORTER | B11: American Style Imperial Porter | E11: American Style Imperial Porter | F11: Imperial porter is a dark style of beer from well-hopped beers made from brown malt. | G11: American Style Imperial Porter | H11: X | I11: 3.1.31
A12: AMERICAN_STYLE_IMPERIAL_STOUT | B12: American Style Imperial Stout | E12: American Style Imperial Stout | F12: American Style Imperial stout is a strong dark beer, originally crafted in America. Imperial stouts have a high alcohol content, usually over 9% abv, and are among the darkest available beer styles. | G12: American Style Imperial Stout | H12: X | I12: 3.1.31
A13: AMERICAN_STYLE_INDIA_PALE_ALE | B13: American Style India Pale Ale | E13: American Style India Pale Ale | F13: American Style India Pale Ale (IPA) is a style of pale ale, originally crafted in America. The colour of an IPA can vary from a light gold to a reddish amber. | G13: American Style India Pale Ale | H13: X | I13: 3.1.31
A14: AMERICAN_STYLE_LAGER | B14: American Style Lager | E14: American Style Lager | F14: American Style Lager is a type of beer, originally crafted in America, conditioned at low temperatures. Lagers can be pale, amber, or dark. Pale lager is the most widely consumed and commercially available style of beer. | G14: American Style Lager | H14: X | I14: 3.1.31
A15: AMERICAN_STYLE_MALT_LIQUOR | B15: American Style Malt Liquor | E15: American Style Malt Liquor | F15: Malt liquor, in North America, is beer with high alcohol content. Legally, it often includes any alcoholic beverage with 5% or more alcohol by volume made with malted barley. | G15: American Style Malt Liquor | H15: X | I15: 3.1.31
A16: AMERICAN_STYLE_PALE_ALE | B16: American Style Pale Ale | E16: American Style Pale Ale | F16: American Style Pale ale is a top fermented beer, crafted originally in America, made with predominantly pale malt. The highest proportion of pale malts results in a lighter colour. | G16: American Style Pale Ale | H16: X | I16: 3.1.31
A17: AMERICAN_STYLE_PILSNER | B17: American Style Pilsner | E17: American Style Pilsner | F17: American Style Pilsners are made with neutral and hard water. They tend to be golden in colour with a dry, crisp, and somewhat bitter flavour. Pilsner stands out from other lagers due to its more distinctive hop taste. | G17: American Style Pilsner | H17: X | I17: 3.1.31
... A142: SAHTI | B142: Sahti | E142: Sahti | F142: Sahti is a traditional Finnish unfiltered beer brewed with fresh yeast. The raw materials used are mainly barley malt and, in small quantities, rye malt, and sometimes wheat and oats. | G142: Sahti | H142: X | I142: 3.1.33

Sheet CertificationStandard
A1: Attribute Id | B1: 245 | C1: CertificationStandard | D1: Back to the Attributes | E1: Back to the Definitions and instructions
A2: BMS Id | B2: 667 | C2: Sertifioinnin kohde
A5: Code | B5: Code name Finnish | C5: Selite | D5: Ohje | E5: Code name English | F5: Definition English | G5: Code name Swedish | H5: Used in Finland | I5: Started | J5: Changed | K5: Deleted | L5: Muutos | M5: Last update notification
A6: PACKAGING | B6: Pakkaus | C6: Sertifiointi kohdistuu ainoastaan tuotteen pakkaukseen | E6: Packaging | G6: Förpackning | H6: X | I6: 3.1.29
A7: PRODUCT | B7: Tuote | C7: Sertifiointi kohdistuu koko tuotteeseen | E7: Product | G7: Produkt | H7: X | I7: 3.1.29
A8: RAW_MATERIAL | B8: Raaka-aine | C8: Sertifiointi kohdistuu yksittäiseen raaka-aineeseen | E8: Raw material | G8: Råmaterial | H8: X | I8: 3.1.29

Sheet BitternessOfBeerMeasuremenU
A1: Attribute Id | B1: 4831 | C1: BitternessOfBeerMeasurementUnitCodeList | D1: Back to the Attributes | E1: Back to the Definitions and instructions
A2: BMS Id | B2: 570 | C2: Oluen katkeruus - mittayksiköt
A5: Code | B5: Code name Finnish | C5: Selite | D5: Ohje | E5: Code name English | F5: Definition English | G5: Code name Swedish | H5: Used in Finland | I5: Started | J5: Changed | K5: Deleted | L5: Muutos | M5: Last update notification
A6: EBU | B6: EBU | C6: European Bitterness Units | D6: Ilmaisee oluen katkeruusasteen tunnistamiseen IBU- ja/tai EBU-yksiköissä. | E6: European Bitterness Units | G6: EBU | H6: X | I6: 3.1.31
A7: IBU | B7: IBU | C7: International Bitterness Units | D7: Ilmaisee oluen katkeruusasteen tunnistamiseen IBU- ja/tai EBU-yksiköissä. | E7: International Bitterness Units | G7: IBU | H7: X | I7: 3.1.31

Sheet Additional…SystemCode
A1: Attribute id | B1: 3132 | C1: AdditionalTradeItemClassificationSystemCode | E1: Back to the Attributes | F1: Back to the Attributes | H1: This sheet contains 3 Finland specific codelists FI_ValviraQualityClassCode FI_ValviraPackagingCode FI_ValviraProductCategoryCode
A2: BMS Id | B2: 173 | C2: Lisäluokittelu
A5: Luokittelu Classification | B5: Code | C5: Code name Finnish | D5: Selite | E5: Ohje | F5: Code name English | G5: Definition English | H5: Code name Swedish | I5: Used in Finland | J5: Started | K5: Changed | L5: Deleted | M5: Muutos | N5: Last update notification
A6: LVV Laatuluokittelu viineille
A7: LVV Quality Class Code for wines
B8: 1 | C8: Pöytäviini (poistuva) | F8: Table wine (to be removed) | I8: X | K8: 3.1.29.2 | M8: Nimi muuttuu - lisätään poistuva-tieto | N8: To be restricted
B9: 2 | C9: Viini, jolla on SMM-merkintä | F9: Wine with a PGI label | I9: X | K9: 3.1.29.2 | M9: Nimi muuttuu | N9: Name changed
B10: 3 | C10: Viini, jolla on SAN-merkintä | F10: Wine with a PDO label | I10: X | K10: 3.1.29.2 | M10: Nimi muuttuu | N10: Name changed
B11: 4 | C11: Viini, jolla ei ole SAN- tai SMM-merkintää | F11: Wine without a PDO or PGI label | I11: X | K11: 3.1.29.2 | M11: Nimi muuttuu | N11: Name changed
B12: 5 | C12: EU:n ulkopuolelta tuleva viini | F12: Wine from outside of EU | I12: X
B13: 6 | C13: Rypälelajikeviini, jolla ei ole SAN- tai SMM-merkintää | F13: Varietal wine without a PDO or PGI label | I13: X | J13: 3.1.29.2 | M13: Uusi koodi | N13: New code
B14: UNSPECIFIED | C14: Määrittelemätön | F14: Unspecified | I14: X
A16: LVV pakkauskoodi
A17: LVV Packaging Code
B18: 10 | C18: Kotimainen tuote- kotimaassa astioitu -muu | F18: Finnish product - Packed in Finland - other | I18: X
B19: 11 | C19: Kotimainen tuote- kotimaassa astioitu -lasipullo | F19: Finnish product - Packed in Finland - glass bottle | I19: X
B20: 12 | C20: Kotimainen tuote- kotimaassa astioitu - tölkki (metalli) | F20: Finnish product - Packed in Finland - can (metal) | I20: X
B21: 13 | C21: Kotimainen tuote- kotimaassa astioitu - kartonkipakkaus | F21: Finnish product - Packed in Finland - carton | I21: X
B22: 14 | C22: Kotimainen tuote- kotimaassa astioitu - keg | F22: Finnish product - Packed in Finland - keg | I22: X
B23: 15 | C23: Kotimainen tuote- kotimaassa astioitu - kanisteri | F23: Finnish product - Packed in Finland - canister | I23: X
B24: 16 | C24: Kotimainen tuote- kotimaassa astioitu - tynnyri | F24: Finnish product - Packed in Finland - barrel | I24: X
B25: 17 | C25: Kotimainen tuote- kotimaassa astioitu - muovipullo | F25: Finnish product - Packed in Finland - plastic bottle | I25: X
B26: 18 | C26: Kotimainen tuote- kotimaassa astioitu - bulkkituote (irtotavara) | F26: Finnish product - Packed in Finland - bulk | I26: X
B27: 19 | C27: Kotimainen tuote- kotimaassa astioitu - bag in box | F27: Finnish product - Packed in Finland - bag in box | I27: X
B28: 20 | C28: Kotimainen tuote - ulkomailla astioitu- muu | F28: Finnish product - Packaged outside Finland - other | I28: X
B29: 21 | C29: Kotimainen tuote - ulkomailla astioitu- lasipullo | F29: Finnish product - Packaged outside Finland - glass bottle | I29: X
... B67: 59 | C67: Kotimainen lisenssituote - bag in box | F67: Finnish product license - bag in box | I67: X
B68: UNSPECIFIED | C68: Määrittelemätön | F68: Unspecified | I68: X
A70: LVV Tuoteryhmä
A71: LVV Product Category Code
B72: 43060 | C72: Rommi, taffia, cachaca | F72: Rum, taffia, cachaca | I72: X | K72: 3.1.29.2 | M72: Nimimuutos Cachaca -lisätty | N72: Name changed
B73: 22080 | C73: Maustettu viini ja maustettu viinipohjainen juoma | F73: Flavoured wine and flavoured wine-based beverage | I73: X | K73: 3.1.29.2 | M73: Nimimuutos | N73: Name changed
B74: 24000 | C74: Punaviini myös punaviini, alkoholi poistettu osittain | F74: Red wine also red wine, alcohol partially removed | I74: X | K74: 3.1.29.2 | M74: Nimimuutos | N74: Name changed
B75: 24010 | C75: Rose/blushviini myös roseviini, alkoholi poistettu osittain | F75: Rose/blush wine also rose wine, alcohol partially removed | I75: X | K75: 3.1.29.2 | M75: Nimimuutos | N75: Name changed
B76: 24020 | C76: Valkoviini myös valkoviini, alkoholi poistettu osittain | F76: White wine also white wine, alcohol partially removed | I76: X | K76: 3.1.29.2 | M76: Nimimuutos | N76: Name changed
B77: 24030 | C77: Kuohuviini myös kuohuviini, alkoholi poistettu osittain | F77: Sparkling wine also sparkling wine, alcohol partially removed | I77: X | K77: 3.1.29.2 | M77: Nimimuutos | N77: Name changed
B78: 43091 | C78: Verotuksessa viineinä pidettävä | F78: Taxed as wines | I78: X | K78: 3.1.29.2 | M78: Nimimuutos | N78: Name changed
B79: 43092 | C79: Mieto juomasekoitus < 15 til-% | F79: Mild mixed drinks < 15 vol-% | I79: X | K79: 3.1.29.2 | M79: Nimimuutos | N79: Name changed
